Workbook
Name Kennedy: upz!$H$2:$H$13
Name Otra: upz!$T$5
Name Suba: upz!$K$2:$K$13
Name Chapinero: upz!$B$2:$B$6
Name Fontibón: upz!$I$2:$I$9
Name RafaelUribe: upz!$R$2:$R$6
Name Usaquén: upz!$A$2:$A$10
Name PuenteAranda: upz!$P$2:$P$6
Name Engativá: upz!$J$2:$J$10
Name N_A: upz!$Z$2
Name Internacional: upz!$Y$2
Name Noaplica: upz!$Z$2
Name Tunjuelito: upz!$F$2:$F$3
Name SantaFe: upz!$C$2:$C$6
Name CiudadBolivar: upz!$S$2:$S$9
Name Distrital: upz!$V$2
Name LosMártires: upz!$N$2:$N$3
Name BarriosUnidos: upz!$L$2:$L$5
Name Usme: upz!$E$2:$E$8
Name SanCristobal: upz!$D$2:$D$6
Name Region: upz!$W$2
Name AntonioNariño: upz!$O$2:$O$3
Name Nacion: upz!$X$2
Name Teusaquillo: upz!$M$2:$M$7
Name Candelaria: upz!$Q$2
Name Sumapaz: upz!$T$2
Name Entidad: upz!$U$2
Name Bosa: upz!$G$2:$G$6

Sheet Respuestas de formulario 4
A1: Marca temporal | B1: Nombre de actividad | C1: Descripción de la actividad | D1: Modalidad de la actividad | E1: Dimensión / Proceso | F1: Programa | G1: LINEA | H1: Tipología actividad | I1: Número de actividades | J1: Fecha de inicio realización | K1: Fecha final realización | L1: Franja horaria | M1: Hora de realización | N1: Enfoque poblacional diferencial | O1: ¿La actividad(es) cuenta con enfoque diferencial étnico? | P1: Actividad proceso a corto plazo | Q1: PLAN INTEGRAL DE ACCIONES AFIRMATIVAS (PIAA) - MEDIANO PLAZO | R1: POLÍTICA PÚBLICA - LARGO PLAZO | S1: PUEBLO ÉTNICAMENTE DIFERENCIAL | T1: Si selecciona pueblo y/o comunidad indígena que se beneficia con el desarrollo de la actividad, seleccione | U1: Forma organizativa de Pueblo Rrom - Gitano al que pertenece en la ciudad | V1: Perspectiva de Género, Mujer, Familia y Generación | W1: Vocación poblacional del público asistente | X1: Lugar del escenario | Y1: Espacio público | Z1: Capacidad / aforo | AA1: Localidad | AB1: UPZ / UPR | AC1: Barrio | AD1: Impacto territorial | AE1: Origen de la iniciativa | AF1: Modalidad de uso del espacio | AG1: Evento gratuito o pago | AH1: Dirección | AI1: Dirección de correo electrónico | AJ1: MES | AK1: APOYO CONCERTADO
A2: 45843.564 | B2: FUNCION ARTISTICA | C2: PRESENTACION ARTISTICA EN EL MARCO DEL 7° FESTIVAL TALENTOS | D2: Presencial | E2: Circulación | F2: Opción 1 | G2: Proyectos locales e interlocales | H2: Presentación artística | I2: 1 | J2: 45849 | K2: 45849 | L2: A.M. | M2: 0.41666667 | N2: Sin enfoque poblacional | O2: No | X2: FUNDACION ESPACIOS DE VIDA | Y2: NO | Z2: 50 | AA2: 8. Kennedy | AB2: 82 | AC2: PATIO BONITO 3 | AD2: Local | AE2: PRIVADO | AF2: ARRENDAMIENTO | AG2: Gratuito | AH2: CARRERA 88 F BIS # 0-63 | AI2: info.espaciosdevida@gmail.com
A3: 45843.573 | B3: TALLER DE MÚSICA | C3: Taller de Música del proceso formativo de la escuela de formación artística Talentos 2025: 27 sesiones, 2 sesiones semanales de 3 horas catedra cada una. | D3: Presencial | E3: Formación | F3: Opción 1 | G3: Proyectos locales e interlocales | H3: Taller | I3: 1 | J3: 45849 | K3: 45948 | L3: P.M. | M3: 0.14583333 | N3: Infancia (6-12 años), Adolescencia (13-17 años) | O3: No | X3: FUNDACION ESPACIOS DE VIDA | Y3: NO | Z3: 20 | AA3: 8. Kennedy | AB3: 82 | AC3: PATIO BONITO 3 | AD3: Local | AE3: PRIVADO | AF3: ARRENDAMIENTO | AG3: Gratuito | AH3: CARRERA 88 F BIS # 0-63 | AI3: info.espaciosdevida@gmail.com
A4: 45843.577 | B4: TALLER DE DANZA | C4: Taller de Danza del proceso formativo de la escuela de formación artística Talentos 2025: 27 sesiones, 2 sesiones semanales de 3 horas catedra cada una. | D4: Presencial | E4: Formación | F4: Opción 1 | G4: Proyectos locales e interlocales | H4: Taller | I4: 1 | J4: 45850 | K4: 45956 | L4: A.M. | M4: 0.33333333 | N4: Infancia (6-12 años), Adolescencia (13-17 años) | O4: No | X4: FUNDACION ESPACIOS DE VIDA | Y4: NO | Z4: 20 | AA4: 8. Kennedy | AB4: 82 | AC4: PATIO BONITO 3 | AD4: Local | AE4: PRIVADO | AF4: ARRENDAMIENTO | AG4: Gratuito | AH4: CARRERA 88 F BIS #0-63 | AI4: info.espaciosdevida@gmail.com
A5: 45843.58 | B5: TALLER DE BALLET | C5: Taller de Ballet del proceso formativo de la escuela de formación artística Talentos 2025: 27 sesiones, 2 sesiones semanales de 3 horas catedra cada una. | D5: Presencial | E5: Formación | F5: Opción 1 | G5: Proyectos locales e interlocales | H5: Taller | I5: 1 | J5: 45850 | K5: 45949 | L5: A.M. | M5: 0.4375 | N5: Infancia (6-12 años), Adolescencia (13-17 años) | O5: No | X5: FUNDACION ESPACIOS DE VIDA | Y5: NO | Z5: 20 | AA5: 8. Kennedy | AB5: 82 | AC5: PATIO BONITO 3 | AD5: Local | AE5: PRIVADO | AF5: ARRENDAMIENTO | AG5: Gratuito | AH5: CARRERA 88 F BIS # 0-63 | AI5: info.espaciosdevida@gmail.com
A6: 45843.582 | B6: TALLER DE AUDIOVISUALES | C6: Taller de Audiovisuales del proceso formativo de la escuela de formación artística Talentos 2025: 27 sesiones, 2 sesiones semanales de 3 horas catedra cada una. | D6: Presencial | E6: Formación | F6: Opción 1 | G6: Proyectos locales e interlocales | H6: Taller | I6: 1 | J6: 45850 | K6: 45955 | L6: P.M. | M6: 0.041666667 | N6: Infancia (6-12 años), Adolescencia (13-17 años) | O6: No | X6: FUNDACION ESPACIOS DE VIDA | Y6: NO | Z6: 20 | AA6: 8. Kennedy | AB6: 82 | AC6: PATIO BONITO 3 | AD6: Local | AE6: PRIVADO | AF6: ARRENDAMIENTO | AG6: Gratuito | AH6: CARRERA 88 F BIS # 0-63 | AI6: info.espaciosdevida@gmail.com
A7: 45843.584 | B7: FUNCIÓN ARTÍSTICA | C7: PRESENTACION ARTISTICA EN EL MARCO DEL 7° FESTIVAL TALENTOS | D7: Presencial | E7: Circulación | F7: Opción 1 | G7: Proyectos locales e interlocales | H7: Presentación artística | I7: 1 | J7: 45850 | K7: 45850 | L7: P.M. | M7: 0.27083333 | N7: Sin enfoque poblacional | O7: No | X7: FUNDACION ESPACIOS DE VIDA | Y7: NO | Z7: 50 | AA7: 8. Kennedy | AB7: 82 | AC7: PATIO BONITO 3 | AD7: Local | AE7: PRIVADO | AF7: ARRENDAMIENTO | AG7: Gratuito | AH7: CARRERA 88 F BIS #0-63 | AI7: info.espaciosdevida@gmail.com
A8: 45843.59 | B8: TALLER DE ARTES PLASTICAS | C8: Taller de Artes Plásticas del proceso formativo de la escuela de formación artística Talentos 2025: 27 sesiones, 2 sesiones semanales de 3 horas catedra cada una. | D8: Presencial | E8: Formación | F8: Opción 1 | G8: Proyectos locales e interlocales | H8: Taller | I8: 1 | J8: 45862 | K8: 45946 | L8: P.M. | M8: 0.14583333 | N8: Infancia (6-12 años), Adolescencia (13-17 años) | O8: No | X8: FUNDACION ESPACIOS DE VIDA | Y8: NO | Z8: 20 | AA8: 8. Kennedy | AB8: 82 | AC8: PATIO BONITO 3 | AD8: Local | AE8: PRIVADO | AF8: ARRENDAMIENTO | AG8: Gratuito | AH8: CARRERA 88 F BIS # 0-63 | AI8: info.espaciosdevida@gmail.com
A9: 45843.597 | B9: FUNCION ARTISTICA | C9: PRESENTACION ARTISTICA EN EL MARCO DEL 7° FESTIVAL TALENTOS | D9: Presencial | E9: Circulación | F9: Opción 1 | G9: Proyectos locales e interlocales | H9: Presentación artística | I9: 1 | J9: 45856 | K9: 45856 | L9: A.M. | M9: 0.41666667 | N9: Sin enfoque poblacional | O9: No | X9: FUNDACION ESPACIOS DE VIDA | Y9: NO | Z9: 50 | AA9: 8. Kennedy | AB9: 82 | AC9: PATIO BONITO 3 | AD9: Local | AE9: PRIVADO | AF9: ARRENDAMIENTO | AG9: Gratuito | AH9: CARRERA 88 F BIS #0-63 | AI9: info.espaciosdevida@gmail.com
A10: 45843.599 | B10: FUNCION ARTISTICA | C10: PRESENTACION ARTISTICA EN EL MARCO DEL 7° FESTIVAL TALENTOS | D10: Presencial | E10: Circulación | F10: Opción 1 | G10: Proyectos locales e interlocales | H10: Presentación artística | I10: 1 | J10: 45857 | K10: 45857 | L10: P.M. | M10: 0.27083333 | N10: Sin enfoque poblacional | O10: No | X10: FUNDACION ESPACIOS DE VIDA | Y10: NO | Z10: 50 | AA10: 8. Kennedy | AB10: 82 | AC10: PATIO BONITO 3 | AD10: Local | AE10: PRIVADO | AF10: ARRENDAMIENTO | AG10: Gratuito | AH10: CARRERA 88 F BIS #0-63 | AI10: info.espaciosdevida@gmail.com
A11: 45843.601 | B11: FUNCION ARTISTICA | C11: PRESENTACION ARTISTICA EN EL MARCO DEL 7° FESTIVAL TALENTOS | D11: Presencial | E11: Circulación | F11: Opción 1 | G11: Proyectos locales e interlocales | H11: Presentación artística | I11: 1 | J11: 45863 | K11: 45863 | L11: A.M. | M11: 0.41666667 | N11: Sin enfoque poblacional | O11: No | X11: FUNDACION ESPACIOS DE VIDA | Y11: NO | Z11: 50 | AA11: 8. Kennedy | AB11: 82 | AC11: PATIO BONITO 3 | AD11: Local | AE11: PRIVADO | AF11: ARRENDAMIENTO | AG11: Gratuito | AH11: CARRERA 88 F BIS #0-63 | AI11: info.espaciosdevida@gmail.com
A12: 45843.604 | B12: FUNCION ARTISTICA | C12: PRESENTACION ARTISTICA EN EL MARCO DEL 7° FESTIVAL TALENTOS | D12: Presencial | E12: Circulación | F12: Opción 1 | G12: Proyectos locales e interlocales | H12: Presentación artística | I12: 1 | J12: 45864 | K12: 45864 | L12: P.M. | M12: 0.27083333 | N12: Sin enfoque poblacional | O12: No | X12: FUNDACION ESPACIOS DE VIDA | Y12: NO | Z12: 50 | AA12: 8. Kennedy | AB12: 82 | AC12: PATIO BONITO 3 | AD12: Local | AE12: PRIVADO | AF12: ARRENDAMIENTO | AG12: Gratuito | AH12: CARRERA 88 F BIS #0-63 | AI12: info.espaciosdevida@gmail.com
A13: 45845.389 | B13: TALLER DE ARTES PLASTICAS | C13: Taller de Artes Plásticas del proceso formativo de la escuela de formación artística Talentos 2025: 27 sesiones, 2 sesiones semanales de 3 horas catedra cada una. | D13: Presencial | E13: Formación | F13: Opción 1 | G13: Proyectos locales e interlocales | H13: Taller | I13: 1 | J13: 45853 | K13: 45946 | L13: P.M. | M13: 0.14583333 | N13: Infancia (6-12 años), Adolescencia (13-17 años) | O13: No | X13: FUNDACION ESPACIOS DE VIDA | Y13: NO | Z13: 20 | AA13: 8. Kennedy | AB13: 82 | AC13: PATIO BONITO 3 | AD13: Local | AE13: PRIVADO | AF13: ARRENDAMIENTO | AG13: Gratuito | AH13: CARRERA 88 F BIS #0-63 | AI13: info.espaciosdevida@gmail.com
... A23: 45869.798 | B23: FUNCION ARTISTICA | C23: PRESENTACION ARTISTICA EN EL MARCO DEL 7° FESTIVAL TALENTOS | D23: Presencial | E23: Circulación | F23: Opción 1 | G23: Proyectos locales e interlocales | H23: Presentación artística | I23: 1 | J23: 45899 | K23: 45899 | L23: P.M. | M23: 0.27083333 | N23: Sin enfoque poblacional | O23: No | X23: FUNDACION ESPACIOS DE VIDA | Y23: NO | Z23: 50 | AA23: 8. Kennedy | AB23: 82 | AC23: PATIO BONITO 3 | AD23: Local | AE23: PRIVADO | AF23: ARRENDAMIENTO | AG23: Gratuito | AH23: CARRERA 88 F BIS #0-63 | AI23: info.espaciosdevida@gmail.com

Sheet ORDEN CRONOLOGICO
A1: =IFERROR(__xludf.DUMMYFUNCTION("QUERY('Respuestas de formulario 4'!A:AJ,""SELECT * ORDER BY J ASC"")"),"Marca temporal") -> Marca temporal | B1: =IFERROR(__xludf.DUMMYFUNCTION("""COMPUTED_VALUE"""),"Nombre de actividad") -> Nombre de actividad | C1: =IFERROR(__xludf.DUMMYFUNCTION("""COMPUTED_VALUE"""),"Descripción de la actividad") -> Descripción de la actividad | D1: =IFERROR(__xludf.DUMMYFUNCTION("""COMPUTED_VALUE"""),"Modalidad de la actividad") -> Modalidad de la actividad | E1: =IFERROR(__xludf.DUMMYFUNCTION("""COMPUTED_VALUE"""),"Dimensión / Proceso") -> Dimensión / Proceso | F1: =IFERROR(__xludf.DUMMYFUNCTION("""COMPUTED_VALUE"""),"Programa") -> Programa | G1: =IFERROR(__xludf.DUMMYFUNCTION("""COMPUTED_VALUE"""),"LINEA") -> LINEA | H1: =IFERROR(__xludf.DUMMYFUNCTION("""COMPUTED_VALUE"""),"Tipología actividad") -> Tipología actividad | I1: =IFERROR(__xludf.DUMMYFUNCTION("""COMPUTED_VALUE"""),"Número de actividades") -> Número de actividades | J1: =IFERROR(__xludf.DUMMYFUNCTION("""COMPUTED_VALUE"""),"Fecha de inicio realización") -> Fecha de inicio realización | K1: =IFERROR(__xludf.DUMMYFUNCTION("""COMPUTED_VALUE"""),"Fecha final realización") -> Fecha final realización | L1: =IFERROR(__xludf.DUMMYFUNCTION("""COMPUTED_VALUE"""),"Franja horaria") -> Franja horaria | M1: =IFERROR(__xludf.DUMMYFUNCTION("""COMPUTED_VALUE"""),"Hora de realización") -> Hora de realización | N1: =IFERROR(__xludf.DUMMYFUNCTION("""COMPUTED_VALUE"""),"Enfoque poblacional diferencial") -> Enfoque poblacional diferencial | O1: =IFERROR(__xludf.DUMMYFUNCTION("""COMPUTED_VALUE"""),"¿La actividad(es) cuenta con enfoque diferencial étnico?") -> ¿La actividad(es) cuenta con enfoque diferencial étnico? | P1: =IFERROR(__xludf.DUMMYFUNCTION("""COMPUTED_VALUE"""),"Actividad proceso a corto plazo") -> Actividad proceso a corto plazo | Q1: =IFERROR(__xludf.DUMMYFUNCTION("""COMPUTED_VALUE"""),"PLAN INTEGRAL DE ACCIONES AFIRMATIVAS (PIAA) - MEDIANO PLAZO") -> PLAN INTEGRAL DE ACCIONES AFIRMATIVAS (PIAA) - MEDIANO PLAZO | R1: =IFERROR(__xludf.DUMMYFUNCTION("""COMPUTED_VALUE"""),"POLÍTICA PÚBLICA - LARGO PLAZO") -> POLÍTICA PÚBLICA - LARGO PLAZO | S1: =IFERROR(__xludf.DUMMYFUNCTION("""COMPUTED_VALUE"""),"PUEBLO ÉTNICAMENTE DIFERENCIAL") -> PUEBLO ÉTNICAMENTE DIFERENCIAL | T1: =IFERROR(__xludf.DUMMYFUNCTION("""COMPUTED_VALUE"""),"Si selecciona pueblo y/o comunidad indígena que se beneficia con el desarrollo de la actividad, seleccione") -> Si selecciona pueblo y/o comunidad indígena que se beneficia con el desarrollo de la actividad, seleccione | U1: =IFERROR(__xludf.DUMMYFUNCTION("""COMPUTED_VALUE"""),"Forma organizativa de Pueblo Rrom - Gitano al que pertenece en la ciudad") -> Forma organizativa de Pueblo Rrom - Gitano al que pertenece en la ciudad | V1: =IFERROR(__xludf.DUMMYFUNCTION("""COMPUTED_VALUE"""),"Perspectiva de Género, Mujer, Familia y Generación") -> Perspectiva de Género, Mujer, Familia y Generación | W1: =IFERROR(__xludf.DUMMYFUNCTION("""COMPUTED_VALUE"""),"Vocación poblacional del público asistente") -> Vocación poblacional del público asistente | X1: =IFERROR(__xludf.DUMMYFUNCTION("""COMPUTED_VALUE"""),"Lugar del escenario") -> Lugar del escenario | Y1: =IFERROR(__xludf.DUMMYFUNCTION("""COMPUTED_VALUE"""),"Espacio público") -> Espacio público | Z1: =IFERROR(__xludf.DUMMYFUNCTION("""COMPUTED_VALUE"""),"Capacidad / aforo") -> Capacidad / aforo | AA1: =IFERROR(__xludf.DUMMYFUNCTION("""COMPUTED_VALUE"""),"Localidad") -> Localidad | AB1: =IFERROR(__xludf.DUMMYFUNCTION("""COMPUTED_VALUE"""),"UPZ / UPR") -> UPZ / UPR | AC1: =IFERROR(__xludf.DUMMYFUNCTION("""COMPUTED_VALUE"""),"Barrio") -> Barrio | AD1: =IFERROR(__xludf.DUMMYFUNCTION("""COMPUTED_VALUE"""),"Impacto territorial") -> Impacto territorial | AE1: =IFERROR(__xludf.DUMMYFUNCTION("""COMPUTED_VALUE"""),"Origen de la iniciativa") -> Origen de la iniciativa | AF1: =IFERROR(__xludf.DUMMYFUNCTION("""COMPUTED_VALUE"""),"Modalidad de uso del espacio") -> Modalidad de uso del espacio | AG1: =IFERROR(__xludf.DUMMYFUNCTION("""COMPUTED_VALUE"""),"Evento gratuito o pago") -> Evento gratuito o pago | AH1: =IFERROR(__xludf.DUMMYFUNCTION("""COMPUTED_VALUE"""),"Dirección") -> Dirección | AI1: =IFERROR(__xludf.DUMMYFUNCTION("""COMPUTED_VALUE"""),"Dirección de correo electrónico") -> Dirección de correo electrónico | AJ1: =IFERROR(__xludf.DUMMYFUNCTION("""COMPUTED_VALUE"""),"MES") -> MES
A2: =IFERROR(__xludf.DUMMYFUNCTION("""COMPUTED_VALUE"""),45843.56422085648) -> 45843.564 | B2: =IFERROR(__xludf.DUMMYFUNCTION("""COMPUTED_VALUE"""),"FUNCION ARTISTICA") -> FUNCION ARTISTICA | C2: =IFERROR(__xludf.DUMMYFUNCTION("""COMPUTED_VALUE"""),"PRESENTACION ARTISTICA EN EL MARCO DEL 7° FESTIVAL TALENTOS") -> PRESENTACION ARTISTICA EN EL MARCO DEL 7° FESTIVAL TALENTOS | D2: =IFERROR(__xludf.DUMMYFUNCTION("""COMPUTED_VALUE"""),"Presencial") -> Presencial | E2: =IFERROR(__xludf.DUMMYFUNCTION("""COMPUTED_VALUE"""),"Circulación") -> Circulación | F2: =IFERROR(__xludf.DUMMYFUNCTION("""COMPUTED_VALUE"""),"Opción 1") -> Opción 1 | G2: =IFERROR(__xludf.DUMMYFUNCTION("""COMPUTED_VALUE"""),"Proyectos locales e interlocales") -> Proyectos locales e interlocales | H2: =IFERROR(__xludf.DUMMYFUNCTION("""COMPUTED_VALUE"""),"Presentación artística") -> Presentación artística | I2: =IFERROR(__xludf.DUMMYFUNCTION("""COMPUTED_VALUE"""),1.0) -> 1 | J2: =IFERROR(__xludf.DUMMYFUNCTION("""COMPUTED_VALUE"""),45849.0) -> 45849 | K2: =IFERROR(__xludf.DUMMYFUNCTION("""COMPUTED_VALUE"""),45849.0) -> 45849 | L2: =IFERROR(__xludf.DUMMYFUNCTION("""COMPUTED_VALUE"""),"A.M.") -> A.M. | M2: =IFERROR(__xludf.DUMMYFUNCTION("""COMPUTED_VALUE"""),0.4166666666678793) -> 0.41666667 | N2: =IFERROR(__xludf.DUMMYFUNCTION("""COMPUTED_VALUE"""),"Sin enfoque poblacional") -> Sin enfoque poblacional | O2: =IFERROR(__xludf.DUMMYFUNCTION("""COMPUTED_VALUE"""),"No") -> No | X2: =IFERROR(__xludf.DUMMYFUNCTION("""COMPUTED_VALUE"""),"FUNDACION ESPACIOS DE VIDA") -> FUNDACION ESPACIOS DE VIDA | Y2: =IFERROR(__xludf.DUMMYFUNCTION("""COMPUTED_VALUE"""),"NO") -> NO | Z2: =IFERROR(__xludf.DUMMYFUNCTION("""COMPUTED_VALUE"""),50.0) -> 50 | AA2: =IFERROR(__xludf.DUMMYFUNCTION("""COMPUTED_VALUE"""),"8. Kennedy") -> 8. Kennedy | AB2: =IFERROR(__xludf.DUMMYFUNCTION("""COMPUTED_VALUE"""),82.0) -> 82 | AC2: =IFERROR(__xludf.DUMMYFUNCTION("""COMPUTED_VALUE"""),"PATIO BONITO 3") -> PATIO BONITO 3 | AD2: =IFERROR(__xludf.DUMMYFUNCTION("""COMPUTED_VALUE"""),"Local") -> Local | AE2: =IFERROR(__xludf.DUMMYFUNCTION("""COMPUTED_VALUE"""),"PRIVADO") -> PRIVADO | AF2: =IFERROR(__xludf.DUMMYFUNCTION("""COMPUTED_VALUE"""),"ARRENDAMIENTO") -> ARRENDAMIENTO | AG2: =IFERROR(__xludf.DUMMYFUNCTION("""COMPUTED_VALUE"""),"Gratuito") -> Gratuito | AH2: =IFERROR(__xludf.DUMMYFUNCTION("""COMPUTED_VALUE"""),"CARRERA 88 F BIS # 0-63") -> CARRERA 88 F BIS # 0-63 | AI2: =IFERROR(__xludf.DUMMYFUNCTION("""COMPUTED_VALUE"""),"info.espaciosdevida@gmail.com") -> info.espaciosdevida@gmail.com
A3: =IFERROR(__xludf.DUMMYFUNCTION("""COMPUTED_VALUE"""),45843.57271814815) -> 45843.573 | B3: =IFERROR(__xludf.DUMMYFUNCTION("""COMPUTED_VALUE"""),"TALLER DE MÚSICA") -> TALLER DE MÚSICA | C3: =IFERROR(__xludf.DUMMYFUNCTION("""COMPUTED_VALUE"""),"Taller de Música del proceso formativo de la escuela de formación artística Talentos 2025: 27 sesiones, 2 sesiones semanales de 3 horas catedra cada una.") -> Taller de Música del proceso formativo de la escuela de formación artística Talentos 2025: 27 sesiones, 2 sesiones semanales de 3 horas catedra cada una. | D3: =IFERROR(__xludf.DUMMYFUNCTION("""COMPUTED_VALUE"""),"Presencial") -> Presencial | E3: =IFERROR(__xludf.DUMMYFUNCTION("""COMPUTED_VALUE"""),"Formación") -> Formación | F3: =IFERROR(__xludf.DUMMYFUNCTION("""COMPUTED_VALUE"""),"Opción 1") -> Opción 1 | G3: =IFERROR(__xludf.DUMMYFUNCTION("""COMPUTED_VALUE"""),"Proyectos locales e interlocales") -> Proyectos locales e interlocales | H3: =IFERROR(__xludf.DUMMYFUNCTION("""COMPUTED_VALUE"""),"Taller") -> Taller | I3: =IFERROR(__xludf.DUMMYFUNCTION("""COMPUTED_VALUE"""),1.0) -> 1 | J3: =IFERROR(__xludf.DUMMYFUNCTION("""COMPUTED_VALUE"""),45849.0) -> 45849 | K3: =IFERROR(__xludf.DUMMYFUNCTION("""COMPUTED_VALUE"""),45948.0) -> 45948 | L3: =IFERROR(__xludf.DUMMYFUNCTION("""COMPUTED_VALUE"""),"P.M.") -> P.M. | M3: =IFERROR(__xludf.DUMMYFUNCTION("""COMPUTED_VALUE"""),0.14583333333212067) -> 0.14583333 | N3: =IFERROR(__xludf.DUMMYFUNCTION("""COMPUTED_VALUE"""),"Infancia (6-12 años), Adolescencia (13-17 años)") -> Infancia (6-12 años), Adolescencia (13-17 años) | O3: =IFERROR(__xludf.DUMMYFUNCTION("""COMPUTED_VALUE"""),"No") -> No | X3: =IFERROR(__xludf.DUMMYFUNCTION("""COMPUTED_VALUE"""),"FUNDACION ESPACIOS DE VIDA") -> FUNDACION ESPACIOS DE VIDA | Y3: =IFERROR(__xludf.DUMMYFUNCTION("""COMPUTED_VALUE"""),"NO") -> NO | Z3: =IFERROR(__xludf.DUMMYFUNCTION("""COMPUTED_VALUE"""),20.0) -> 20 | AA3: =IFERROR(__xludf.DUMMYFUNCTION("""COMPUTED_VALUE"""),"8. Kennedy") -> 8. Kennedy | AB3: =IFERROR(__xludf.DUMMYFUNCTION("""COMPUTED_VALUE"""),82.0) -> 82 | AC3: =IFERROR(__xludf.DUMMYFUNCTION("""COMPUTED_VALUE"""),"PATIO BONITO 3") -> PATIO BONITO 3 | AD3: =IFERROR(__xludf.DUMMYFUNCTION("""COMPUTED_VALUE"""),"Local") -> Local | AE3: =IFERROR(__xludf.DUMMYFUNCTION("""COMPUTED_VALUE"""),"PRIVADO") -> PRIVADO | AF3: =IFERROR(__xludf.DUMMYFUNCTION("""COMPUTED_VALUE"""),"ARRENDAMIENTO") -> ARRENDAMIENTO | AG3: =IFERROR(__xludf.DUMMYFUNCTION("""COMPUTED_VALUE"""),"Gratuito") -> Gratuito | AH3: =IFERROR(__xludf.DUMMYFUNCTION("""COMPUTED_VALUE"""),"CARRERA 88 F BIS # 0-63") -> CARRERA 88 F BIS # 0-63 | AI3: =IFERROR(__xludf.DUMMYFUNCTION("""COMPUTED_VALUE"""),"info.espaciosdevida@gmail.com") -> info.espaciosdevida@gmail.com
A4: =IFERROR(__xludf.DUMMYFUNCTION("""COMPUTED_VALUE"""),45843.57745084491) -> 45843.577 | B4: =IFERROR(__xludf.DUMMYFUNCTION("""COMPUTED_VALUE"""),"TALLER DE DANZA") -> TALLER DE DANZA | C4: =IFERROR(__xludf.DUMMYFUNCTION("""COMPUTED_VALUE"""),"Taller de Danza del proceso formativo de la escuela de formación artística Talentos 2025: 27 sesiones, 2 sesiones semanales de 3 horas catedra cada una.") -> Taller de Danza del proceso formativo de la escuela de formación artística Talentos 2025: 27 sesiones, 2 sesiones semanales de 3 horas catedra cada una. | D4: =IFERROR(__xludf.DUMMYFUNCTION("""COMPUTED_VALUE"""),"Presencial") -> Presencial | E4: =IFERROR(__xludf.DUMMYFUNCTION("""COMPUTED_VALUE"""),"Formación") -> Formación | F4: =IFERROR(__xludf.DUMMYFUNCTION("""COMPUTED_VALUE"""),"Opción 1") -> Opción 1 | G4: =IFERROR(__xludf.DUMMYFUNCTION("""COMPUTED_VALUE"""),"Proyectos locales e interlocales") -> Proyectos locales e interlocales | H4: =IFERROR(__xludf.DUMMYFUNCTION("""COMPUTED_VALUE"""),"Taller") -> Taller | I4: =IFERROR(__xludf.DUMMYFUNCTION("""COMPUTED_VALUE"""),1.0) -> 1 | J4: =IFERROR(__xludf.DUMMYFUNCTION("""COMPUTED_VALUE"""),45850.0) -> 45850 | K4: =IFERROR(__xludf.DUMMYFUNCTION("""COMPUTED_VALUE"""),45956.0) -> 45956 | L4: =IFERROR(__xludf.DUMMYFUNCTION("""COMPUTED_VALUE"""),"A.M.") -> A.M. | M4: =IFERROR(__xludf.DUMMYFUNCTION("""COMPUTED_VALUE"""),0.3333333333321207) -> 0.33333333 | N4: =IFERROR(__xludf.DUMMYFUNCTION("""COMPUTED_VALUE"""),"Infancia (6-12 años), Adolescencia (13-17 años)") -> Infancia (6-12 años), Adolescencia (13-17 años) | O4: =IFERROR(__xludf.DUMMYFUNCTION("""COMPUTED_VALUE"""),"No") -> No | X4: =IFERROR(__xludf.DUMMYFUNCTION("""COMPUTED_VALUE"""),"FUNDACION ESPACIOS DE VIDA") -> FUNDACION ESPACIOS DE VIDA | Y4: =IFERROR(__xludf.DUMMYFUNCTION("""COMPUTED_VALUE"""),"NO") -> NO | Z4: =IFERROR(__xludf.DUMMYFUNCTION("""COMPUTED_VALUE"""),20.0) -> 20 | AA4: =IFERROR(__xludf.DUMMYFUNCTION("""COMPUTED_VALUE"""),"8. Kennedy") -> 8. Kennedy | AB4: =IFERROR(__xludf.DUMMYFUNCTION("""COMPUTED_VALUE"""),82.0) -> 82 | AC4: =IFERROR(__xludf.DUMMYFUNCTION("""COMPUTED_VALUE"""),"PATIO BONITO 3") -> PATIO BONITO 3 | AD4: =IFERROR(__xludf.DUMMYFUNCTION("""COMPUTED_VALUE"""),"Local") -> Local | AE4: =IFERROR(__xludf.DUMMYFUNCTION("""COMPUTED_VALUE"""),"PRIVADO") -> PRIVADO | AF4: =IFERROR(__xludf.DUMMYFUNCTION("""COMPUTED_VALUE"""),"ARRENDAMIENTO") -> ARRENDAMIENTO | AG4: =IFERROR(__xludf.DUMMYFUNCTION("""COMPUTED_VALUE"""),"Gratuito") -> Gratuito | AH4: =IFERROR(__xludf.DUMMYFUNCTION("""COMPUTED_VALUE"""),"CARRERA 88 F BIS #0-63") -> CARRERA 88 F BIS #0-63 | AI4: =IFERROR(__xludf.DUMMYFUNCTION("""COMPUTED_VALUE"""),"info.espaciosdevida@gmail.com") -> info.espaciosdevida@gmail.com
A5: =IFERROR(__xludf.DUMMYFUNCTION("""COMPUTED_VALUE"""),45843.57986243055) -> 45843.58 | B5: =IFERROR(__xludf.DUMMYFUNCTION("""COMPUTED_VALUE"""),"TALLER DE BALLET") -> TALLER DE BALLET | C5: =IFERROR(__xludf.DUMMYFUNCTION("""COMPUTED_VALUE"""),"Taller de Ballet del proceso formativo de la escuela de formación artística Talentos 2025: 27 sesiones, 2 sesiones semanales de 3 horas catedra cada una.") -> Taller de Ballet del proceso formativo de la escuela de formación artística Talentos 2025: 27 sesiones, 2 sesiones semanales de 3 horas catedra cada una. | D5: =IFERROR(__xludf.DUMMYFUNCTION("""COMPUTED_VALUE"""),"Presencial") -> Presencial | E5: =IFERROR(__xludf.DUMMYFUNCTION("""COMPUTED_VALUE"""),"Formación") -> Formación | F5: =IFERROR(__xludf.DUMMYFUNCTION("""COMPUTED_VALUE"""),"Opción 1") -> Opción 1 | G5: =IFERROR(__xludf.DUMMYFUNCTION("""COMPUTED_VALUE"""),"Proyectos locales e interlocales") -> Proyectos locales e interlocales | H5: =IFERROR(__xludf.DUMMYFUNCTION("""COMPUTED_VALUE"""),"Taller") -> Taller | I5: =IFERROR(__xludf.DUMMYFUNCTION("""COMPUTED_VALUE"""),1.0) -> 1 | J5: =IFERROR(__xludf.DUMMYFUNCTION("""COMPUTED_VALUE"""),45850.0) -> 45850 | K5: =IFERROR(__xludf.DUMMYFUNCTION("""COMPUTED_VALUE"""),45949.0) -> 45949 | L5: =IFERROR(__xludf.DUMMYFUNCTION("""COMPUTED_VALUE"""),"A.M.") -> A.M. | M5: =IFERROR(__xludf.DUMMYFUNCTION("""COMPUTED_VALUE"""),0.4375) -> 0.4375 | N5: =IFERROR(__xludf.DUMMYFUNCTION("""COMPUTED_VALUE"""),"Infancia (6-12 años), Adolescencia (13-17 años)") -> Infancia (6-12 años), Adolescencia (13-17 años) | O5: =IFERROR(__xludf.DUMMYFUNCTION("""COMPUTED_VALUE"""),"No") -> No | X5: =IFERROR(__xludf.DUMMYFUNCTION("""COMPUTED_VALUE"""),"FUNDACION ESPACIOS DE VIDA") -> FUNDACION ESPACIOS DE VIDA | Y5: =IFERROR(__xludf.DUMMYFUNCTION("""COMPUTED_VALUE"""),"NO") -> NO | Z5: =IFERROR(__xludf.DUMMYFUNCTION("""COMPUTED_VALUE"""),20.0) -> 20 | AA5: =IFERROR(__xludf.DUMMYFUNCTION("""COMPUTED_VALUE"""),"8. Kennedy") -> 8. Kennedy | AB5: =IFERROR(__xludf.DUMMYFUNCTION("""COMPUTED_VALUE"""),82.0) -> 82 | AC5: =IFERROR(__xludf.DUMMYFUNCTION("""COMPUTED_VALUE"""),"PATIO BONITO 3") -> PATIO BONITO 3 | AD5: =IFERROR(__xludf.DUMMYFUNCTION("""COMPUTED_VALUE"""),"Local") -> Local | AE5: =IFERROR(__xludf.DUMMYFUNCTION("""COMPUTED_VALUE"""),"PRIVADO") -> PRIVADO | AF5: =IFERROR(__xludf.DUMMYFUNCTION("""COMPUTED_VALUE"""),"ARRENDAMIENTO") -> ARRENDAMIENTO | AG5: =IFERROR(__xludf.DUMMYFUNCTION("""COMPUTED_VALUE"""),"Gratuito") -> Gratuito | AH5: =IFERROR(__xludf.DUMMYFUNCTION("""COMPUTED_VALUE"""),"CARRERA 88 F BIS # 0-63") -> CARRERA 88 F BIS # 0-63 | AI5: =IFERROR(__xludf.DUMMYFUNCTION("""COMPUTED_VALUE"""),"info.espaciosdevida@gmail.com") -> info.espaciosdevida@gmail.com
A6: =IFERROR(__xludf.DUMMYFUNCTION("""COMPUTED_VALUE"""),45843.58183516204) -> 45843.582 | B6: =IFERROR(__xludf.DUMMYFUNCTION("""COMPUTED_VALUE"""),"TALLER DE AUDIOVISUALES") -> TALLER DE AUDIOVISUALES | C6: =IFERROR(__xludf.DUMMYFUNCTION("""COMPUTED_VALUE"""),"Taller de Audiovisuales del proceso formativo de la escuela de formación artística Talentos 2025: 27 sesiones, 2 sesiones semanales de 3 horas catedra cada una.") -> Taller de Audiovisuales del proceso formativo de la escuela de formación artística Talentos 2025: 27 sesiones, 2 sesiones semanales de 3 horas catedra cada una. | D6: =IFERROR(__xludf.DUMMYFUNCTION("""COMPUTED_VALUE"""),"Presencial") -> Presencial | E6: =IFERROR(__xludf.DUMMYFUNCTION("""COMPUTED_VALUE"""),"Formación") -> Formación | F6: =IFERROR(__xludf.DUMMYFUNCTION("""COMPUTED_VALUE"""),"Opción 1") -> Opción 1 | G6: =IFERROR(__xludf.DUMMYFUNCTION("""COMPUTED_VALUE"""),"Proyectos locales e interlocales") -> Proyectos locales e interlocales | H6: =IFERROR(__xludf.DUMMYFUNCTION("""COMPUTED_VALUE"""),"Taller") -> Taller | I6: =IFERROR(__xludf.DUMMYFUNCTION("""COMPUTED_VALUE"""),1.0) -> 1 | J6: =IFERROR(__xludf.DUMMYFUNCTION("""COMPUTED_VALUE"""),45850.0) -> 45850 | K6: =IFERROR(__xludf.DUMMYFUNCTION("""COMPUTED_VALUE"""),45955.0) -> 45955 | L6: =IFERROR(__xludf.DUMMYFUNCTION("""COMPUTED_VALUE"""),"P.M.") -> P.M. | M6: =IFERROR(__xludf.DUMMYFUNCTION("""COMPUTED_VALUE"""),0.041666666667879326) -> 0.041666667 | N6: =IFERROR(__xludf.DUMMYFUNCTION("""COMPUTED_VALUE"""),"Infancia (6-12 años), Adolescencia (13-17 años)") -> Infancia (6-12 años), Adolescencia (13-17 años) | O6: =IFERROR(__xludf.DUMMYFUNCTION("""COMPUTED_VALUE"""),"No") -> No | X6: =IFERROR(__xludf.DUMMYFUNCTION("""COMPUTED_VALUE"""),"FUNDACION ESPACIOS DE VIDA") -> FUNDACION ESPACIOS DE VIDA | Y6: =IFERROR(__xludf.DUMMYFUNCTION("""COMPUTED_VALUE"""),"NO") -> NO | Z6: =IFERROR(__xludf.DUMMYFUNCTION("""COMPUTED_VALUE"""),20.0) -> 20 | AA6: =IFERROR(__xludf.DUMMYFUNCTION("""COMPUTED_VALUE"""),"8. Kennedy") -> 8. Kennedy | AB6: =IFERROR(__xludf.DUMMYFUNCTION("""COMPUTED_VALUE"""),82.0) -> 82 | AC6: =IFERROR(__xludf.DUMMYFUNCTION("""COMPUTED_VALUE"""),"PATIO BONITO 3") -> PATIO BONITO 3 | AD6: =IFERROR(__xludf.DUMMYFUNCTION("""COMPUTED_VALUE"""),"Local") -> Local | AE6: =IFERROR(__xludf.DUMMYFUNCTION("""COMPUTED_VALUE"""),"PRIVADO") -> PRIVADO | AF6: =IFERROR(__xludf.DUMMYFUNCTION("""COMPUTED_VALUE"""),"ARRENDAMIENTO") -> ARRENDAMIENTO | AG6: =IFERROR(__xludf.DUMMYFUNCTION("""COMPUTED_VALUE"""),"Gratuito") -> Gratuito | AH6: =IFERROR(__xludf.DUMMYFUNCTION("""COMPUTED_VALUE"""),"CARRERA 88 F BIS # 0-63") -> CARRERA 88 F BIS # 0-63 | AI6: =IFERROR(__xludf.DUMMYFUNCTION("""COMPUTED_VALUE"""),"info.espaciosdevida@gmail.com") -> info.espaciosdevida@gmail.com
A7: =IFERROR(__xludf.DUMMYFUNCTION("""COMPUTED_VALUE"""),45843.58423752315) -> 45843.584 | B7: =IFERROR(__xludf.DUMMYFUNCTION("""COMPUTED_VALUE"""),"FUNCIÓN ARTÍSTICA") -> FUNCIÓN ARTÍSTICA | C7: =IFERROR(__xludf.DUMMYFUNCTION("""COMPUTED_VALUE"""),"PRESENTACION ARTISTICA EN EL MARCO DEL 7° FESTIVAL TALENTOS") -> PRESENTACION ARTISTICA EN EL MARCO DEL 7° FESTIVAL TALENTOS | D7: =IFERROR(__xludf.DUMMYFUNCTION("""COMPUTED_VALUE"""),"Presencial") -> Presencial | E7: =IFERROR(__xludf.DUMMYFUNCTION("""COMPUTED_VALUE"""),"Circulación") -> Circulación | F7: =IFERROR(__xludf.DUMMYFUNCTION("""COMPUTED_VALUE"""),"Opción 1") -> Opción 1 | G7: =IFERROR(__xludf.DUMMYFUNCTION("""COMPUTED_VALUE"""),"Proyectos locales e interlocales") -> Proyectos locales e interlocales | H7: =IFERROR(__xludf.DUMMYFUNCTION("""COMPUTED_VALUE"""),"Presentación artística") -> Presentación artística | I7: =IFERROR(__xludf.DUMMYFUNCTION("""COMPUTED_VALUE"""),1.0) -> 1 | J7: =IFERROR(__xludf.DUMMYFUNCTION("""COMPUTED_VALUE"""),45850.0) -> 45850 | K7: =IFERROR(__xludf.DUMMYFUNCTION("""COMPUTED_VALUE"""),45850.0) -> 45850 | L7: =IFERROR(__xludf.DUMMYFUNCTION("""COMPUTED_VALUE"""),"P.M.") -> P.M. | M7: =IFERROR(__xludf.DUMMYFUNCTION("""COMPUTED_VALUE"""),0.2708333333321207) -> 0.27083333 | N7: =IFERROR(__xludf.DUMMYFUNCTION("""COMPUTED_VALUE"""),"Sin enfoque poblacional") -> Sin enfoque poblacional | O7: =IFERROR(__xludf.DUMMYFUNCTION("""COMPUTED_VALUE"""),"No") -> No | X7: =IFERROR(__xludf.DUMMYFUNCTION("""COMPUTED_VALUE"""),"FUNDACION ESPACIOS DE VIDA") -> FUNDACION ESPACIOS DE VIDA | Y7: =IFERROR(__xludf.DUMMYFUNCTION("""COMPUTED_VALUE"""),"NO") -> NO | Z7: =IFERROR(__xludf.DUMMYFUNCTION("""COMPUTED_VALUE"""),50.0) -> 50 | AA7: =IFERROR(__xludf.DUMMYFUNCTION("""COMPUTED_VALUE"""),"8. Kennedy") -> 8. Kennedy | AB7: =IFERROR(__xludf.DUMMYFUNCTION("""COMPUTED_VALUE"""),82.0) -> 82 | AC7: =IFERROR(__xludf.DUMMYFUNCTION("""COMPUTED_VALUE"""),"PATIO BONITO 3") -> PATIO BONITO 3 | AD7: =IFERROR(__xludf.DUMMYFUNCTION("""COMPUTED_VALUE"""),"Local") -> Local | AE7: =IFERROR(__xludf.DUMMYFUNCTION("""COMPUTED_VALUE"""),"PRIVADO") -> PRIVADO | AF7: =IFERROR(__xludf.DUMMYFUNCTION("""COMPUTED_VALUE"""),"ARRENDAMIENTO") -> ARRENDAMIENTO | AG7: =IFERROR(__xludf.DUMMYFUNCTION("""COMPUTED_VALUE"""),"Gratuito") -> Gratuito | AH7: =IFERROR(__xludf.DUMMYFUNCTION("""COMPUTED_VALUE"""),"CARRERA 88 F BIS #0-63") -> CARRERA 88 F BIS #0-63 | AI7: =IFERROR(__xludf.DUMMYFUNCTION("""COMPUTED_VALUE"""),"info.espaciosdevida@gmail.com") -> info.espaciosdevida@gmail.com
A8: =IFERROR(__xludf.DUMMYFUNCTION("""COMPUTED_VALUE"""),45845.389158819446) -> 45845.389 | B8: =IFERROR(__xludf.DUMMYFUNCTION("""COMPUTED_VALUE"""),"TALLER DE ARTES PLASTICAS") -> TALLER DE ARTES PLASTICAS | C8: =IFERROR(__xludf.DUMMYFUNCTION("""COMPUTED_VALUE"""),"Taller de Artes Plásticas del proceso formativo de la escuela de formación artística Talentos 2025: 27 sesiones, 2 sesiones semanales de 3 horas catedra cada una.") -> Taller de Artes Plásticas del proceso formativo de la escuela de formación artística Talentos 2025: 27 sesiones, 2 sesiones semanales de 3 horas catedra cada una. | D8: =IFERROR(__xludf.DUMMYFUNCTION("""COMPUTED_VALUE"""),"Presencial") -> Presencial | E8: =IFERROR(__xludf.DUMMYFUNCTION("""COMPUTED_VALUE"""),"Formación") -> Formación | F8: =IFERROR(__xludf.DUMMYFUNCTION("""COMPUTED_VALUE"""),"Opción 1") -> Opción 1 | G8: =IFERROR(__xludf.DUMMYFUNCTION("""COMPUTED_VALUE"""),"Proyectos locales e interlocales") -> Proyectos locales e interlocales | H8: =IFERROR(__xludf.DUMMYFUNCTION("""COMPUTED_VALUE"""),"Taller") -> Taller | I8: =IFERROR(__xludf.DUMMYFUNCTION("""COMPUTED_VALUE"""),1.0) -> 1 | J8: =IFERROR(__xludf.DUMMYFUNCTION("""COMPUTED_VALUE"""),45853.0) -> 45853 | K8: =IFERROR(__xludf.DUMMYFUNCTION("""COMPUTED_VALUE"""),45946.0) -> 45946 | L8: =IFERROR(__xludf.DUMMYFUNCTION("""COMPUTED_VALUE"""),"P.M.") -> P.M. | M8: =IFERROR(__xludf.DUMMYFUNCTION("""COMPUTED_VALUE"""),0.14583333333212067) -> 0.14583333 | N8: =IFERROR(__xludf.DUMMYFUNCTION("""COMPUTED_VALUE"""),"Infancia (6-12 años), Adolescencia (13-17 años)") -> Infancia (6-12 años), Adolescencia (13-17 años) | O8: =IFERROR(__xludf.DUMMYFUNCTION("""COMPUTED_VALUE"""),"No") -> No | X8: =IFERROR(__xludf.DUMMYFUNCTION("""COMPUTED_VALUE"""),"FUNDACION ESPACIOS DE VIDA") -> FUNDACION ESPACIOS DE VIDA | Y8: =IFERROR(__xludf.DUMMYFUNCTION("""COMPUTED_VALUE"""),"NO") -> NO | Z8: =IFERROR(__xludf.DUMMYFUNCTION("""COMPUTED_VALUE"""),20.0) -> 20 | AA8: =IFERROR(__xludf.DUMMYFUNCTION("""COMPUTED_VALUE"""),"8. Kennedy") -> 8. Kennedy | AB8: =IFERROR(__xludf.DUMMYFUNCTION("""COMPUTED_VALUE"""),82.0) -> 82 | AC8: =IFERROR(__xludf.DUMMYFUNCTION("""COMPUTED_VALUE"""),"PATIO BONITO 3") -> PATIO BONITO 3 | AD8: =IFERROR(__xludf.DUMMYFUNCTION("""COMPUTED_VALUE"""),"Local") -> Local | AE8: =IFERROR(__xludf.DUMMYFUNCTION("""COMPUTED_VALUE"""),"PRIVADO") -> PRIVADO | AF8: =IFERROR(__xludf.DUMMYFUNCTION("""COMPUTED_VALUE"""),"ARRENDAMIENTO") -> ARRENDAMIENTO | AG8: =IFERROR(__xludf.DUMMYFUNCTION("""COMPUTED_VALUE"""),"Gratuito") -> Gratuito | AH8: =IFERROR(__xludf.DUMMYFUNCTION("""COMPUTED_VALUE"""),"CARRERA 88 F BIS #0-63") -> CARRERA 88 F BIS #0-63 | AI8: =IFERROR(__xludf.DUMMYFUNCTION("""COMPUTED_VALUE"""),"info.espaciosdevida@gmail.com") -> info.espaciosdevida@gmail.com
A9: =IFERROR(__xludf.DUMMYFUNCTION("""COMPUTED_VALUE"""),45843.596891284724) -> 45843.597 | B9: =IFERROR(__xludf.DUMMYFUNCTION("""COMPUTED_VALUE"""),"FUNCION ARTISTICA") -> FUNCION ARTISTICA | C9: =IFERROR(__xludf.DUMMYFUNCTION("""COMPUTED_VALUE"""),"PRESENTACION ARTISTICA EN EL MARCO DEL 7° FESTIVAL TALENTOS") -> PRESENTACION ARTISTICA EN EL MARCO DEL 7° FESTIVAL TALENTOS | D9: =IFERROR(__xludf.DUMMYFUNCTION("""COMPUTED_VALUE"""),"Presencial") -> Presencial | E9: =IFERROR(__xludf.DUMMYFUNCTION("""COMPUTED_VALUE"""),"Circulación") -> Circulación | F9: =IFERROR(__xludf.DUMMYFUNCTION("""COMPUTED_VALUE"""),"Opción 1") -> Opción 1 | G9: =IFERROR(__xludf.DUMMYFUNCTION("""COMPUTED_VALUE"""),"Proyectos locales e interlocales") -> Proyectos locales e interlocales | H9: =IFERROR(__xludf.DUMMYFUNCTION("""COMPUTED_VALUE"""),"Presentación artística") -> Presentación artística | I9: =IFERROR(__xludf.DUMMYFUNCTION("""COMPUTED_VALUE"""),1.0) -> 1 | J9: =IFERROR(__xludf.DUMMYFUNCTION("""COMPUTED_VALUE"""),45856.0) -> 45856 | K9: =IFERROR(__xludf.DUMMYFUNCTION("""COMPUTED_VALUE"""),45856.0) -> 45856 | L9: =IFERROR(__xludf.DUMMYFUNCTION("""COMPUTED_VALUE"""),"A.M.") -> A.M. | M9: =IFERROR(__xludf.DUMMYFUNCTION("""COMPUTED_VALUE"""),0.4166666666678793) -> 0.41666667 | N9: =IFERROR(__xludf.DUMMYFUNCTION("""COMPUTED_VALUE"""),"Sin enfoque poblacional") -> Sin enfoque poblacional | O9: =IFERROR(__xludf.DUMMYFUNCTION("""COMPUTED_VALUE"""),"No") -> No | X9: =IFERROR(__xludf.DUMMYFUNCTION("""COMPUTED_VALUE"""),"FUNDACION ESPACIOS DE VIDA") -> FUNDACION ESPACIOS DE VIDA | Y9: =IFERROR(__xludf.DUMMYFUNCTION("""COMPUTED_VALUE"""),"NO") -> NO | Z9: =IFERROR(__xludf.DUMMYFUNCTION("""COMPUTED_VALUE"""),50.0) -> 50 | AA9: =IFERROR(__xludf.DUMMYFUNCTION("""COMPUTED_VALUE"""),"8. Kennedy") -> 8. Kennedy | AB9: =IFERROR(__xludf.DUMMYFUNCTION("""COMPUTED_VALUE"""),82.0) -> 82 | AC9: =IFERROR(__xludf.DUMMYFUNCTION("""COMPUTED_VALUE"""),"PATIO BONITO 3") -> PATIO BONITO 3 | AD9: =IFERROR(__xludf.DUMMYFUNCTION("""COMPUTED_VALUE"""),"Local") -> Local | AE9: =IFERROR(__xludf.DUMMYFUNCTION("""COMPUTED_VALUE"""),"PRIVADO") -> PRIVADO | AF9: =IFERROR(__xludf.DUMMYFUNCTION("""COMPUTED_VALUE"""),"ARRENDAMIENTO") -> ARRENDAMIENTO | AG9: =IFERROR(__xludf.DUMMYFUNCTION("""COMPUTED_VALUE"""),"Gratuito") -> Gratuito | AH9: =IFERROR(__xludf.DUMMYFUNCTION("""COMPUTED_VALUE"""),"CARRERA 88 F BIS #0-63") -> CARRERA 88 F BIS #0-63 | AI9: =IFERROR(__xludf.DUMMYFUNCTION("""COMPUTED_VALUE"""),"info.espaciosdevida@gmail.com") -> info.espaciosdevida@gmail.com
A10: =IFERROR(__xludf.DUMMYFUNCTION("""COMPUTED_VALUE"""),45843.59893453704) -> 45843.599 | B10: =IFERROR(__xludf.DUMMYFUNCTION("""COMPUTED_VALUE"""),"FUNCION ARTISTICA") -> FUNCION ARTISTICA | C10: =IFERROR(__xludf.DUMMYFUNCTION("""COMPUTED_VALUE"""),"PRESENTACION ARTISTICA EN EL MARCO DEL 7° FESTIVAL TALENTOS") -> PRESENTACION ARTISTICA EN EL MARCO DEL 7° FESTIVAL TALENTOS | D10: =IFERROR(__xludf.DUMMYFUNCTION("""COMPUTED_VALUE"""),"Presencial") -> Presencial | E10: =IFERROR(__xludf.DUMMYFUNCTION("""COMPUTED_VALUE"""),"Circulación") -> Circulación | F10: =IFERROR(__xludf.DUMMYFUNCTION("""COMPUTED_VALUE"""),"Opción 1") -> Opción 1 | G10: =IFERROR(__xludf.DUMMYFUNCTION("""COMPUTED_VALUE"""),"Proyectos locales e interlocales") -> Proyectos locales e interlocales | H10: =IFERROR(__xludf.DUMMYFUNCTION("""COMPUTED_VALUE"""),"Presentación artística") -> Presentación artística | I10: =IFERROR(__xludf.DUMMYFUNCTION("""COMPUTED_VALUE"""),1.0) -> 1 | J10: =IFERROR(__xludf.DUMMYFUNCTION("""COMPUTED_VALUE"""),45857.0) -> 45857 | K10: =IFERROR(__xludf.DUMMYFUNCTION("""COMPUTED_VALUE"""),45857.0) -> 45857 | L10: =IFERROR(__xludf.DUMMYFUNCTION("""COMPUTED_VALUE"""),"P.M.") -> P.M. | M10: =IFERROR(__xludf.DUMMYFUNCTION("""COMPUTED_VALUE"""),0.2708333333321207) -> 0.27083333 | N10: =IFERROR(__xludf.DUMMYFUNCTION("""COMPUTED_VALUE"""),"Sin enfoque poblacional") -> Sin enfoque poblacional | O10: =IFERROR(__xludf.DUMMYFUNCTION("""COMPUTED_VALUE"""),"No") -> No | X10: =IFERROR(__xludf.DUMMYFUNCTION("""COMPUTED_VALUE"""),"FUNDACION ESPACIOS DE VIDA") -> FUNDACION ESPACIOS DE VIDA | Y10: =IFERROR(__xludf.DUMMYFUNCTION("""COMPUTED_VALUE"""),"NO") -> NO | Z10: =IFERROR(__xludf.DUMMYFUNCTION("""COMPUTED_VALUE"""),50.0) -> 50 | AA10: =IFERROR(__xludf.DUMMYFUNCTION("""COMPUTED_VALUE"""),"8. Kennedy") -> 8. Kennedy | AB10: =IFERROR(__xludf.DUMMYFUNCTION("""COMPUTED_VALUE"""),82.0) -> 82 | AC10: =IFERROR(__xludf.DUMMYFUNCTION("""COMPUTED_VALUE"""),"PATIO BONITO 3") -> PATIO BONITO 3 | AD10: =IFERROR(__xludf.DUMMYFUNCTION("""COMPUTED_VALUE"""),"Local") -> Local | AE10: =IFERROR(__xludf.DUMMYFUNCTION("""COMPUTED_VALUE"""),"PRIVADO") -> PRIVADO | AF10: =IFERROR(__xludf.DUMMYFUNCTION("""COMPUTED_VALUE"""),"ARRENDAMIENTO") -> ARRENDAMIENTO | AG10: =IFERROR(__xludf.DUMMYFUNCTION("""COMPUTED_VALUE"""),"Gratuito") -> Gratuito | AH10: =IFERROR(__xludf.DUMMYFUNCTION("""COMPUTED_VALUE"""),"CARRERA 88 F BIS #0-63") -> CARRERA 88 F BIS #0-63 | AI10: =IFERROR(__xludf.DUMMYFUNCTION("""COMPUTED_VALUE"""),"info.espaciosdevida@gmail.com") -> info.espaciosdevida@gmail.com
A11: =IFERROR(__xludf.DUMMYFUNCTION("""COMPUTED_VALUE"""),45843.58974225695) -> 45843.59 | B11: =IFERROR(__xludf.DUMMYFUNCTION("""COMPUTED_VALUE"""),"TALLER DE ARTES PLASTICAS") -> TALLER DE ARTES PLASTICAS | C11: =IFERROR(__xludf.DUMMYFUNCTION("""COMPUTED_VALUE"""),"Taller de Artes Plásticas del proceso formativo de la escuela de formación artística Talentos 2025: 27 sesiones, 2 sesiones semanales de 3 horas catedra cada una.") -> Taller de Artes Plásticas del proceso formativo de la escuela de formación artística Talentos 2025: 27 sesiones, 2 sesiones semanales de 3 horas catedra cada una. | D11: =IFERROR(__xludf.DUMMYFUNCTION("""COMPUTED_VALUE"""),"Presencial") -> Presencial | E11: =IFERROR(__xludf.DUMMYFUNCTION("""COMPUTED_VALUE"""),"Formación") -> Formación | F11: =IFERROR(__xludf.DUMMYFUNCTION("""COMPUTED_VALUE"""),"Opción 1") -> Opción 1 | G11: =IFERROR(__xludf.DUMMYFUNCTION("""COMPUTED_VALUE"""),"Proyectos locales e interlocales") -> Proyectos locales e interlocales | H11: =IFERROR(__xludf.DUMMYFUNCTION("""COMPUTED_VALUE"""),"Taller") -> Taller | I11: =IFERROR(__xludf.DUMMYFUNCTION("""COMPUTED_VALUE"""),1.0) -> 1 | J11: =IFERROR(__xludf.DUMMYFUNCTION("""COMPUTED_VALUE"""),45862.0) -> 45862 | K11: =IFERROR(__xludf.DUMMYFUNCTION("""COMPUTED_VALUE"""),45946.0) -> 45946 | L11: =IFERROR(__xludf.DUMMYFUNCTION("""COMPUTED_VALUE"""),"P.M.") -> P.M. | M11: =IFERROR(__xludf.DUMMYFUNCTION("""COMPUTED_VALUE"""),0.14583333333212067) -> 0.14583333 | N11: =IFERROR(__xludf.DUMMYFUNCTION("""COMPUTED_VALUE"""),"Infancia (6-12 años), Adolescencia (13-17 años)") -> Infancia (6-12 años), Adolescencia (13-17 años) | O11: =IFERROR(__xludf.DUMMYFUNCTION("""COMPUTED_VALUE"""),"No") -> No | X11: =IFERROR(__xludf.DUMMYFUNCTION("""COMPUTED_VALUE"""),"FUNDACION ESPACIOS DE VIDA") -> FUNDACION ESPACIOS DE VIDA | Y11: =IFERROR(__xludf.DUMMYFUNCTION("""COMPUTED_VALUE"""),"NO") -> NO | Z11: =IFERROR(__xludf.DUMMYFUNCTION("""COMPUTED_VALUE"""),20.0) -> 20 | AA11: =IFERROR(__xludf.DUMMYFUNCTION("""COMPUTED_VALUE"""),"8. Kennedy") -> 8. Kennedy | AB11: =IFERROR(__xludf.DUMMYFUNCTION("""COMPUTED_VALUE"""),82.0) -> 82 | AC11: =IFERROR(__xludf.DUMMYFUNCTION("""COMPUTED_VALUE"""),"PATIO BONITO 3") -> PATIO BONITO 3 | AD11: =IFERROR(__xludf.DUMMYFUNCTION("""COMPUTED_VALUE"""),"Local") -> Local | AE11: =IFERROR(__xludf.DUMMYFUNCTION("""COMPUTED_VALUE"""),"PRIVADO") -> PRIVADO | AF11: =IFERROR(__xludf.DUMMYFUNCTION("""COMPUTED_VALUE"""),"ARRENDAMIENTO") -> ARRENDAMIENTO | AG11: =IFERROR(__xludf.DUMMYFUNCTION("""COMPUTED_VALUE"""),"Gratuito") -> Gratuito | AH11: =IFERROR(__xludf.DUMMYFUNCTION("""COMPUTED_VALUE"""),"CARRERA 88 F BIS # 0-63") -> CARRERA 88 F BIS # 0-63 | AI11: =IFERROR(__xludf.DUMMYFUNCTION("""COMPUTED_VALUE"""),"info.espaciosdevida@gmail.com") -> info.espaciosdevida@gmail.com
A12: =IFERROR(__xludf.DUMMYFUNCTION("""COMPUTED_VALUE"""),45843.60140546296) -> 45843.601 | B12: =IFERROR(__xludf.DUMMYFUNCTION("""COMPUTED_VALUE"""),"FUNCION ARTISTICA") -> FUNCION ARTISTICA | C12: =IFERROR(__xludf.DUMMYFUNCTION("""COMPUTED_VALUE"""),"PRESENTACION ARTISTICA EN EL MARCO DEL 7° FESTIVAL TALENTOS") -> PRESENTACION ARTISTICA EN EL MARCO DEL 7° FESTIVAL TALENTOS | D12: =IFERROR(__xludf.DUMMYFUNCTION("""COMPUTED_VALUE"""),"Presencial") -> Presencial | E12: =IFERROR(__xludf.DUMMYFUNCTION("""COMPUTED_VALUE"""),"Circulación") -> Circulación | F12: =IFERROR(__xludf.DUMMYFUNCTION("""COMPUTED_VALUE"""),"Opción 1") -> Opción 1 | G12: =IFERROR(__xludf.DUMMYFUNCTION("""COMPUTED_VALUE"""),"Proyectos locales e interlocales") -> Proyectos locales e interlocales | H12: =IFERROR(__xludf.DUMMYFUNCTION("""COMPUTED_VALUE"""),"Presentación artística") -> Presentación artística | I12: =IFERROR(__xludf.DUMMYFUNCTION("""COMPUTED_VALUE"""),1.0) -> 1 | J12: =IFERROR(__xludf.DUMMYFUNCTION("""COMPUTED_VALUE"""),45863.0) -> 45863 | K12: =IFERROR(__xludf.DUMMYFUNCTION("""COMPUTED_VALUE"""),45863.0) -> 45863 | L12: =IFERROR(__xludf.DUMMYFUNCTION("""COMPUTED_VALUE"""),"A.M.") -> A.M. | M12: =IFERROR(__xludf.DUMMYFUNCTION("""COMPUTED_VALUE"""),0.4166666666678793) -> 0.41666667 | N12: =IFERROR(__xludf.DUMMYFUNCTION("""COMPUTED_VALUE"""),"Sin enfoque poblacional") -> Sin enfoque poblacional | O12: =IFERROR(__xludf.DUMMYFUNCTION("""COMPUTED_VALUE"""),"No") -> No | X12: =IFERROR(__xludf.DUMMYFUNCTION("""COMPUTED_VALUE"""),"FUNDACION ESPACIOS DE VIDA") -> FUNDACION ESPACIOS DE VIDA | Y12: =IFERROR(__xludf.DUMMYFUNCTION("""COMPUTED_VALUE"""),"NO") -> NO | Z12: =IFERROR(__xludf.DUMMYFUNCTION("""COMPUTED_VALUE"""),50.0) -> 50 | AA12: =IFERROR(__xludf.DUMMYFUNCTION("""COMPUTED_VALUE"""),"8. Kennedy") -> 8. Kennedy | AB12: =IFERROR(__xludf.DUMMYFUNCTION("""COMPUTED_VALUE"""),82.0) -> 82 | AC12: =IFERROR(__xludf.DUMMYFUNCTION("""COMPUTED_VALUE"""),"PATIO BONITO 3") -> PATIO BONITO 3 | AD12: =IFERROR(__xludf.DUMMYFUNCTION("""COMPUTED_VALUE"""),"Local") -> Local | AE12: =IFERROR(__xludf.DUMMYFUNCTION("""COMPUTED_VALUE"""),"PRIVADO") -> PRIVADO | AF12: =IFERROR(__xludf.DUMMYFUNCTION("""COMPUTED_VALUE"""),"ARRENDAMIENTO") -> ARRENDAMIENTO | AG12: =IFERROR(__xludf.DUMMYFUNCTION("""COMPUTED_VALUE"""),"Gratuito") -> Gratuito | AH12: =IFERROR(__xludf.DUMMYFUNCTION("""COMPUTED_VALUE"""),"CARRERA 88 F BIS #0-63") -> CARRERA 88 F BIS #0-63 | AI12: =IFERROR(__xludf.DUMMYFUNCTION("""COMPUTED_VALUE"""),"info.espaciosdevida@gmail.com") -> info.espaciosdevida@gmail.com
A13: =IFERROR(__xludf.DUMMYFUNCTION("""COMPUTED_VALUE"""),45843.60354481482) -> 45843.604 | B13: =IFERROR(__xludf.DUMMYFUNCTION("""COMPUTED_VALUE"""),"FUNCION ARTISTICA") -> FUNCION ARTISTICA | C13: =IFERROR(__xludf.DUMMYFUNCTION("""COMPUTED_VALUE"""),"PRESENTACION ARTISTICA EN EL MARCO DEL 7° FESTIVAL TALENTOS") -> PRESENTACION ARTISTICA EN EL MARCO DEL 7° FESTIVAL TALENTOS | D13: =IFERROR(__xludf.DUMMYFUNCTION("""COMPUTED_VALUE"""),"Presencial") -> Presencial | E13: =IFERROR(__xludf.DUMMYFUNCTION("""COMPUTED_VALUE"""),"Circulación") -> Circulación | F13: =IFERROR(__xludf.DUMMYFUNCTION("""COMPUTED_VALUE"""),"Opción 1") -> Opción 1 | G13: =IFERROR(__xludf.DUMMYFUNCTION("""COMPUTED_VALUE"""),"Proyectos locales e interlocales") -> Proyectos locales e interlocales | H13: =IFERROR(__xludf.DUMMYFUNCTION("""COMPUTED_VALUE"""),"Presentación artística") -> Presentación artística | I13: =IFERROR(__xludf.DUMMYFUNCTION("""COMPUTED_VALUE"""),1.0) -> 1 | J13: =IFERROR(__xludf.DUMMYFUNCTION("""COMPUTED_VALUE"""),45864.0) -> 45864 | K13: =IFERROR(__xludf.DUMMYFUNCTION("""COMPUTED_VALUE"""),45864.0) -> 45864 | L13: =IFERROR(__xludf.DUMMYFUNCTION("""COMPUTED_VALUE"""),"P.M.") -> P.M. | M13: =IFERROR(__xludf.DUMMYFUNCTION("""COMPUTED_VALUE"""),0.2708333333321207) -> 0.27083333 | N13: =IFERROR(__xludf.DUMMYFUNCTION("""COMPUTED_VALUE"""),"Sin enfoque poblacional") -> Sin enfoque poblacional | O13: =IFERROR(__xludf.DUMMYFUNCTION("""COMPUTED_VALUE"""),"No") -> No | X13: =IFERROR(__xludf.DUMMYFUNCTION("""COMPUTED_VALUE"""),"FUNDACION ESPACIOS DE VIDA") -> FUNDACION ESPACIOS DE VIDA | Y13: =IFERROR(__xludf.DUMMYFUNCTION("""COMPUTED_VALUE"""),"NO") -> NO | Z13: =IFERROR(__xludf.DUMMYFUNCTION("""COMPUTED_VALUE"""),50.0) -> 50 | AA13: =IFERROR(__xludf.DUMMYFUNCTION("""COMPUTED_VALUE"""),"8. Kennedy") -> 8. Kennedy | AB13: =IFERROR(__xludf.DUMMYFUNCTION("""COMPUTED_VALUE"""),82.0) -> 82 | AC13: =IFERROR(__xludf.DUMMYFUNCTION("""COMPUTED_VALUE"""),"PATIO BONITO 3") -> PATIO BONITO 3 | AD13: =IFERROR(__xludf.DUMMYFUNCTION("""COMPUTED_VALUE"""),"Local") -> Local | AE13: =IFERROR(__xludf.DUMMYFUNCTION("""COMPUTED_VALUE"""),"PRIVADO") -> PRIVADO | AF13: =IFERROR(__xludf.DUMMYFUNCTION("""COMPUTED_VALUE"""),"ARRENDAMIENTO") -> ARRENDAMIENTO | AG13: =IFERROR(__xludf.DUMMYFUNCTION("""COMPUTED_VALUE"""),"Gratuito") -> Gratuito | AH13: =IFERROR(__xludf.DUMMYFUNCTION("""COMPUTED_VALUE"""),"CARRERA 88 F BIS #0-63") -> CARRERA 88 F BIS #0-63 | AI13: =IFERROR(__xludf.DUMMYFUNCTION("""COMPUTED_VALUE"""),"info.espaciosdevida@gmail.com") -> info.espaciosdevida@gmail.com
A14: =IFERROR(__xludf.DUMMYFUNCTION("""COMPUTED_VALUE"""),45869.75533487269) -> 45869.755 | B14: =IFERROR(__xludf.DUMMYFUNCTION("""COMPUTED_VALUE"""),"FUNCION ARTISTICA") -> FUNCION ARTISTICA | C14: =IFERROR(__xludf.DUMMYFUNCTION("""COMPUTED_VALUE"""),"PRESENTACION ARTISTICA EN EL MARCO DEL 7° FESTIVAL TALENTOS") -> PRESENTACION ARTISTICA EN EL MARCO DEL 7° FESTIVAL TALENTOS | D14: =IFERROR(__xludf.DUMMYFUNCTION("""COMPUTED_VALUE"""),"Presencial") -> Presencial | E14: =IFERROR(__xludf.DUMMYFUNCTION("""COMPUTED_VALUE"""),"Circulación") -> Circulación | F14: =IFERROR(__xludf.DUMMYFUNCTION("""COMPUTED_VALUE"""),"Opción 1") -> Opción 1 | G14: =IFERROR(__xludf.DUMMYFUNCTION("""COMPUTED_VALUE"""),"Proyectos locales e interlocales") -> Proyectos locales e interlocales | H14: =IFERROR(__xludf.DUMMYFUNCTION("""COMPUTED_VALUE"""),"Presentación artística") -> Presentación artística | I14: =IFERROR(__xludf.DUMMYFUNCTION("""COMPUTED_VALUE"""),1.0) -> 1 | J14: =IFERROR(__xludf.DUMMYFUNCTION("""COMPUTED_VALUE"""),45870.0) -> 45870 | K14: =IFERROR(__xludf.DUMMYFUNCTION("""COMPUTED_VALUE"""),45870.0) -> 45870 | L14: =IFERROR(__xludf.DUMMYFUNCTION("""COMPUTED_VALUE"""),"A.M.") -> A.M. | M14: =IFERROR(__xludf.DUMMYFUNCTION("""COMPUTED_VALUE"""),0.4166666666678793) -> 0.41666667 | N14: =IFERROR(__xludf.DUMMYFUNCTION("""COMPUTED_VALUE"""),"Sin enfoque poblacional") -> Sin enfoque poblacional | O14: =IFERROR(__xludf.DUMMYFUNCTION("""COMPUTED_VALUE"""),"No") -> No | X14: =IFERROR(__xludf.DUMMYFUNCTION("""COMPUTED_VALUE"""),"FUNDACION ESPACIOS DE VIDA") -> FUNDACION ESPACIOS DE VIDA | Y14: =IFERROR(__xludf.DUMMYFUNCTION("""COMPUTED_VALUE"""),"NO") -> NO | Z14: =IFERROR(__xludf.DUMMYFUNCTION("""COMPUTED_VALUE"""),50.0) -> 50 | AA14: =IFERROR(__xludf.DUMMYFUNCTION("""COMPUTED_VALUE"""),"8. Kennedy") -> 8. Kennedy | AB14: =IFERROR(__xludf.DUMMYFUNCTION("""COMPUTED_VALUE"""),82.0) -> 82 | AC14: =IFERROR(__xludf.DUMMYFUNCTION("""COMPUTED_VALUE"""),"PATIO BONITO 3") -> PATIO BONITO 3 | AD14: =IFERROR(__xludf.DUMMYFUNCTION("""COMPUTED_VALUE"""),"Local") -> Local | AE14: =IFERROR(__xludf.DUMMYFUNCTION("""COMPUTED_VALUE"""),"SECTOR ARTÍSTICO") -> SECTOR ARTÍSTICO | AF14: =IFERROR(__xludf.DUMMYFUNCTION("""COMPUTED_VALUE"""),"ARRENDAMIENTO") -> ARRENDAMIENTO | AG14: =IFERROR(__xludf.DUMMYFUNCTION("""COMPUTED_VALUE"""),"Gratuito") -> Gratuito | AH14: =IFERROR(__xludf.DUMMYFUNCTION("""COMPUTED_VALUE"""),"CARRERA 88 F BIS #0-63") -> CARRERA 88 F BIS #0-63 | AI14: =IFERROR(__xludf.DUMMYFUNCTION("""COMPUTED_VALUE"""),"info.espaciosdevida@gmail.com") -> info.espaciosdevida@gmail.com
A15: =IFERROR(__xludf.DUMMYFUNCTION("""COMPUTED_VALUE"""),45869.7736887037) -> 45869.774 | B15: =IFERROR(__xludf.DUMMYFUNCTION("""COMPUTED_VALUE"""),"FUNCION ARTISTICA") -> FUNCION ARTISTICA | C15: =IFERROR(__xludf.DUMMYFUNCTION("""COMPUTED_VALUE"""),"PRESENTACION ARTISTICA EN EL MARCO DEL 7° FESTIVAL TALENTOS") -> PRESENTACION ARTISTICA EN EL MARCO DEL 7° FESTIVAL TALENTOS | D15: =IFERROR(__xludf.DUMMYFUNCTION("""COMPUTED_VALUE"""),"Presencial") -> Presencial | E15: =IFERROR(__xludf.DUMMYFUNCTION("""COMPUTED_VALUE"""),"Circulación") -> Circulación | F15: =IFERROR(__xludf.DUMMYFUNCTION("""COMPUTED_VALUE"""),"Opción 1") -> Opción 1 | G15: =IFERROR(__xludf.DUMMYFUNCTION("""COMPUTED_VALUE"""),"Proyectos locales e interlocales") -> Proyectos locales e interlocales | H15: =IFERROR(__xludf.DUMMYFUNCTION("""COMPUTED_VALUE"""),"Presentación artística") -> Presentación artística | I15: =IFERROR(__xludf.DUMMYFUNCTION("""COMPUTED_VALUE"""),1.0) -> 1 | J15: =IFERROR(__xludf.DUMMYFUNCTION("""COMPUTED_VALUE"""),45871.0) -> 45871 | K15: =IFERROR(__xludf.DUMMYFUNCTION("""COMPUTED_VALUE"""),45871.0) -> 45871 | L15: =IFERROR(__xludf.DUMMYFUNCTION("""COMPUTED_VALUE"""),"P.M.") -> P.M. | M15: =IFERROR(__xludf.DUMMYFUNCTION("""COMPUTED_VALUE"""),0.2708333333321207) -> 0.27083333 | N15: =IFERROR(__xludf.DUMMYFUNCTION("""COMPUTED_VALUE"""),"Sin enfoque poblacional") -> Sin enfoque poblacional | O15: =IFERROR(__xludf.DUMMYFUNCTION("""COMPUTED_VALUE"""),"No") -> No | X15: =IFERROR(__xludf.DUMMYFUNCTION("""COMPUTED_VALUE"""),"FUNDACION ESPACIOS DE VIDA") -> FUNDACION ESPACIOS DE VIDA | Y15: =IFERROR(__xludf.DUMMYFUNCTION("""COMPUTED_VALUE"""),"NO") -> NO | Z15: =IFERROR(__xludf.DUMMYFUNCTION("""COMPUTED_VALUE"""),50.0) -> 50 | AA15: =IFERROR(__xludf.DUMMYFUNCTION("""COMPUTED_VALUE"""),"8. Kennedy") -> 8. Kennedy | AB15: =IFERROR(__xludf.DUMMYFUNCTION("""COMPUTED_VALUE"""),82.0) -> 82 | AC15: =IFERROR(__xludf.DUMMYFUNCTION("""COMPUTED_VALUE"""),"PATIO BONITO 3") -> PATIO BONITO 3 | AD15: =IFERROR(__xludf.DUMMYFUNCTION("""COMPUTED_VALUE"""),"Local") -> Local | AE15: =IFERROR(__xludf.DUMMYFUNCTION("""COMPUTED_VALUE"""),"PRIVADO") -> PRIVADO | AF15: =IFERROR(__xludf.DUMMYFUNCTION("""COMPUTED_VALUE"""),"ARRENDAMIENTO") -> ARRENDAMIENTO | AG15: =IFERROR(__xludf.DUMMYFUNCTION("""COMPUTED_VALUE"""),"Gratuito") -> Gratuito | AH15: =IFERROR(__xludf.DUMMYFUNCTION("""COMPUTED_VALUE"""),"CARRERA 88 F BIS #0-63") -> CARRERA 88 F BIS #0-63 | AI15: =IFERROR(__xludf.DUMMYFUNCTION("""COMPUTED_VALUE"""),"info.espaciosdevida@gmail.com") -> info.espaciosdevida@gmail.com
A16: =IFERROR(__xludf.DUMMYFUNCTION("""COMPUTED_VALUE"""),45869.7771775) -> 45869.777 | B16: =IFERROR(__xludf.DUMMYFUNCTION("""COMPUTED_VALUE"""),"FUNCION ARTISTICA") -> FUNCION ARTISTICA | C16: =IFERROR(__xludf.DUMMYFUNCTION("""COMPUTED_VALUE"""),"PRESENTACION ARTISTICA EN EL MARCO DEL 7° FESTIVAL TALENTOS") -> PRESENTACION ARTISTICA EN EL MARCO DEL 7° FESTIVAL TALENTOS | D16: =IFERROR(__xludf.DUMMYFUNCTION("""COMPUTED_VALUE"""),"Presencial") -> Presencial | E16: =IFERROR(__xludf.DUMMYFUNCTION("""COMPUTED_VALUE"""),"Circulación") -> Circulación | F16: =IFERROR(__xludf.DUMMYFUNCTION("""COMPUTED_VALUE"""),"Opción 1") -> Opción 1 | G16: =IFERROR(__xludf.DUMMYFUNCTION("""COMPUTED_VALUE"""),"Proyectos locales e interlocales") -> Proyectos locales e interlocales | H16: =IFERROR(__xludf.DUMMYFUNCTION("""COMPUTED_VALUE"""),"Presentación artística") -> Presentación artística | I16: =IFERROR(__xludf.DUMMYFUNCTION("""COMPUTED_VALUE"""),1.0) -> 1 | J16: =IFERROR(__xludf.DUMMYFUNCTION("""COMPUTED_VALUE"""),45877.0) -> 45877 | K16: =IFERROR(__xludf.DUMMYFUNCTION("""COMPUTED_VALUE"""),45877.0) -> 45877 | L16: =IFERROR(__xludf.DUMMYFUNCTION("""COMPUTED_VALUE"""),"A.M.") -> A.M. | M16: =IFERROR(__xludf.DUMMYFUNCTION("""COMPUTED_VALUE"""),0.4166666666678793) -> 0.41666667 | N16: =IFERROR(__xludf.DUMMYFUNCTION("""COMPUTED_VALUE"""),"Sin enfoque poblacional") -> Sin enfoque poblacional | O16: =IFERROR(__xludf.DUMMYFUNCTION("""COMPUTED_VALUE"""),"No") -> No | X16: =IFERROR(__xludf.DUMMYFUNCTION("""COMPUTED_VALUE"""),"FUNDACION ESPACIOS DE VIDA") -> FUNDACION ESPACIOS DE VIDA | Y16: =IFERROR(__xludf.DUMMYFUNCTION("""COMPUTED_VALUE"""),"NO") -> NO | Z16: =IFERROR(__xludf.DUMMYFUNCTION("""COMPUTED_VALUE"""),50.0) -> 50 | AA16: =IFERROR(__xludf.DUMMYFUNCTION("""COMPUTED_VALUE"""),"8. Kennedy") -> 8. Kennedy | AB16: =IFERROR(__xludf.DUMMYFUNCTION("""COMPUTED_VALUE"""),82.0) -> 82 | AC16: =IFERROR(__xludf.DUMMYFUNCTION("""COMPUTED_VALUE"""),"PATIO BONITO 3") -> PATIO BONITO 3 | AD16: =IFERROR(__xludf.DUMMYFUNCTION("""COMPUTED_VALUE"""),"Local") -> Local | AE16: =IFERROR(__xludf.DUMMYFUNCTION("""COMPUTED_VALUE"""),"PRIVADO") -> PRIVADO | AF16: =IFERROR(__xludf.DUMMYFUNCTION("""COMPUTED_VALUE"""),"ARRENDAMIENTO") -> ARRENDAMIENTO | AG16: =IFERROR(__xludf.DUMMYFUNCTION("""COMPUTED_VALUE"""),"Gratuito") -> Gratuito | AH16: =IFERROR(__xludf.DUMMYFUNCTION("""COMPUTED_VALUE"""),"CARRERA 88 F BIS #0-63") -> CARRERA 88 F BIS #0-63 | AI16: =IFERROR(__xludf.DUMMYFUNCTION("""COMPUTED_VALUE"""),"info.espaciosdevida@gmail.com") -> info.espaciosdevida@gmail.com
A17: =IFERROR(__xludf.DUMMYFUNCTION("""COMPUTED_VALUE"""),45869.77973915509) -> 45869.78 | B17: =IFERROR(__xludf.DUMMYFUNCTION("""COMPUTED_VALUE"""),"FUNCION ARTISTICA") -> FUNCION ARTISTICA | C17: =IFERROR(__xludf.DUMMYFUNCTION("""COMPUTED_VALUE"""),"PRESENTACION ARTISTICA EN EL MARCO DEL 7° FESTIVAL TALENTOS") -> PRESENTACION ARTISTICA EN EL MARCO DEL 7° FESTIVAL TALENTOS | D17: =IFERROR(__xludf.DUMMYFUNCTION("""COMPUTED_VALUE"""),"Presencial") -> Presencial | E17: =IFERROR(__xludf.DUMMYFUNCTION("""COMPUTED_VALUE"""),"Circulación") -> Circulación | F17: =IFERROR(__xludf.DUMMYFUNCTION("""COMPUTED_VALUE"""),"Opción 1") -> Opción 1 | G17: =IFERROR(__xludf.DUMMYFUNCTION("""COMPUTED_VALUE"""),"Proyectos locales e interlocales") -> Proyectos locales e interlocales | H17: =IFERROR(__xludf.DUMMYFUNCTION("""COMPUTED_VALUE"""),"Presentación artística") -> Presentación artística | I17: =IFERROR(__xludf.DUMMYFUNCTION("""COMPUTED_VALUE"""),1.0) -> 1 | J17: =IFERROR(__xludf.DUMMYFUNCTION("""COMPUTED_VALUE"""),45878.0) -> 45878 | K17: =IFERROR(__xludf.DUMMYFUNCTION("""COMPUTED_VALUE"""),45878.0) -> 45878 | L17: =IFERROR(__xludf.DUMMYFUNCTION("""COMPUTED_VALUE"""),"P.M.") -> P.M. | M17: =IFERROR(__xludf.DUMMYFUNCTION("""COMPUTED_VALUE"""),0.2708333333321207) -> 0.27083333 | N17: =IFERROR(__xludf.DUMMYFUNCTION("""COMPUTED_VALUE"""),"Sin enfoque poblacional") -> Sin enfoque poblacional | O17: =IFERROR(__xludf.DUMMYFUNCTION("""COMPUTED_VALUE"""),"No") -> No | X17: =IFERROR(__xludf.DUMMYFUNCTION("""COMPUTED_VALUE"""),"FUNDACION ESPACIOS DE VIDA") -> FUNDACION ESPACIOS DE VIDA | Y17: =IFERROR(__xludf.DUMMYFUNCTION("""COMPUTED_VALUE"""),"NO") -> NO | Z17: =IFERROR(__xludf.DUMMYFUNCTION("""COMPUTED_VALUE"""),50.0) -> 50 | AA17: =IFERROR(__xludf.DUMMYFUNCTION("""COMPUTED_VALUE"""),"8. Kennedy") -> 8. Kennedy | AB17: =IFERROR(__xludf.DUMMYFUNCTION("""COMPUTED_VALUE"""),82.0) -> 82 | AC17: =IFERROR(__xludf.DUMMYFUNCTION("""COMPUTED_VALUE"""),"PATIO BONITO 3") -> PATIO BONITO 3 | AD17: =IFERROR(__xludf.DUMMYFUNCTION("""COMPUTED_VALUE"""),"Local") -> Local | AE17: =IFERROR(__xludf.DUMMYFUNCTION("""COMPUTED_VALUE"""),"PRIVADO") -> PRIVADO | AF17: =IFERROR(__xludf.DUMMYFUNCTION("""COMPUTED_VALUE"""),"ARRENDAMIENTO") -> ARRENDAMIENTO | AG17: =IFERROR(__xludf.DUMMYFUNCTION("""COMPUTED_VALUE"""),"Gratuito") -> Gratuito | AH17: =IFERROR(__xludf.DUMMYFUNCTION("""COMPUTED_VALUE"""),"CARRERA 88 F BIS #0-63") -> CARRERA 88 F BIS #0-63 | AI17: =IFERROR(__xludf.DUMMYFUNCTION("""COMPUTED_VALUE"""),"info.espaciosdevida@gmail.com") -> info.espaciosdevida@gmail.com
A18: =IFERROR(__xludf.DUMMYFUNCTION("""COMPUTED_VALUE"""),45869.7830994213) -> 45869.783 | B18: =IFERROR(__xludf.DUMMYFUNCTION("""COMPUTED_VALUE"""),"FUNCION ARTISTICA") -> FUNCION ARTISTICA | C18: =IFERROR(__xludf.DUMMYFUNCTION("""COMPUTED_VALUE"""),"PRESENTACION ARTISTICA EN EL MARCO DEL 7° FESTIVAL TALENTOS") -> PRESENTACION ARTISTICA EN EL MARCO DEL 7° FESTIVAL TALENTOS | D18: =IFERROR(__xludf.DUMMYFUNCTION("""COMPUTED_VALUE"""),"Presencial") -> Presencial | E18: =IFERROR(__xludf.DUMMYFUNCTION("""COMPUTED_VALUE"""),"Circulación") -> Circulación | F18: =IFERROR(__xludf.DUMMYFUNCTION("""COMPUTED_VALUE"""),"Opción 1") -> Opción 1 | G18: =IFERROR(__xludf.DUMMYFUNCTION("""COMPUTED_VALUE"""),"Proyectos locales e interlocales") -> Proyectos locales e interlocales | H18: =IFERROR(__xludf.DUMMYFUNCTION("""COMPUTED_VALUE"""),"Presentación artística") -> Presentación artística | I18: =IFERROR(__xludf.DUMMYFUNCTION("""COMPUTED_VALUE"""),1.0) -> 1 | J18: =IFERROR(__xludf.DUMMYFUNCTION("""COMPUTED_VALUE"""),45884.0) -> 45884 | K18: =IFERROR(__xludf.DUMMYFUNCTION("""COMPUTED_VALUE"""),45884.0) -> 45884 | L18: =IFERROR(__xludf.DUMMYFUNCTION("""COMPUTED_VALUE"""),"A.M.") -> A.M. | M18: =IFERROR(__xludf.DUMMYFUNCTION("""COMPUTED_VALUE"""),0.4166666666678793) -> 0.41666667 | N18: =IFERROR(__xludf.DUMMYFUNCTION("""COMPUTED_VALUE"""),"Sin enfoque poblacional") -> Sin enfoque poblacional | O18: =IFERROR(__xludf.DUMMYFUNCTION("""COMPUTED_VALUE"""),"No") -> No | X18: =IFERROR(__xludf.DUMMYFUNCTION("""COMPUTED_VALUE"""),"FUNDACION ESPACIOS DE VIDA") -> FUNDACION ESPACIOS DE VIDA | Y18: =IFERROR(__xludf.DUMMYFUNCTION("""COMPUTED_VALUE"""),"NO") -> NO | Z18: =IFERROR(__xludf.DUMMYFUNCTION("""COMPUTED_VALUE"""),50.0) -> 50 | AA18: =IFERROR(__xludf.DUMMYFUNCTION("""COMPUTED_VALUE"""),"8. Kennedy") -> 8. Kennedy | AB18: =IFERROR(__xludf.DUMMYFUNCTION("""COMPUTED_VALUE"""),82.0) -> 82 | AC18: =IFERROR(__xludf.DUMMYFUNCTION("""COMPUTED_VALUE"""),"PATIO BONITO 3") -> PATIO BONITO 3 | AD18: =IFERROR(__xludf.DUMMYFUNCTION("""COMPUTED_VALUE"""),"Local") -> Local | AE18: =IFERROR(__xludf.DUMMYFUNCTION("""COMPUTED_VALUE"""),"PRIVADO") -> PRIVADO | AF18: =IFERROR(__xludf.DUMMYFUNCTION("""COMPUTED_VALUE"""),"ARRENDAMIENTO") -> ARRENDAMIENTO | AG18: =IFERROR(__xludf.DUMMYFUNCTION("""COMPUTED_VALUE"""),"Gratuito") -> Gratuito | AH18: =IFERROR(__xludf.DUMMYFUNCTION("""COMPUTED_VALUE"""),"CARRERA 88 F BIS #0-63") -> CARRERA 88 F BIS #0-63 | AI18: =IFERROR(__xludf.DUMMYFUNCTION("""COMPUTED_VALUE"""),"info.espaciosdevida@gmail.com") -> info.espaciosdevida@gmail.com
A19: =IFERROR(__xludf.DUMMYFUNCTION("""COMPUTED_VALUE"""),45869.78598792824) -> 45869.786 | B19: =IFERROR(__xludf.DUMMYFUNCTION("""COMPUTED_VALUE"""),"FUNCION ARTISTICA") -> FUNCION ARTISTICA | C19: =IFERROR(__xludf.DUMMYFUNCTION("""COMPUTED_VALUE"""),"PRESENTACION ARTISTICA EN EL MARCO DEL 7° FESTIVAL TALENTOS") -> PRESENTACION ARTISTICA EN EL MARCO DEL 7° FESTIVAL TALENTOS | D19: =IFERROR(__xludf.DUMMYFUNCTION("""COMPUTED_VALUE"""),"Presencial") -> Presencial | E19: =IFERROR(__xludf.DUMMYFUNCTION("""COMPUTED_VALUE"""),"Circulación") -> Circulación | F19: =IFERROR(__xludf.DUMMYFUNCTION("""COMPUTED_VALUE"""),"Opción 1") -> Opción 1 | G19: =IFERROR(__xludf.DUMMYFUNCTION("""COMPUTED_VALUE"""),"Proyectos locales e interlocales") -> Proyectos locales e interlocales | H19: =IFERROR(__xludf.DUMMYFUNCTION("""COMPUTED_VALUE"""),"Presentación artística") -> Presentación artística | I19: =IFERROR(__xludf.DUMMYFUNCTION("""COMPUTED_VALUE"""),1.0) -> 1 | J19: =IFERROR(__xludf.DUMMYFUNCTION("""COMPUTED_VALUE"""),45885.0) -> 45885 | K19: =IFERROR(__xludf.DUMMYFUNCTION("""COMPUTED_VALUE"""),45885.0) -> 45885 | L19: =IFERROR(__xludf.DUMMYFUNCTION("""COMPUTED_VALUE"""),"P.M.") -> P.M. | M19: =IFERROR(__xludf.DUMMYFUNCTION("""COMPUTED_VALUE"""),0.2708333333321207) -> 0.27083333 | N19: =IFERROR(__xludf.DUMMYFUNCTION("""COMPUTED_VALUE"""),"Sin enfoque poblacional") -> Sin enfoque poblacional | O19: =IFERROR(__xludf.DUMMYFUNCTION("""COMPUTED_VALUE"""),"No") -> No | X19: =IFERROR(__xludf.DUMMYFUNCTION("""COMPUTED_VALUE"""),"FUNDACION ESPACIOS DE VIDA") -> FUNDACION ESPACIOS DE VIDA | Y19: =IFERROR(__xludf.DUMMYFUNCTION("""COMPUTED_VALUE"""),"NO") -> NO | Z19: =IFERROR(__xludf.DUMMYFUNCTION("""COMPUTED_VALUE"""),50.0) -> 50 | AA19: =IFERROR(__xludf.DUMMYFUNCTION("""COMPUTED_VALUE"""),"8. Kennedy") -> 8. Kennedy | AB19: =IFERROR(__xludf.DUMMYFUNCTION("""COMPUTED_VALUE"""),82.0) -> 82 | AC19: =IFERROR(__xludf.DUMMYFUNCTION("""COMPUTED_VALUE"""),"PATIO BONITO 3") -> PATIO BONITO 3 | AD19: =IFERROR(__xludf.DUMMYFUNCTION("""COMPUTED_VALUE"""),"Local") -> Local | AE19: =IFERROR(__xludf.DUMMYFUNCTION("""COMPUTED_VALUE"""),"PRIVADO") -> PRIVADO | AF19: =IFERROR(__xludf.DUMMYFUNCTION("""COMPUTED_VALUE"""),"ARRENDAMIENTO") -> ARRENDAMIENTO | AG19: =IFERROR(__xludf.DUMMYFUNCTION("""COMPUTED_VALUE"""),"Gratuito") -> Gratuito | AH19: =IFERROR(__xludf.DUMMYFUNCTION("""COMPUTED_VALUE"""),"CARRERA 88 F BIS #0-63") -> CARRERA 88 F BIS #0-63 | AI19: =IFERROR(__xludf.DUMMYFUNCTION("""COMPUTED_VALUE"""),"info.espaciosdevida@gmail.com") -> info.espaciosdevida@gmail.com
A20: =IFERROR(__xludf.DUMMYFUNCTION("""COMPUTED_VALUE"""),45869.7886933912) -> 45869.789 | B20: =IFERROR(__xludf.DUMMYFUNCTION("""COMPUTED_VALUE"""),"FUNCION ARTISTICA") -> FUNCION ARTISTICA | C20: =IFERROR(__xludf.DUMMYFUNCTION("""COMPUTED_VALUE"""),"PRESENTACION ARTISTICA EN EL MARCO DEL 7° FESTIVAL TALENTOS") -> PRESENTACION ARTISTICA EN EL MARCO DEL 7° FESTIVAL TALENTOS | D20: =IFERROR(__xludf.DUMMYFUNCTION("""COMPUTED_VALUE"""),"Presencial") -> Presencial | E20: =IFERROR(__xludf.DUMMYFUNCTION("""COMPUTED_VALUE"""),"Circulación") -> Circulación | F20: =IFERROR(__xludf.DUMMYFUNCTION("""COMPUTED_VALUE"""),"Opción 1") -> Opción 1 | G20: =IFERROR(__xludf.DUMMYFUNCTION("""COMPUTED_VALUE"""),"Proyectos locales e interlocales") -> Proyectos locales e interlocales | H20: =IFERROR(__xludf.DUMMYFUNCTION("""COMPUTED_VALUE"""),"Presentación artística") -> Presentación artística | I20: =IFERROR(__xludf.DUMMYFUNCTION("""COMPUTED_VALUE"""),1.0) -> 1 | J20: =IFERROR(__xludf.DUMMYFUNCTION("""COMPUTED_VALUE"""),45891.0) -> 45891 | K20: =IFERROR(__xludf.DUMMYFUNCTION("""COMPUTED_VALUE"""),45891.0) -> 45891 | L20: =IFERROR(__xludf.DUMMYFUNCTION("""COMPUTED_VALUE"""),"A.M.") -> A.M. | M20: =IFERROR(__xludf.DUMMYFUNCTION("""COMPUTED_VALUE"""),0.4166666666678793) -> 0.41666667 | N20: =IFERROR(__xludf.DUMMYFUNCTION("""COMPUTED_VALUE"""),"Sin enfoque poblacional") -> Sin enfoque poblacional | O20: =IFERROR(__xludf.DUMMYFUNCTION("""COMPUTED_VALUE"""),"No") -> No | X20: =IFERROR(__xludf.DUMMYFUNCTION("""COMPUTED_VALUE"""),"FUNDACION ESPACIOS DE VIDA") -> FUNDACION ESPACIOS DE VIDA | Y20: =IFERROR(__xludf.DUMMYFUNCTION("""COMPUTED_VALUE"""),"NO") -> NO | Z20: =IFERROR(__xludf.DUMMYFUNCTION("""COMPUTED_VALUE"""),50.0) -> 50 | AA20: =IFERROR(__xludf.DUMMYFUNCTION("""COMPUTED_VALUE"""),"8. Kennedy") -> 8. Kennedy | AB20: =IFERROR(__xludf.DUMMYFUNCTION("""COMPUTED_VALUE"""),82.0) -> 82 | AC20: =IFERROR(__xludf.DUMMYFUNCTION("""COMPUTED_VALUE"""),"PATIO BONITO 3") -> PATIO BONITO 3 | AD20: =IFERROR(__xludf.DUMMYFUNCTION("""COMPUTED_VALUE"""),"Local") -> Local | AE20: =IFERROR(__xludf.DUMMYFUNCTION("""COMPUTED_VALUE"""),"PRIVADO") -> PRIVADO | AF20: =IFERROR(__xludf.DUMMYFUNCTION("""COMPUTED_VALUE"""),"ARRENDAMIENTO") -> ARRENDAMIENTO | AG20: =IFERROR(__xludf.DUMMYFUNCTION("""COMPUTED_VALUE"""),"Gratuito") -> Gratuito | AH20: =IFERROR(__xludf.DUMMYFUNCTION("""COMPUTED_VALUE"""),"CARRERA 88 F BIS #0-63") -> CARRERA 88 F BIS #0-63 | AI20: =IFERROR(__xludf.DUMMYFUNCTION("""COMPUTED_VALUE"""),"info.espaciosdevida@gmail.com") -> info.espaciosdevida@gmail.com
A21: =IFERROR(__xludf.DUMMYFUNCTION("""COMPUTED_VALUE"""),45869.79228754629) -> 45869.792 | B21: =IFERROR(__xludf.DUMMYFUNCTION("""COMPUTED_VALUE"""),"FUNCION ARTISTICA") -> FUNCION ARTISTICA | C21: =IFERROR(__xludf.DUMMYFUNCTION("""COMPUTED_VALUE"""),"PRESENTACION ARTISTICA EN EL MARCO DEL 7° FESTIVAL TALENTOS") -> PRESENTACION ARTISTICA EN EL MARCO DEL 7° FESTIVAL TALENTOS | D21: =IFERROR(__xludf.DUMMYFUNCTION("""COMPUTED_VALUE"""),"Presencial") -> Presencial | E21: =IFERROR(__xludf.DUMMYFUNCTION("""COMPUTED_VALUE"""),"Circulación") -> Circulación | F21: =IFERROR(__xludf.DUMMYFUNCTION("""COMPUTED_VALUE"""),"Opción 1") -> Opción 1 | G21: =IFERROR(__xludf.DUMMYFUNCTION("""COMPUTED_VALUE"""),"Proyectos locales e interlocales") -> Proyectos locales e interlocales | H21: =IFERROR(__xludf.DUMMYFUNCTION("""COMPUTED_VALUE"""),"Presentación artística") -> Presentación artística | I21: =IFERROR(__xludf.DUMMYFUNCTION("""COMPUTED_VALUE"""),1.0) -> 1 | J21: =IFERROR(__xludf.DUMMYFUNCTION("""COMPUTED_VALUE"""),45892.0) -> 45892 | K21: =IFERROR(__xludf.DUMMYFUNCTION("""COMPUTED_VALUE"""),45892.0) -> 45892 | L21: =IFERROR(__xludf.DUMMYFUNCTION("""COMPUTED_VALUE"""),"P.M.") -> P.M. | M21: =IFERROR(__xludf.DUMMYFUNCTION("""COMPUTED_VALUE"""),0.2708333333321207) -> 0.27083333 | N21: =IFERROR(__xludf.DUMMYFUNCTION("""COMPUTED_VALUE"""),"Sin enfoque poblacional") -> Sin enfoque poblacional | O21: =IFERROR(__xludf.DUMMYFUNCTION("""COMPUTED_VALUE"""),"No") -> No | X21: =IFERROR(__xludf.DUMMYFUNCTION("""COMPUTED_VALUE"""),"FUNDACION ESPACIOS DE VIDA") -> FUNDACION ESPACIOS DE VIDA | Y21: =IFERROR(__xludf.DUMMYFUNCTION("""COMPUTED_VALUE"""),"NO") -> NO | Z21: =IFERROR(__xludf.DUMMYFUNCTION("""COMPUTED_VALUE"""),50.0) -> 50 | AA21: =IFERROR(__xludf.DUMMYFUNCTION("""COMPUTED_VALUE"""),"8. Kennedy") -> 8. Kennedy | AB21: =IFERROR(__xludf.DUMMYFUNCTION("""COMPUTED_VALUE"""),82.0) -> 82 | AC21: =IFERROR(__xludf.DUMMYFUNCTION("""COMPUTED_VALUE"""),"PATIO BONITO 3") -> PATIO BONITO 3 | AD21: =IFERROR(__xludf.DUMMYFUNCTION("""COMPUTED_VALUE"""),"Local") -> Local | AE21: =IFERROR(__xludf.DUMMYFUNCTION("""COMPUTED_VALUE"""),"PRIVADO") -> PRIVADO | AF21: =IFERROR(__xludf.DUMMYFUNCTION("""COMPUTED_VALUE"""),"ARRENDAMIENTO") -> ARRENDAMIENTO | AG21: =IFERROR(__xludf.DUMMYFUNCTION("""COMPUTED_VALUE"""),"Gratuito") -> Gratuito | AH21: =IFERROR(__xludf.DUMMYFUNCTION("""COMPUTED_VALUE"""),"CARRERA 88 F BIS #0-63") -> CARRERA 88 F BIS #0-63 | AI21: =IFERROR(__xludf.DUMMYFUNCTION("""COMPUTED_VALUE"""),"info.espaciosdevida@gmail.com") -> info.espaciosdevida@gmail.com
A22: =IFERROR(__xludf.DUMMYFUNCTION("""COMPUTED_VALUE"""),45869.79563295139) -> 45869.796 | B22: =IFERROR(__xludf.DUMMYFUNCTION("""COMPUTED_VALUE"""),"FUNCION ARTISTICA") -> FUNCION ARTISTICA | C22: =IFERROR(__xludf.DUMMYFUNCTION("""COMPUTED_VALUE"""),"PRESENTACION ARTISTICA EN EL MARCO DEL 7° FESTIVAL TALENTOS") -> PRESENTACION ARTISTICA EN EL MARCO DEL 7° FESTIVAL TALENTOS | D22: =IFERROR(__xludf.DUMMYFUNCTION("""COMPUTED_VALUE"""),"Presencial") -> Presencial | E22: =IFERROR(__xludf.DUMMYFUNCTION("""COMPUTED_VALUE"""),"Circulación") -> Circulación | F22: =IFERROR(__xludf.DUMMYFUNCTION("""COMPUTED_VALUE"""),"Opción 1") -> Opción 1 | G22: =IFERROR(__xludf.DUMMYFUNCTION("""COMPUTED_VALUE"""),"Proyectos locales e interlocales") -> Proyectos locales e interlocales | H22: =IFERROR(__xludf.DUMMYFUNCTION("""COMPUTED_VALUE"""),"Presentación artística") -> Presentación artística | I22: =IFERROR(__xludf.DUMMYFUNCTION("""COMPUTED_VALUE"""),1.0) -> 1 | J22: =IFERROR(__xludf.DUMMYFUNCTION("""COMPUTED_VALUE"""),45898.0) -> 45898 | K22: =IFERROR(__xludf.DUMMYFUNCTION("""COMPUTED_VALUE"""),45898.0) -> 45898 | L22: =IFERROR(__xludf.DUMMYFUNCTION("""COMPUTED_VALUE"""),"A.M.") -> A.M. | M22: =IFERROR(__xludf.DUMMYFUNCTION("""COMPUTED_VALUE"""),0.4166666666678793) -> 0.41666667 | N22: =IFERROR(__xludf.DUMMYFUNCTION("""COMPUTED_VALUE"""),"Sin enfoque poblacional") -> Sin enfoque poblacional | O22: =IFERROR(__xludf.DUMMYFUNCTION("""COMPUTED_VALUE"""),"No") -> No | X22: =IFERROR(__xludf.DUMMYFUNCTION("""COMPUTED_VALUE"""),"FUNDACION ESPACIOS DE VIDA") -> FUNDACION ESPACIOS DE VIDA | Y22: =IFERROR(__xludf.DUMMYFUNCTION("""COMPUTED_VALUE"""),"NO") -> NO | Z22: =IFERROR(__xludf.DUMMYFUNCTION("""COMPUTED_VALUE"""),50.0) -> 50 | AA22: =IFERROR(__xludf.DUMMYFUNCTION("""COMPUTED_VALUE"""),"8. Kennedy") -> 8. Kennedy | AB22: =IFERROR(__xludf.DUMMYFUNCTION("""COMPUTED_VALUE"""),82.0) -> 82 | AC22: =IFERROR(__xludf.DUMMYFUNCTION("""COMPUTED_VALUE"""),"PATIO BONITO 3") -> PATIO BONITO 3 | AD22: =IFERROR(__xludf.DUMMYFUNCTION("""COMPUTED_VALUE"""),"Local") -> Local | AE22: =IFERROR(__xludf.DUMMYFUNCTION("""COMPUTED_VALUE"""),"PRIVADO") -> PRIVADO | AF22: =IFERROR(__xludf.DUMMYFUNCTION("""COMPUTED_VALUE"""),"ARRENDAMIENTO") -> ARRENDAMIENTO | AG22: =IFERROR(__xludf.DUMMYFUNCTION("""COMPUTED_VALUE"""),"Gratuito") -> Gratuito | AH22: =IFERROR(__xludf.DUMMYFUNCTION("""COMPUTED_VALUE"""),"CARRERA 88 F BIS #0-63") -> CARRERA 88 F BIS #0-63 | AI22: =IFERROR(__xludf.DUMMYFUNCTION("""COMPUTED_VALUE"""),"info.espaciosdevida@gmail.com") -> info.espaciosdevida@gmail.com
A23: =IFERROR(__xludf.DUMMYFUNCTION("""COMPUTED_VALUE"""),45869.798436516205) -> 45869.798 | B23: =IFERROR(__xludf.DUMMYFUNCTION("""COMPUTED_VALUE"""),"FUNCION ARTISTICA") -> FUNCION ARTISTICA | C23: =IFERROR(__xludf.DUMMYFUNCTION("""COMPUTED_VALUE"""),"PRESENTACION ARTISTICA EN EL MARCO DEL 7° FESTIVAL TALENTOS") -> PRESENTACION ARTISTICA EN EL MARCO DEL 7° FESTIVAL TALENTOS | D23: =IFERROR(__xludf.DUMMYFUNCTION("""COMPUTED_VALUE"""),"Presencial") -> Presencial | E23: =IFERROR(__xludf.DUMMYFUNCTION("""COMPUTED_VALUE"""),"Circulación") -> Circulación | F23: =IFERROR(__xludf.DUMMYFUNCTION("""COMPUTED_VALUE"""),"Opción 1") -> Opción 1 | G23: =IFERROR(__xludf.DUMMYFUNCTION("""COMPUTED_VALUE"""),"Proyectos locales e interlocales") -> Proyectos locales e interlocales | H23: =IFERROR(__xludf.DUMMYFUNCTION("""COMPUTED_VALUE"""),"Presentación artística") -> Presentación artística | I23: =IFERROR(__xludf.DUMMYFUNCTION("""COMPUTED_VALUE"""),1.0) -> 1 | J23: =IFERROR(__xludf.DUMMYFUNCTION("""COMPUTED_VALUE"""),45899.0) -> 45899 | K23: =IFERROR(__xludf.DUMMYFUNCTION("""COMPUTED_VALUE"""),45899.0) -> 45899 | L23: =IFERROR(__xludf.DUMMYFUNCTION("""COMPUTED_VALUE"""),"P.M.") -> P.M. | M23: =IFERROR(__xludf.DUMMYFUNCTION("""COMPUTED_VALUE"""),0.2708333333321207) -> 0.27083333 | N23: =IFERROR(__xludf.DUMMYFUNCTION("""COMPUTED_VALUE"""),"Sin enfoque poblacional") -> Sin enfoque poblacional | O23: =IFERROR(__xludf.DUMMYFUNCTION("""COMPUTED_VALUE"""),"No") -> No | X23: =IFERROR(__xludf.DUMMYFUNCTION("""COMPUTED_VALUE"""),"FUNDACION ESPACIOS DE VIDA") -> FUNDACION ESPACIOS DE VIDA | Y23: =IFERROR(__xludf.DUMMYFUNCTION("""COMPUTED_VALUE"""),"NO") -> NO | Z23: =IFERROR(__xludf.DUMMYFUNCTION("""COMPUTED_VALUE"""),50.0) -> 50 | AA23: =IFERROR(__xludf.DUMMYFUNCTION("""COMPUTED_VALUE"""),"8. Kennedy") -> 8. Kennedy | AB23: =IFERROR(__xludf.DUMMYFUNCTION("""COMPUTED_VALUE"""),82.0) -> 82 | AC23: =IFERROR(__xludf.DUMMYFUNCTION("""COMPUTED_VALUE"""),"PATIO BONITO 3") -> PATIO BONITO 3 | AD23: =IFERROR(__xludf.DUMMYFUNCTION("""COMPUTED_VALUE"""),"Local") -> Local | AE23: =IFERROR(__xludf.DUMMYFUNCTION("""COMPUTED_VALUE"""),"PRIVADO") -> PRIVADO | AF23: =IFERROR(__xludf.DUMMYFUNCTION("""COMPUTED_VALUE"""),"ARRENDAMIENTO") -> ARRENDAMIENTO | AG23: =IFERROR(__xludf.DUMMYFUNCTION("""COMPUTED_VALUE"""),"Gratuito") -> Gratuito | AH23: =IFERROR(__xludf.DUMMYFUNCTION("""COMPUTED_VALUE"""),"CARRERA 88 F BIS #0-63") -> CARRERA 88 F BIS #0-63 | AI23: =IFERROR(__xludf.DUMMYFUNCTION("""COMPUTED_VALUE"""),"info.espaciosdevida@gmail.com") -> info.espaciosdevida@gmail.com

Sheet PROGRAMACIÓN BASE 2025
B1: PARRILLA DE PROGRAMACIÓN PROGRAMA DISTRITAL DE APOYOS CONCERTADOS 2025
B2: FUNDACIÓN ESPACIOS DE VIDA
A4: MES | B4: AGOSTO
A6: =IFERROR(__xludf.DUMMYFUNCTION("QUERY('ORDEN CRONOLOGICO'!A:AJ,""SELECT J,K,M,L,H,G,I,E,X,AH,AA,B,C WHERE AJ='""&B4&""'"",1)"),"Fecha de inicio realización") -> Fecha de inicio realización | B6: =IFERROR(__xludf.DUMMYFUNCTION("""COMPUTED_VALUE"""),"Fecha final realización") -> Fecha final realización | C6: =IFERROR(__xludf.DUMMYFUNCTION("""COMPUTED_VALUE"""),"Hora de realización") -> Hora de realización | D6: =IFERROR(__xludf.DUMMYFUNCTION("""COMPUTED_VALUE"""),"Franja horaria") -> Franja horaria | E6: =IFERROR(__xludf.DUMMYFUNCTION("""COMPUTED_VALUE"""),"Tipología actividad") -> Tipología actividad | F6: =IFERROR(__xludf.DUMMYFUNCTION("""COMPUTED_VALUE"""),"LINEA") -> LINEA | G6: =IFERROR(__xludf.DUMMYFUNCTION("""COMPUTED_VALUE"""),"Número de actividades") -> Número de actividades | H6: =IFERROR(__xludf.DUMMYFUNCTION("""COMPUTED_VALUE"""),"Dimensión / Proceso") -> Dimensión / Proceso | I6: =IFERROR(__xludf.DUMMYFUNCTION("""COMPUTED_VALUE"""),"Lugar del escenario") -> Lugar del escenario | J6: =IFERROR(__xludf.DUMMYFUNCTION("""COMPUTED_VALUE"""),"Dirección") -> Dirección | K6: =IFERROR(__xludf.DUMMYFUNCTION("""COMPUTED_VALUE"""),"Localidad") -> Localidad | L6: =IFERROR(__xludf.DUMMYFUNCTION("""COMPUTED_VALUE"""),"Nombre de actividad") -> Nombre de actividad | M6: =IFERROR(__xludf.DUMMYFUNCTION("""COMPUTED_VALUE"""),"Descripción de la actividad") -> Descripción de la actividad

Sheet POBLACIONAL BASE 2025
F1: DIRECCIONAMIENTO ESTRATÉGICO INSTITUCIONAL | CG1: Código: DIR-F-29
F3: FORMATO RECOLECCIÓN DE INFORMACIÓN SEGUIMIENTO DESAGREGADO ACTIVIDADES USUARIOS EXTERNOS | CG3: Fecha: 20/02/2023
CG4: Versión: 07
A5: Meta en la que se relaciona la actividad | B5: REPORTE CUALITATIVO | C5: REPORTE PANDORA | D5: PROCESO DE VERIFICACIÓN | E5: Nombre de la actividad | F5: Descripción de la actividad | G5: Modalidad de la actividad | H5: Dimensión/Proceso | I5: Programa | J5: Línea | K5: Tipología actividad | L5: Número de actividades | M5: Fecha Inicio Realizacion | N5: Fecha Fin Realizacion | O5: Franja horaria | P5: Hora de realización | Q5: Enfoque poblacional diferencial | S5: ¿La actividad(es) cuenta con enfoque diferencial étnico?, si es así diligencie las columnas I,J,K,L,M,N,O,P. Si no lo tiene, continúe en la columna Q directamente | AA5: Lugar Escenario | AB5: Espacio público | AC5: Capacidad /aforo | AD5: Localidad | AE5: Upz_Upr | AF5: Barrio | AG5: Impacto territorial | AH5: Origen iniciativa | AI5: Modalidad uso equipamiento | AJ5: Evento gratuito o pago | AK5: Número de artistas remunerados | AL5: Número de artistas no remunerados | AM5: Personas inscritas a la actividad | AN5: Mujeres | AO5: Hombres | AP5: Intersexuales | AQ5: Total beneficiarios | AR5: IDENTIDAD DE GÉNERO | AV5: ORIENTACIÓN SEXUAL | AY5: SECTORES ETARIOS | BE5: SECTORES SOCIALES | CB5: GRUPOS ÉTNICO - IDENTIDAD CULTURAL | CH5: OBSERVACIONES | CI5: RADICADO SOPORTES
S6: Énfoque Diferencial Étnico
S7: De acuerdo a lo establecido en el artículo 66 del Plan de Desarrollo Distrital, informe si la actividad - proceso reportado obedece a cuál de las siguientes etapas de atención: | V7: Pueblo étnicamente diferencial con el que se relaciona el desarrollo de esta actividad o proceso | W7: Identidad étnico cultural específica (NOTA: se activa esta opción cuando el pueblo étnicamente diferencial escogido es, o pueblo y/o comunidad indígena o es pueblo Rrom-Gitano | Y7: Perspectiva de Género, Mujer, Familia y Generación | Z7: Vocación poblacional del público asistente | AR7: Masculino | AS7: Femenino | AT7: Mujer trans | AU7: Hombre Trans | AV7: Heterosexual | AW7: Bisexual | AX7: Homosexual | AY7: Primera Infancia entre 0 y 5 años | AZ7: Infancia y 6-12 años | BA7: Adolescencia 13-17 años | BB7: Juventud 18-28 años | BC7: Personas adultas 29-59 años | BD7: Personas mayores 60 años en adelante | BE7: Comunidades campesinas y rurales | BF7: personas gestantes y lactantes | BG7: Personas que ejercen actividades sexuales pagadas | BH7: Personas habitantes de calle | BI7: Personas con discapacidad | BQ7: Personas privadas de la libertad | BR7: Profesionales del sector | BS7: Sectores LGBTIQ | BT7: Personas víctimas del conflicto armado | BU7: Persona Migrante, refugiada y retornada | BV7: Personas víctimas de trata | BW7: Familias En emergencia social y catastrófica | BX7: Familias ubicadas en zonas de deterioro urbano | BY7: Familias en situación de vulnerabilidad | BZ7: Personas en situación de desplazamiento | CA7: Personas consumidoras de sustancias psicoactivas | CB7: Pueblo Rrom – Gitano | CC7: Pueblo y/o comunidad indígena | CD7: Comunidades negras | CE7: Población afrocolombiana | CF7: Comunidades palenqueras | CG7: Pueblo raizal
S8: ACTIVIDAD - PROCESO A CORTO PLAZO | T8: PLAN INTEGRAL DE ACCIONES AFIRMATIVAS (PIAA) - MEDIANO PLAZO | U8: POLíTICA PÚBLICA - LARGO PLAZO | W8: Si selecciona pueblo y/o comunidad indígena que se benefica con el desarrollo de la actividad | X8: Forma organizativa de Pueblo Rrom - Gitano al que pertenece en la ciudad | BI8: Discapacidad física | BJ8: Discapacidad auditiva | BK8: Discapacidad visual | BL8: Discapacidad psicosocial | BM8: Discapacidad múltiple | BN8: Discapacidad cognitiva | BO8: Discapcidad sordo-ceguera | BP8: No especifica discapacidad
E9: =IFERROR(__xludf.DUMMYFUNCTION("QUERY('Respuestas de formulario 4'!B1:AG296,""SELECT*"",1)"),"Nombre de actividad") -> Nombre de actividad | F9: =IFERROR(__xludf.DUMMYFUNCTION("""COMPUTED_VALUE"""),"Descripción de la actividad") -> Descripción de la actividad | G9: =IFERROR(__xludf.DUMMYFUNCTION("""COMPUTED_VALUE"""),"Modalidad de la actividad") -> Modalidad de la actividad | H9: =IFERROR(__xludf.DUMMYFUNCTION("""COMPUTED_VALUE"""),"Dimensión / Proceso") -> Dimensión / Proceso | I9: =IFERROR(__xludf.DUMMYFUNCTION("""COMPUTED_VALUE"""),"Programa") -> Programa | J9: =IFERROR(__xludf.DUMMYFUNCTION("""COMPUTED_VALUE"""),"LINEA") -> LINEA | K9: =IFERROR(__xludf.DUMMYFUNCTION("""COMPUTED_VALUE"""),"Tipología actividad") -> Tipología actividad | L9: =IFERROR(__xludf.DUMMYFUNCTION("""COMPUTED_VALUE"""),"Número de actividades") -> Número de actividades | M9: =IFERROR(__xludf.DUMMYFUNCTION("""COMPUTED_VALUE"""),"Fecha de inicio realización") -> Fecha de inicio realización | N9: =IFERROR(__xludf.DUMMYFUNCTION("""COMPUTED_VALUE"""),"Fecha final realización") -> Fecha final realización | O9: =IFERROR(__xludf.DUMMYFUNCTION("""COMPUTED_VALUE"""),"Franja horaria") -> Franja horaria | P9: =IFERROR(__xludf.DUMMYFUNCTION("""COMPUTED_VALUE"""),"Hora de realización") -> Hora de realización | Q9: =IFERROR(__xludf.DUMMYFUNCTION("""COMPUTED_VALUE"""),"Enfoque poblacional diferencial") -> Enfoque poblacional diferencial | R9: =IFERROR(__xludf.DUMMYFUNCTION("""COMPUTED_VALUE"""),"¿La actividad(es) cuenta con enfoque diferencial étnico?") -> ¿La actividad(es) cuenta con enfoque diferencial étnico? | S9: =IFERROR(__xludf.DUMMYFUNCTION("""COMPUTED_VALUE"""),"Actividad proceso a corto plazo") -> Actividad proceso a corto plazo | T9: =IFERROR(__xludf.DUMMYFUNCTION("""COMPUTED_VALUE"""),"PLAN INTEGRAL DE ACCIONES AFIRMATIVAS (PIAA) - MEDIANO PLAZO") -> PLAN INTEGRAL DE ACCIONES AFIRMATIVAS (PIAA) - MEDIANO PLAZO | U9: =IFERROR(__xludf.DUMMYFUNCTION("""COMPUTED_VALUE"""),"POLÍTICA PÚBLICA - LARGO PLAZO") -> POLÍTICA PÚBLICA - LARGO PLAZO | V9: =IFERROR(__xludf.DUMMYFUNCTION("""COMPUTED_VALUE"""),"PUEBLO ÉTNICAMENTE DIFERENCIAL") -> PUEBLO ÉTNICAMENTE DIFERENCIAL | W9: =IFERROR(__xludf.DUMMYFUNCTION("""COMPUTED_VALUE"""),"Si selecciona pueblo y/o comunidad indígena que se beneficia con el desarrollo de la actividad, seleccione") -> Si selecciona pueblo y/o comunidad indígena que se beneficia con el desarrollo de la actividad, seleccione | X9: =IFERROR(__xludf.DUMMYFUNCTION("""COMPUTED_VALUE"""),"Forma organizativa de Pueblo Rrom - Gitano al que pertenece en la ciudad") -> Forma organizativa de Pueblo Rrom - Gitano al que pertenece en la ciudad | Y9: =IFERROR(__xludf.DUMMYFUNCTION("""COMPUTED_VALUE"""),"Perspectiva de Género, Mujer, Familia y Generación") -> Perspectiva de Género, Mujer, Familia y Generación | Z9: =IFERROR(__xludf.DUMMYFUNCTION("""COMPUTED_VALUE"""),"Vocación poblacional del público asistente") -> Vocación poblacional del público asistente | AA9: =IFERROR(__xludf.DUMMYFUNCTION("""COMPUTED_VALUE"""),"Lugar del escenario") -> Lugar del escenario | AB9: =IFERROR(__xludf.DUMMYFUNCTION("""COMPUTED_VALUE"""),"Espacio público") -> Espacio público | AC9: =IFERROR(__xludf.DUMMYFUNCTION("""COMPUTED_VALUE"""),"Capacidad / aforo") -> Capacidad / aforo | AD9: =IFERROR(__xludf.DUMMYFUNCTION("""COMPUTED_VALUE"""),"Localidad") -> Localidad | AE9: =IFERROR(__xludf.DUMMYFUNCTION("""COMPUTED_VALUE"""),"UPZ / UPR") -> UPZ / UPR | AF9: =IFERROR(__xludf.DUMMYFUNCTION("""COMPUTED_VALUE"""),"Barrio") -> Barrio | AG9: =IFERROR(__xludf.DUMMYFUNCTION("""COMPUTED_VALUE"""),"Impacto territorial") -> Impacto territorial | AH9: =IFERROR(__xludf.DUMMYFUNCTION("""COMPUTED_VALUE"""),"Origen de la iniciativa") -> Origen de la iniciativa | AI9: =IFERROR(__xludf.DUMMYFUNCTION("""COMPUTED_VALUE"""),"Modalidad de uso del espacio") -> Modalidad de uso del espacio | AJ9: =IFERROR(__xludf.DUMMYFUNCTION("""COMPUTED_VALUE"""),"Evento gratuito o pago") -> Evento gratuito o pago
B10: FALSE | C10: FALSE | D10: FALSE | E10: =IFERROR(__xludf.DUMMYFUNCTION("""COMPUTED_VALUE"""),"FUNCION ARTISTICA") -> FUNCION ARTISTICA | F10: =IFERROR(__xludf.DUMMYFUNCTION("""COMPUTED_VALUE"""),"PRESENTACION ARTISTICA EN EL MARCO DEL 7° FESTIVAL TALENTOS") -> PRESENTACION ARTISTICA EN EL MARCO DEL 7° FESTIVAL TALENTOS | G10: =IFERROR(__xludf.DUMMYFUNCTION("""COMPUTED_VALUE"""),"Presencial") -> Presencial | H10: =IFERROR(__xludf.DUMMYFUNCTION("""COMPUTED_VALUE"""),"Circulación") -> Circulación | I10: =IFERROR(__xludf.DUMMYFUNCTION("""COMPUTED_VALUE"""),"Opción 1") -> Opción 1 | J10: =IFERROR(__xludf.DUMMYFUNCTION("""COMPUTED_VALUE"""),"Proyectos locales e interlocales") -> Proyectos locales e interlocales | K10: =IFERROR(__xludf.DUMMYFUNCTION("""COMPUTED_VALUE"""),"Presentación artística") -> Presentación artística | L10: =IFERROR(__xludf.DUMMYFUNCTION("""COMPUTED_VALUE"""),1.0) -> 1 | M10: =IFERROR(__xludf.DUMMYFUNCTION("""COMPUTED_VALUE"""),45849.0) -> 45849 | N10: =IFERROR(__xludf.DUMMYFUNCTION("""COMPUTED_VALUE"""),45849.0) -> 45849 | O10: =IFERROR(__xludf.DUMMYFUNCTION("""COMPUTED_VALUE"""),"A.M.") -> A.M. | P10: =IFERROR(__xludf.DUMMYFUNCTION("""COMPUTED_VALUE"""),0.4166666666678793) -> 0.41666667 | Q10: =IFERROR(__xludf.DUMMYFUNCTION("""COMPUTED_VALUE"""),"Sin enfoque poblacional") -> Sin enfoque poblacional | R10: =IFERROR(__xludf.DUMMYFUNCTION("""COMPUTED_VALUE"""),"No") -> No | AA10: =IFERROR(__xludf.DUMMYFUNCTION("""COMPUTED_VALUE"""),"FUNDACION ESPACIOS DE VIDA") -> FUNDACION ESPACIOS DE VIDA | AB10: =IFERROR(__xludf.DUMMYFUNCTION("""COMPUTED_VALUE"""),"NO") -> NO | AC10: =IFERROR(__xludf.DUMMYFUNCTION("""COMPUTED_VALUE"""),50.0) -> 50 | AD10: =IFERROR(__xludf.DUMMYFUNCTION("""COMPUTED_VALUE"""),"8. Kennedy") -> 8. Kennedy | AE10: =IFERROR(__xludf.DUMMYFUNCTION("""COMPUTED_VALUE"""),82.0) -> 82 | AF10: =IFERROR(__xludf.DUMMYFUNCTION("""COMPUTED_VALUE"""),"PATIO BONITO 3") -> PATIO BONITO 3 | AG10: =IFERROR(__xludf.DUMMYFUNCTION("""COMPUTED_VALUE"""),"Local") -> Local | AH10: =IFERROR(__xludf.DUMMYFUNCTION("""COMPUTED_VALUE"""),"PRIVADO") -> PRIVADO | AI10: =IFERROR(__xludf.DUMMYFUNCTION("""COMPUTED_VALUE"""),"ARRENDAMIENTO") -> ARRENDAMIENTO | AJ10: =IFERROR(__xludf.DUMMYFUNCTION("""COMPUTED_VALUE"""),"Gratuito") -> Gratuito | AK10: 1 | AM10: 46 | AN10: 21 | AO10: 25 | AQ10: =SUM(AN10:AP10) -> 46 | AR10: 26 | AS10: 20 | AV10: 4 | AZ10: 44 | BA10: 2 | BP10: 46 | CH10: Presentación artística de la Agrupación Teatro Taller Blacaman
B11: FALSE | C11: FALSE | D11: FALSE | E11: =IFERROR(__xludf.DUMMYFUNCTION("""COMPUTED_VALUE"""),"TALLER DE MÚSICA") -> TALLER DE MÚSICA | F11: =IFERROR(__xludf.DUMMYFUNCTION("""COMPUTED_VALUE"""),"Taller de Música del proceso formativo de la escuela de formación artística Talentos 2025: 27 sesiones, 2 sesiones semanales de 3 horas catedra cada una.") -> Taller de Música del proceso formativo de la escuela de formación artística Talentos 2025: 27 sesiones, 2 sesiones semanales de 3 horas catedra cada una. | G11: =IFERROR(__xludf.DUMMYFUNCTION("""COMPUTED_VALUE"""),"Presencial") -> Presencial | H11: =IFERROR(__xludf.DUMMYFUNCTION("""COMPUTED_VALUE"""),"Formación") -> Formación | I11: =IFERROR(__xludf.DUMMYFUNCTION("""COMPUTED_VALUE"""),"Opción 1") -> Opción 1 | J11: =IFERROR(__xludf.DUMMYFUNCTION("""COMPUTED_VALUE"""),"Proyectos locales e interlocales") -> Proyectos locales e interlocales | K11: =IFERROR(__xludf.DUMMYFUNCTION("""COMPUTED_VALUE"""),"Taller") -> Taller | L11: =IFERROR(__xludf.DUMMYFUNCTION("""COMPUTED_VALUE"""),1.0) -> 1 | M11: =IFERROR(__xludf.DUMMYFUNCTION("""COMPUTED_VALUE"""),45849.0) -> 45849 | N11: =IFERROR(__xludf.DUMMYFUNCTION("""COMPUTED_VALUE"""),45948.0) -> 45948 | O11: =IFERROR(__xludf.DUMMYFUNCTION("""COMPUTED_VALUE"""),"P.M.") -> P.M. | P11: =IFERROR(__xludf.DUMMYFUNCTION("""COMPUTED_VALUE"""),0.14583333333212067) -> 0.14583333 | Q11: =IFERROR(__xludf.DUMMYFUNCTION("""COMPUTED_VALUE"""),"Infancia (6-12 años), Adolescencia (13-17 años)") -> Infancia (6-12 años), Adolescencia (13-17 años) | R11: =IFERROR(__xludf.DUMMYFUNCTION("""COMPUTED_VALUE"""),"No") -> No | AA11: =IFERROR(__xludf.DUMMYFUNCTION("""COMPUTED_VALUE"""),"FUNDACION ESPACIOS DE VIDA") -> FUNDACION ESPACIOS DE VIDA | AB11: =IFERROR(__xludf.DUMMYFUNCTION("""COMPUTED_VALUE"""),"NO") -> NO | AC11: =IFERROR(__xludf.DUMMYFUNCTION("""COMPUTED_VALUE"""),20.0) -> 20 | AD11: =IFERROR(__xludf.DUMMYFUNCTION("""COMPUTED_VALUE"""),"8. Kennedy") -> 8. Kennedy | AE11: =IFERROR(__xludf.DUMMYFUNCTION("""COMPUTED_VALUE"""),82.0) -> 82 | AF11: =IFERROR(__xludf.DUMMYFUNCTION("""COMPUTED_VALUE"""),"PATIO BONITO 3") -> PATIO BONITO 3 | AG11: =IFERROR(__xludf.DUMMYFUNCTION("""COMPUTED_VALUE"""),"Local") -> Local | AH11: =IFERROR(__xludf.DUMMYFUNCTION("""COMPUTED_VALUE"""),"PRIVADO") -> PRIVADO | AI11: =IFERROR(__xludf.DUMMYFUNCTION("""COMPUTED_VALUE"""),"ARRENDAMIENTO") -> ARRENDAMIENTO | AJ11: =IFERROR(__xludf.DUMMYFUNCTION("""COMPUTED_VALUE"""),"Gratuito") -> Gratuito | AQ11: =SUM(AN11:AP11) -> 0 | CH11: Los talleres de música se realizan los dias viernes y sabados a partir de las 3:30 pm.
B12: FALSE | C12: FALSE | D12: FALSE | E12: =IFERROR(__xludf.DUMMYFUNCTION("""COMPUTED_VALUE"""),"TALLER DE DANZA") -> TALLER DE DANZA | F12: =IFERROR(__xludf.DUMMYFUNCTION("""COMPUTED_VALUE"""),"Taller de Danza del proceso formativo de la escuela de formación artística Talentos 2025: 27 sesiones, 2 sesiones semanales de 3 horas catedra cada una.") -> Taller de Danza del proceso formativo de la escuela de formación artística Talentos 2025: 27 sesiones, 2 sesiones semanales de 3 horas catedra cada una. | G12: =IFERROR(__xludf.DUMMYFUNCTION("""COMPUTED_VALUE"""),"Presencial") -> Presencial | H12: =IFERROR(__xludf.DUMMYFUNCTION("""COMPUTED_VALUE"""),"Formación") -> Formación | I12: =IFERROR(__xludf.DUMMYFUNCTION("""COMPUTED_VALUE"""),"Opción 1") -> Opción 1 | J12: =IFERROR(__xludf.DUMMYFUNCTION("""COMPUTED_VALUE"""),"Proyectos locales e interlocales") -> Proyectos locales e interlocales | K12: =IFERROR(__xludf.DUMMYFUNCTION("""COMPUTED_VALUE"""),"Taller") -> Taller | L12: =IFERROR(__xludf.DUMMYFUNCTION("""COMPUTED_VALUE"""),1.0) -> 1 | M12: =IFERROR(__xludf.DUMMYFUNCTION("""COMPUTED_VALUE"""),45850.0) -> 45850 | N12: =IFERROR(__xludf.DUMMYFUNCTION("""COMPUTED_VALUE"""),45956.0) -> 45956 | O12: =IFERROR(__xludf.DUMMYFUNCTION("""COMPUTED_VALUE"""),"A.M.") -> A.M. | P12: =IFERROR(__xludf.DUMMYFUNCTION("""COMPUTED_VALUE"""),0.3333333333321207) -> 0.33333333 | Q12: =IFERROR(__xludf.DUMMYFUNCTION("""COMPUTED_VALUE"""),"Infancia (6-12 años), Adolescencia (13-17 años)") -> Infancia (6-12 años), Adolescencia (13-17 años) | R12: =IFERROR(__xludf.DUMMYFUNCTION("""COMPUTED_VALUE"""),"No") -> No | AA12: =IFERROR(__xludf.DUMMYFUNCTION("""COMPUTED_VALUE"""),"FUNDACION ESPACIOS DE VIDA") -> FUNDACION ESPACIOS DE VIDA | AB12: =IFERROR(__xludf.DUMMYFUNCTION("""COMPUTED_VALUE"""),"NO") -> NO | AC12: =IFERROR(__xludf.DUMMYFUNCTION("""COMPUTED_VALUE"""),20.0) -> 20 | AD12: =IFERROR(__xludf.DUMMYFUNCTION("""COMPUTED_VALUE"""),"8. Kennedy") -> 8. Kennedy | AE12: =IFERROR(__xludf.DUMMYFUNCTION("""COMPUTED_VALUE"""),82.0) -> 82 | AF12: =IFERROR(__xludf.DUMMYFUNCTION("""COMPUTED_VALUE"""),"PATIO BONITO 3") -> PATIO BONITO 3 | AG12: =IFERROR(__xludf.DUMMYFUNCTION("""COMPUTED_VALUE"""),"Local") -> Local | AH12: =IFERROR(__xludf.DUMMYFUNCTION("""COMPUTED_VALUE"""),"PRIVADO") -> PRIVADO | AI12: =IFERROR(__xludf.DUMMYFUNCTION("""COMPUTED_VALUE"""),"ARRENDAMIENTO") -> ARRENDAMIENTO | AJ12: =IFERROR(__xludf.DUMMYFUNCTION("""COMPUTED_VALUE"""),"Gratuito") -> Gratuito | AQ12: =SUM(AN12:AP12) -> 0 | CH12: Los talleres de danza se realizan los dias sabados, a partir de las 8:00 am. y domingos a partir de las 8:30 am.
B13: FALSE | C13: FALSE | D13: FALSE | E13: =IFERROR(__xludf.DUMMYFUNCTION("""COMPUTED_VALUE"""),"TALLER DE BALLET") -> TALLER DE BALLET | F13: =IFERROR(__xludf.DUMMYFUNCTION("""COMPUTED_VALUE"""),"Taller de Ballet del proceso formativo de la escuela de formación artística Talentos 2025: 27 sesiones, 2 sesiones semanales de 3 horas catedra cada una.") -> Taller de Ballet del proceso formativo de la escuela de formación artística Talentos 2025: 27 sesiones, 2 sesiones semanales de 3 horas catedra cada una. | G13: =IFERROR(__xludf.DUMMYFUNCTION("""COMPUTED_VALUE"""),"Presencial") -> Presencial | H13: =IFERROR(__xludf.DUMMYFUNCTION("""COMPUTED_VALUE"""),"Formación") -> Formación | I13: =IFERROR(__xludf.DUMMYFUNCTION("""COMPUTED_VALUE"""),"Opción 1") -> Opción 1 | J13: =IFERROR(__xludf.DUMMYFUNCTION("""COMPUTED_VALUE"""),"Proyectos locales e interlocales") -> Proyectos locales e interlocales | K13: =IFERROR(__xludf.DUMMYFUNCTION("""COMPUTED_VALUE"""),"Taller") -> Taller | L13: =IFERROR(__xludf.DUMMYFUNCTION("""COMPUTED_VALUE"""),1.0) -> 1 | M13: =IFERROR(__xludf.DUMMYFUNCTION("""COMPUTED_VALUE"""),45850.0) -> 45850 | N13: =IFERROR(__xludf.DUMMYFUNCTION("""COMPUTED_VALUE"""),45949.0) -> 45949 | O13: =IFERROR(__xludf.DUMMYFUNCTION("""COMPUTED_VALUE"""),"A.M.") -> A.M. | P13: =IFERROR(__xludf.DUMMYFUNCTION("""COMPUTED_VALUE"""),0.4375) -> 0.4375 | Q13: =IFERROR(__xludf.DUMMYFUNCTION("""COMPUTED_VALUE"""),"Infancia (6-12 años), Adolescencia (13-17 años)") -> Infancia (6-12 años), Adolescencia (13-17 años) | R13: =IFERROR(__xludf.DUMMYFUNCTION("""COMPUTED_VALUE"""),"No") -> No | AA13: =IFERROR(__xludf.DUMMYFUNCTION("""COMPUTED_VALUE"""),"FUNDACION ESPACIOS DE VIDA") -> FUNDACION ESPACIOS DE VIDA | AB13: =IFERROR(__xludf.DUMMYFUNCTION("""COMPUTED_VALUE"""),"NO") -> NO | AC13: =IFERROR(__xludf.DUMMYFUNCTION("""COMPUTED_VALUE"""),20.0) -> 20 | AD13: =IFERROR(__xludf.DUMMYFUNCTION("""COMPUTED_VALUE"""),"8. Kennedy") -> 8. Kennedy | AE13: =IFERROR(__xludf.DUMMYFUNCTION("""COMPUTED_VALUE"""),82.0) -> 82 | AF13: =IFERROR(__xludf.DUMMYFUNCTION("""COMPUTED_VALUE"""),"PATIO BONITO 3") -> PATIO BONITO 3 | AG13: =IFERROR(__xludf.DUMMYFUNCTION("""COMPUTED_VALUE"""),"Local") -> Local | AH13: =IFERROR(__xludf.DUMMYFUNCTION("""COMPUTED_VALUE"""),"PRIVADO") -> PRIVADO | AI13: =IFERROR(__xludf.DUMMYFUNCTION("""COMPUTED_VALUE"""),"ARRENDAMIENTO") -> ARRENDAMIENTO | AJ13: =IFERROR(__xludf.DUMMYFUNCTION("""COMPUTED_VALUE"""),"Gratuito") -> Gratuito | AQ13: =SUM(AN13:AP13) -> 0 | CH13: Los talleres de ballet se realizan los dias sabados, a partir de las 10:30 am. y miercoles a partir de las 3:00 pm.
B14: FALSE | C14: FALSE | D14: FALSE | E14: =IFERROR(__xludf.DUMMYFUNCTION("""COMPUTED_VALUE"""),"TALLER DE AUDIOVISUALES") -> TALLER DE AUDIOVISUALES | F14: =IFERROR(__xludf.DUMMYFUNCTION("""COMPUTED_VALUE"""),"Taller de Audiovisuales del proceso formativo de la escuela de formación artística Talentos 2025: 27 sesiones, 2 sesiones semanales de 3 horas catedra cada una.") -> Taller de Audiovisuales del proceso formativo de la escuela de formación artística Talentos 2025: 27 sesiones, 2 sesiones semanales de 3 horas catedra cada una. | G14: =IFERROR(__xludf.DUMMYFUNCTION("""COMPUTED_VALUE"""),"Presencial") -> Presencial | H14: =IFERROR(__xludf.DUMMYFUNCTION("""COMPUTED_VALUE"""),"Formación") -> Formación | I14: =IFERROR(__xludf.DUMMYFUNCTION("""COMPUTED_VALUE"""),"Opción 1") -> Opción 1 | J14: =IFERROR(__xludf.DUMMYFUNCTION("""COMPUTED_VALUE"""),"Proyectos locales e interlocales") -> Proyectos locales e interlocales | K14: =IFERROR(__xludf.DUMMYFUNCTION("""COMPUTED_VALUE"""),"Taller") -> Taller | L14: =IFERROR(__xludf.DUMMYFUNCTION("""COMPUTED_VALUE"""),1.0) -> 1 | M14: =IFERROR(__xludf.DUMMYFUNCTION("""COMPUTED_VALUE"""),45850.0) -> 45850 | N14: =IFERROR(__xludf.DUMMYFUNCTION("""COMPUTED_VALUE"""),45955.0) -> 45955 | O14: =IFERROR(__xludf.DUMMYFUNCTION("""COMPUTED_VALUE"""),"P.M.") -> P.M. | P14: =IFERROR(__xludf.DUMMYFUNCTION("""COMPUTED_VALUE"""),0.041666666667879326) -> 0.041666667 | Q14: =IFERROR(__xludf.DUMMYFUNCTION("""COMPUTED_VALUE"""),"Infancia (6-12 años), Adolescencia (13-17 años)") -> Infancia (6-12 años), Adolescencia (13-17 años) | R14: =IFERROR(__xludf.DUMMYFUNCTION("""COMPUTED_VALUE"""),"No") -> No | AA14: =IFERROR(__xludf.DUMMYFUNCTION("""COMPUTED_VALUE"""),"FUNDACION ESPACIOS DE VIDA") -> FUNDACION ESPACIOS DE VIDA | AB14: =IFERROR(__xludf.DUMMYFUNCTION("""COMPUTED_VALUE"""),"NO") -> NO | AC14: =IFERROR(__xludf.DUMMYFUNCTION("""COMPUTED_VALUE"""),20.0) -> 20 | AD14: =IFERROR(__xludf.DUMMYFUNCTION("""COMPUTED_VALUE"""),"8. Kennedy") -> 8. Kennedy | AE14: =IFERROR(__xludf.DUMMYFUNCTION("""COMPUTED_VALUE"""),82.0) -> 82 | AF14: =IFERROR(__xludf.DUMMYFUNCTION("""COMPUTED_VALUE"""),"PATIO BONITO 3") -> PATIO BONITO 3 | AG14: =IFERROR(__xludf.DUMMYFUNCTION("""COMPUTED_VALUE"""),"Local") -> Local | AH14: =IFERROR(__xludf.DUMMYFUNCTION("""COMPUTED_VALUE"""),"PRIVADO") -> PRIVADO | AI14: =IFERROR(__xludf.DUMMYFUNCTION("""COMPUTED_VALUE"""),"ARRENDAMIENTO") -> ARRENDAMIENTO | AJ14: =IFERROR(__xludf.DUMMYFUNCTION("""COMPUTED_VALUE"""),"Gratuito") -> Gratuito | AQ14: =SUM(AN14:AP14) -> 0 | CH14: Los talleres de audiovisuales se realizan los dias sabados a partir de la 1:00 pm. y los domingos a partir de la 1:30 pm.
B15: FALSE | C15: FALSE | D15: FALSE | E15: =IFERROR(__xludf.DUMMYFUNCTION("""COMPUTED_VALUE"""),"FUNCIÓN ARTÍSTICA") -> FUNCIÓN ARTÍSTICA | F15: =IFERROR(__xludf.DUMMYFUNCTION("""COMPUTED_VALUE"""),"PRESENTACION ARTISTICA EN EL MARCO DEL 7° FESTIVAL TALENTOS") -> PRESENTACION ARTISTICA EN EL MARCO DEL 7° FESTIVAL TALENTOS | G15: =IFERROR(__xludf.DUMMYFUNCTION("""COMPUTED_VALUE"""),"Presencial") -> Presencial | H15: =IFERROR(__xludf.DUMMYFUNCTION("""COMPUTED_VALUE"""),"Circulación") -> Circulación | I15: =IFERROR(__xludf.DUMMYFUNCTION("""COMPUTED_VALUE"""),"Opción 1") -> Opción 1 | J15: =IFERROR(__xludf.DUMMYFUNCTION("""COMPUTED_VALUE"""),"Proyectos locales e interlocales") -> Proyectos locales e interlocales | K15: =IFERROR(__xludf.DUMMYFUNCTION("""COMPUTED_VALUE"""),"Presentación artística") -> Presentación artística | L15: =IFERROR(__xludf.DUMMYFUNCTION("""COMPUTED_VALUE"""),1.0) -> 1 | M15: =IFERROR(__xludf.DUMMYFUNCTION("""COMPUTED_VALUE"""),45850.0) -> 45850 | N15: =IFERROR(__xludf.DUMMYFUNCTION("""COMPUTED_VALUE"""),45850.0) -> 45850 | O15: =IFERROR(__xludf.DUMMYFUNCTION("""COMPUTED_VALUE"""),"P.M.") -> P.M. | P15: =IFERROR(__xludf.DUMMYFUNCTION("""COMPUTED_VALUE"""),0.2708333333321207) -> 0.27083333 | Q15: =IFERROR(__xludf.DUMMYFUNCTION("""COMPUTED_VALUE"""),"Sin enfoque poblacional") -> Sin enfoque poblacional | R15: =IFERROR(__xludf.DUMMYFUNCTION("""COMPUTED_VALUE"""),"No") -> No | AA15: =IFERROR(__xludf.DUMMYFUNCTION("""COMPUTED_VALUE"""),"FUNDACION ESPACIOS DE VIDA") -> FUNDACION ESPACIOS DE VIDA | AB15: =IFERROR(__xludf.DUMMYFUNCTION("""COMPUTED_VALUE"""),"NO") -> NO | AC15: =IFERROR(__xludf.DUMMYFUNCTION("""COMPUTED_VALUE"""),50.0) -> 50 | AD15: =IFERROR(__xludf.DUMMYFUNCTION("""COMPUTED_VALUE"""),"8. Kennedy") -> 8. Kennedy | AE15: =IFERROR(__xludf.DUMMYFUNCTION("""COMPUTED_VALUE"""),82.0) -> 82 | AF15: =IFERROR(__xludf.DUMMYFUNCTION("""COMPUTED_VALUE"""),"PATIO BONITO 3") -> PATIO BONITO 3 | AG15: =IFERROR(__xludf.DUMMYFUNCTION("""COMPUTED_VALUE"""),"Local") -> Local | AH15: =IFERROR(__xludf.DUMMYFUNCTION("""COMPUTED_VALUE"""),"PRIVADO") -> PRIVADO | AI15: =IFERROR(__xludf.DUMMYFUNCTION("""COMPUTED_VALUE"""),"ARRENDAMIENTO") -> ARRENDAMIENTO | AJ15: =IFERROR(__xludf.DUMMYFUNCTION("""COMPUTED_VALUE"""),"Gratuito") -> Gratuito | AK15: 1 | AM15: 50 | AN15: 26 | AO15: 23 | AQ15: =SUM(AN15:AP15) -> 49 | AR15: 23 | AS15: 26 | AV15: 23 | AY15: 1 | AZ15: 5 | BA15: 8 | BB15: 8 | BC15: 15 | BD15: 1 | BP15: 46 | CH15: Presentación artística de la Academia de Salsa Salsabogo
B16: FALSE | C16: FALSE | D16: FALSE | E16: =IFERROR(__xludf.DUMMYFUNCTION("""COMPUTED_VALUE"""),"TALLER DE ARTES PLASTICAS") -> TALLER DE ARTES PLASTICAS | F16: =IFERROR(__xludf.DUMMYFUNCTION("""COMPUTED_VALUE"""),"Taller de Artes Plásticas del proceso formativo de la escuela de formación artística Talentos 2025: 27 sesiones, 2 sesiones semanales de 3 horas catedra cada una.") -> Taller de Artes Plásticas del proceso formativo de la escuela de formación artística Talentos 2025: 27 sesiones, 2 sesiones semanales de 3 horas catedra cada una. | G16: =IFERROR(__xludf.DUMMYFUNCTION("""COMPUTED_VALUE"""),"Presencial") -> Presencial | H16: =IFERROR(__xludf.DUMMYFUNCTION("""COMPUTED_VALUE"""),"Formación") -> Formación | I16: =IFERROR(__xludf.DUMMYFUNCTION("""COMPUTED_VALUE"""),"Opción 1") -> Opción 1 | J16: =IFERROR(__xludf.DUMMYFUNCTION("""COMPUTED_VALUE"""),"Proyectos locales e interlocales") -> Proyectos locales e interlocales | K16: =IFERROR(__xludf.DUMMYFUNCTION("""COMPUTED_VALUE"""),"Taller") -> Taller | L16: =IFERROR(__xludf.DUMMYFUNCTION("""COMPUTED_VALUE"""),1.0) -> 1 | M16: =IFERROR(__xludf.DUMMYFUNCTION("""COMPUTED_VALUE"""),45862.0) -> 45862 | N16: =IFERROR(__xludf.DUMMYFUNCTION("""COMPUTED_VALUE"""),45946.0) -> 45946 | O16: =IFERROR(__xludf.DUMMYFUNCTION("""COMPUTED_VALUE"""),"P.M.") -> P.M. | P16: =IFERROR(__xludf.DUMMYFUNCTION("""COMPUTED_VALUE"""),0.14583333333212067) -> 0.14583333 | Q16: =IFERROR(__xludf.DUMMYFUNCTION("""COMPUTED_VALUE"""),"Infancia (6-12 años), Adolescencia (13-17 años)") -> Infancia (6-12 años), Adolescencia (13-17 años) | R16: =IFERROR(__xludf.DUMMYFUNCTION("""COMPUTED_VALUE"""),"No") -> No | AA16: =IFERROR(__xludf.DUMMYFUNCTION("""COMPUTED_VALUE"""),"FUNDACION ESPACIOS DE VIDA") -> FUNDACION ESPACIOS DE VIDA | AB16: =IFERROR(__xludf.DUMMYFUNCTION("""COMPUTED_VALUE"""),"NO") -> NO | AC16: =IFERROR(__xludf.DUMMYFUNCTION("""COMPUTED_VALUE"""),20.0) -> 20 | AD16: =IFERROR(__xludf.DUMMYFUNCTION("""COMPUTED_VALUE"""),"8. Kennedy") -> 8. Kennedy | AE16: =IFERROR(__xludf.DUMMYFUNCTION("""COMPUTED_VALUE"""),82.0) -> 82 | AF16: =IFERROR(__xludf.DUMMYFUNCTION("""COMPUTED_VALUE"""),"PATIO BONITO 3") -> PATIO BONITO 3 | AG16: =IFERROR(__xludf.DUMMYFUNCTION("""COMPUTED_VALUE"""),"Local") -> Local | AH16: =IFERROR(__xludf.DUMMYFUNCTION("""COMPUTED_VALUE"""),"PRIVADO") -> PRIVADO | AI16: =IFERROR(__xludf.DUMMYFUNCTION("""COMPUTED_VALUE"""),"ARRENDAMIENTO") -> ARRENDAMIENTO | AJ16: =IFERROR(__xludf.DUMMYFUNCTION("""COMPUTED_VALUE"""),"Gratuito") -> Gratuito | AQ16: =SUM(AN16:AP16) -> 0
B17: FALSE | C17: FALSE | D17: FALSE | E17: =IFERROR(__xludf.DUMMYFUNCTION("""COMPUTED_VALUE"""),"FUNCION ARTISTICA") -> FUNCION ARTISTICA | F17: =IFERROR(__xludf.DUMMYFUNCTION("""COMPUTED_VALUE"""),"PRESENTACION ARTISTICA EN EL MARCO DEL 7° FESTIVAL TALENTOS") -> PRESENTACION ARTISTICA EN EL MARCO DEL 7° FESTIVAL TALENTOS | G17: =IFERROR(__xludf.DUMMYFUNCTION("""COMPUTED_VALUE"""),"Presencial") -> Presencial | H17: =IFERROR(__xludf.DUMMYFUNCTION("""COMPUTED_VALUE"""),"Circulación") -> Circulación | I17: =IFERROR(__xludf.DUMMYFUNCTION("""COMPUTED_VALUE"""),"Opción 1") -> Opción 1 | J17: =IFERROR(__xludf.DUMMYFUNCTION("""COMPUTED_VALUE"""),"Proyectos locales e interlocales") -> Proyectos locales e interlocales | K17: =IFERROR(__xludf.DUMMYFUNCTION("""COMPUTED_VALUE"""),"Presentación artística") -> Presentación artística | L17: =IFERROR(__xludf.DUMMYFUNCTION("""COMPUTED_VALUE"""),1.0) -> 1 | M17: =IFERROR(__xludf.DUMMYFUNCTION("""COMPUTED_VALUE"""),45856.0) -> 45856 | N17: =IFERROR(__xludf.DUMMYFUNCTION("""COMPUTED_VALUE"""),45856.0) -> 45856 | O17: =IFERROR(__xludf.DUMMYFUNCTION("""COMPUTED_VALUE"""),"A.M.") -> A.M. | P17: =IFERROR(__xludf.DUMMYFUNCTION("""COMPUTED_VALUE"""),0.4166666666678793) -> 0.41666667 | Q17: =IFERROR(__xludf.DUMMYFUNCTION("""COMPUTED_VALUE"""),"Sin enfoque poblacional") -> Sin enfoque poblacional | R17: =IFERROR(__xludf.DUMMYFUNCTION("""COMPUTED_VALUE"""),"No") -> No | AA17: =IFERROR(__xludf.DUMMYFUNCTION("""COMPUTED_VALUE"""),"FUNDACION ESPACIOS DE VIDA") -> FUNDACION ESPACIOS DE VIDA | AB17: =IFERROR(__xludf.DUMMYFUNCTION("""COMPUTED_VALUE"""),"NO") -> NO | AC17: =IFERROR(__xludf.DUMMYFUNCTION("""COMPUTED_VALUE"""),50.0) -> 50 | AD17: =IFERROR(__xludf.DUMMYFUNCTION("""COMPUTED_VALUE"""),"8. Kennedy") -> 8. Kennedy | AE17: =IFERROR(__xludf.DUMMYFUNCTION("""COMPUTED_VALUE"""),82.0) -> 82 | AF17: =IFERROR(__xludf.DUMMYFUNCTION("""COMPUTED_VALUE"""),"PATIO BONITO 3") -> PATIO BONITO 3 | AG17: =IFERROR(__xludf.DUMMYFUNCTION("""COMPUTED_VALUE"""),"Local") -> Local | AH17: =IFERROR(__xludf.DUMMYFUNCTION("""COMPUTED_VALUE"""),"PRIVADO") -> PRIVADO | AI17: =IFERROR(__xludf.DUMMYFUNCTION("""COMPUTED_VALUE"""),"ARRENDAMIENTO") -> ARRENDAMIENTO | AJ17: =IFERROR(__xludf.DUMMYFUNCTION("""COMPUTED_VALUE"""),"Gratuito") -> Gratuito | AK17: 1 | AM17: 53 | AN17: 29 | AO17: 24 | AQ17: =SUM(AN17:AP17) -> 53 | AR17: 24 | AS17: 29 | AZ17: 50 | BP17: 53 | CH17: Presentación artística de la Agrupación Circo Kabuki Teatro
B18: FALSE | C18: FALSE | D18: FALSE | E18: =IFERROR(__xludf.DUMMYFUNCTION("""COMPUTED_VALUE"""),"FUNCION ARTISTICA") -> FUNCION ARTISTICA | F18: =IFERROR(__xludf.DUMMYFUNCTION("""COMPUTED_VALUE"""),"PRESENTACION ARTISTICA EN EL MARCO DEL 7° FESTIVAL TALENTOS") -> PRESENTACION ARTISTICA EN EL MARCO DEL 7° FESTIVAL TALENTOS | G18: =IFERROR(__xludf.DUMMYFUNCTION("""COMPUTED_VALUE"""),"Presencial") -> Presencial | H18: =IFERROR(__xludf.DUMMYFUNCTION("""COMPUTED_VALUE"""),"Circulación") -> Circulación | I18: =IFERROR(__xludf.DUMMYFUNCTION("""COMPUTED_VALUE"""),"Opción 1") -> Opción 1 | J18: =IFERROR(__xludf.DUMMYFUNCTION("""COMPUTED_VALUE"""),"Proyectos locales e interlocales") -> Proyectos locales e interlocales | K18: =IFERROR(__xludf.DUMMYFUNCTION("""COMPUTED_VALUE"""),"Presentación artística") -> Presentación artística | L18: =IFERROR(__xludf.DUMMYFUNCTION("""COMPUTED_VALUE"""),1.0) -> 1 | M18: =IFERROR(__xludf.DUMMYFUNCTION("""COMPUTED_VALUE"""),45857.0) -> 45857 | N18: =IFERROR(__xludf.DUMMYFUNCTION("""COMPUTED_VALUE"""),45857.0) -> 45857 | O18: =IFERROR(__xludf.DUMMYFUNCTION("""COMPUTED_VALUE"""),"P.M.") -> P.M. | P18: =IFERROR(__xludf.DUMMYFUNCTION("""COMPUTED_VALUE"""),0.2708333333321207) -> 0.27083333 | Q18: =IFERROR(__xludf.DUMMYFUNCTION("""COMPUTED_VALUE"""),"Sin enfoque poblacional") -> Sin enfoque poblacional | R18: =IFERROR(__xludf.DUMMYFUNCTION("""COMPUTED_VALUE"""),"No") -> No | AA18: =IFERROR(__xludf.DUMMYFUNCTION("""COMPUTED_VALUE"""),"FUNDACION ESPACIOS DE VIDA") -> FUNDACION ESPACIOS DE VIDA | AB18: =IFERROR(__xludf.DUMMYFUNCTION("""COMPUTED_VALUE"""),"NO") -> NO | AC18: =IFERROR(__xludf.DUMMYFUNCTION("""COMPUTED_VALUE"""),50.0) -> 50 | AD18: =IFERROR(__xludf.DUMMYFUNCTION("""COMPUTED_VALUE"""),"8. Kennedy") -> 8. Kennedy | AE18: =IFERROR(__xludf.DUMMYFUNCTION("""COMPUTED_VALUE"""),82.0) -> 82 | AF18: =IFERROR(__xludf.DUMMYFUNCTION("""COMPUTED_VALUE"""),"PATIO BONITO 3") -> PATIO BONITO 3 | AG18: =IFERROR(__xludf.DUMMYFUNCTION("""COMPUTED_VALUE"""),"Local") -> Local | AH18: =IFERROR(__xludf.DUMMYFUNCTION("""COMPUTED_VALUE"""),"PRIVADO") -> PRIVADO | AI18: =IFERROR(__xludf.DUMMYFUNCTION("""COMPUTED_VALUE"""),"ARRENDAMIENTO") -> ARRENDAMIENTO | AJ18: =IFERROR(__xludf.DUMMYFUNCTION("""COMPUTED_VALUE"""),"Gratuito") -> Gratuito | AK18: 1 | AM18: 39 | AN18: 18 | AO18: 21 | AQ18: =SUM(AN18:AP18) -> 39 | AR18: 19 | AS18: 20 | AV18: 27 | AW18: 2 | AZ18: 4 | BA18: 5 | BB18: 2 | BC18: 11 | BD18: 8 | BM18: 2 | BP18: 36 | BU18: 2 | CC18: 1 | CG18: 2 | CH18: Presentación artística de la Agrupación La Otra Escena
B19: FALSE | C19: FALSE | D19: FALSE | E19: =IFERROR(__xludf.DUMMYFUNCTION("""COMPUTED_VALUE"""),"FUNCION ARTISTICA") -> FUNCION ARTISTICA | F19: =IFERROR(__xludf.DUMMYFUNCTION("""COMPUTED_VALUE"""),"PRESENTACION ARTISTICA EN EL MARCO DEL 7° FESTIVAL TALENTOS") -> PRESENTACION ARTISTICA EN EL MARCO DEL 7° FESTIVAL TALENTOS | G19: =IFERROR(__xludf.DUMMYFUNCTION("""COMPUTED_VALUE"""),"Presencial") -> Presencial | H19: =IFERROR(__xludf.DUMMYFUNCTION("""COMPUTED_VALUE"""),"Circulación") -> Circulación | I19: =IFERROR(__xludf.DUMMYFUNCTION("""COMPUTED_VALUE"""),"Opción 1") -> Opción 1 | J19: =IFERROR(__xludf.DUMMYFUNCTION("""COMPUTED_VALUE"""),"Proyectos locales e interlocales") -> Proyectos locales e interlocales | K19: =IFERROR(__xludf.DUMMYFUNCTION("""COMPUTED_VALUE"""),"Presentación artística") -> Presentación artística | L19: =IFERROR(__xludf.DUMMYFUNCTION("""COMPUTED_VALUE"""),1.0) -> 1 | M19: =IFERROR(__xludf.DUMMYFUNCTION("""COMPUTED_VALUE"""),45863.0) -> 45863 | N19: =IFERROR(__xludf.DUMMYFUNCTION("""COMPUTED_VALUE"""),45863.0) -> 45863 | O19: =IFERROR(__xludf.DUMMYFUNCTION("""COMPUTED_VALUE"""),"A.M.") -> A.M. | P19: =IFERROR(__xludf.DUMMYFUNCTION("""COMPUTED_VALUE"""),0.4166666666678793) -> 0.41666667 | Q19: =IFERROR(__xludf.DUMMYFUNCTION("""COMPUTED_VALUE"""),"Sin enfoque poblacional") -> Sin enfoque poblacional | R19: =IFERROR(__xludf.DUMMYFUNCTION("""COMPUTED_VALUE"""),"No") -> No | AA19: =IFERROR(__xludf.DUMMYFUNCTION("""COMPUTED_VALUE"""),"FUNDACION ESPACIOS DE VIDA") -> FUNDACION ESPACIOS DE VIDA | AB19: =IFERROR(__xludf.DUMMYFUNCTION("""COMPUTED_VALUE"""),"NO") -> NO | AC19: =IFERROR(__xludf.DUMMYFUNCTION("""COMPUTED_VALUE"""),50.0) -> 50 | AD19: =IFERROR(__xludf.DUMMYFUNCTION("""COMPUTED_VALUE"""),"8. Kennedy") -> 8. Kennedy | AE19: =IFERROR(__xludf.DUMMYFUNCTION("""COMPUTED_VALUE"""),82.0) -> 82 | AF19: =IFERROR(__xludf.DUMMYFUNCTION("""COMPUTED_VALUE"""),"PATIO BONITO 3") -> PATIO BONITO 3 | AG19: =IFERROR(__xludf.DUMMYFUNCTION("""COMPUTED_VALUE"""),"Local") -> Local | AH19: =IFERROR(__xludf.DUMMYFUNCTION("""COMPUTED_VALUE"""),"PRIVADO") -> PRIVADO | AI19: =IFERROR(__xludf.DUMMYFUNCTION("""COMPUTED_VALUE"""),"ARRENDAMIENTO") -> ARRENDAMIENTO | AJ19: =IFERROR(__xludf.DUMMYFUNCTION("""COMPUTED_VALUE"""),"Gratuito") -> Gratuito | AK19: 1 | AM19: 52 | AN19: 24 | AO19: 28 | AQ19: =SUM(AN19:AP19) -> 52 | AR19: 28 | AS19: 24 | AZ19: 51 | CH19: Presentación artistica de la Agrupación Caliche Clown
B20: FALSE | C20: FALSE | D20: FALSE | E20: =IFERROR(__xludf.DUMMYFUNCTION("""COMPUTED_VALUE"""),"FUNCION ARTISTICA") -> FUNCION ARTISTICA | F20: =IFERROR(__xludf.DUMMYFUNCTION("""COMPUTED_VALUE"""),"PRESENTACION ARTISTICA EN EL MARCO DEL 7° FESTIVAL TALENTOS") -> PRESENTACION ARTISTICA EN EL MARCO DEL 7° FESTIVAL TALENTOS | G20: =IFERROR(__xludf.DUMMYFUNCTION("""COMPUTED_VALUE"""),"Presencial") -> Presencial | H20: =IFERROR(__xludf.DUMMYFUNCTION("""COMPUTED_VALUE"""),"Circulación") -> Circulación | I20: =IFERROR(__xludf.DUMMYFUNCTION("""COMPUTED_VALUE"""),"Opción 1") -> Opción 1 | J20: =IFERROR(__xludf.DUMMYFUNCTION("""COMPUTED_VALUE"""),"Proyectos locales e interlocales") -> Proyectos locales e interlocales | K20: =IFERROR(__xludf.DUMMYFUNCTION("""COMPUTED_VALUE"""),"Presentación artística") -> Presentación artística | L20: =IFERROR(__xludf.DUMMYFUNCTION("""COMPUTED_VALUE"""),1.0) -> 1 | M20: =IFERROR(__xludf.DUMMYFUNCTION("""COMPUTED_VALUE"""),45864.0) -> 45864 | N20: =IFERROR(__xludf.DUMMYFUNCTION("""COMPUTED_VALUE"""),45864.0) -> 45864 | O20: =IFERROR(__xludf.DUMMYFUNCTION("""COMPUTED_VALUE"""),"P.M.") -> P.M. | P20: =IFERROR(__xludf.DUMMYFUNCTION("""COMPUTED_VALUE"""),0.2708333333321207) -> 0.27083333 | Q20: =IFERROR(__xludf.DUMMYFUNCTION("""COMPUTED_VALUE"""),"Sin enfoque poblacional") -> Sin enfoque poblacional | R20: =IFERROR(__xludf.DUMMYFUNCTION("""COMPUTED_VALUE"""),"No") -> No | AA20: =IFERROR(__xludf.DUMMYFUNCTION("""COMPUTED_VALUE"""),"FUNDACION ESPACIOS DE VIDA") -> FUNDACION ESPACIOS DE VIDA | AB20: =IFERROR(__xludf.DUMMYFUNCTION("""COMPUTED_VALUE"""),"NO") -> NO | AC20: =IFERROR(__xludf.DUMMYFUNCTION("""COMPUTED_VALUE"""),50.0) -> 50 | AD20: =IFERROR(__xludf.DUMMYFUNCTION("""COMPUTED_VALUE"""),"8. Kennedy") -> 8. Kennedy | AE20: =IFERROR(__xludf.DUMMYFUNCTION("""COMPUTED_VALUE"""),82.0) -> 82 | AF20: =IFERROR(__xludf.DUMMYFUNCTION("""COMPUTED_VALUE"""),"PATIO BONITO 3") -> PATIO BONITO 3 | AG20: =IFERROR(__xludf.DUMMYFUNCTION("""COMPUTED_VALUE"""),"Local") -> Local | AH20: =IFERROR(__xludf.DUMMYFUNCTION("""COMPUTED_VALUE"""),"PRIVADO") -> PRIVADO | AI20: =IFERROR(__xludf.DUMMYFUNCTION("""COMPUTED_VALUE"""),"ARRENDAMIENTO") -> ARRENDAMIENTO | AJ20: =IFERROR(__xludf.DUMMYFUNCTION("""COMPUTED_VALUE"""),"Gratuito") -> Gratuito | AK20: 1 | AM20: 45 | AN20: 18 | AO20: 14 | AQ20: 45 | AR20: 13 | AS20: 17 | AV20: 24 | AY20: 2 | AZ20: 7 | BA20: 6 | BB20: 7 | BC20: 15 | BD20: 7 | BI20: 1 | CH20: Presentación artística de la Agrupación Constelación Vallenata
B21: FALSE | C21: FALSE | D21: FALSE | E21: =IFERROR(__xludf.DUMMYFUNCTION("""COMPUTED_VALUE"""),"TALLER DE ARTES PLASTICAS") -> TALLER DE ARTES PLASTICAS | F21: =IFERROR(__xludf.DUMMYFUNCTION("""COMPUTED_VALUE"""),"Taller de Artes Plásticas del proceso formativo de la escuela de formación artística Talentos 2025: 27 sesiones, 2 sesiones semanales de 3 horas catedra cada una.") -> Taller de Artes Plásticas del proceso formativo de la escuela de formación artística Talentos 2025: 27 sesiones, 2 sesiones semanales de 3 horas catedra cada una. | G21: =IFERROR(__xludf.DUMMYFUNCTION("""COMPUTED_VALUE"""),"Presencial") -> Presencial | H21: =IFERROR(__xludf.DUMMYFUNCTION("""COMPUTED_VALUE"""),"Formación") -> Formación | I21: =IFERROR(__xludf.DUMMYFUNCTION("""COMPUTED_VALUE"""),"Opción 1") -> Opción 1 | J21: =IFERROR(__xludf.DUMMYFUNCTION("""COMPUTED_VALUE"""),"Proyectos locales e interlocales") -> Proyectos locales e interlocales | K21: =IFERROR(__xludf.DUMMYFUNCTION("""COMPUTED_VALUE"""),"Taller") -> Taller | L21: =IFERROR(__xludf.DUMMYFUNCTION("""COMPUTED_VALUE"""),1.0) -> 1 | M21: =IFERROR(__xludf.DUMMYFUNCTION("""COMPUTED_VALUE"""),45853.0) -> 45853 | N21: =IFERROR(__xludf.DUMMYFUNCTION("""COMPUTED_VALUE"""),45946.0) -> 45946 | O21: =IFERROR(__xludf.DUMMYFUNCTION("""COMPUTED_VALUE"""),"P.M.") -> P.M. | P21: =IFERROR(__xludf.DUMMYFUNCTION("""COMPUTED_VALUE"""),0.14583333333212067) -> 0.14583333 | Q21: =IFERROR(__xludf.DUMMYFUNCTION("""COMPUTED_VALUE"""),"Infancia (6-12 años), Adolescencia (13-17 años)") -> Infancia (6-12 años), Adolescencia (13-17 años) | R21: =IFERROR(__xludf.DUMMYFUNCTION("""COMPUTED_VALUE"""),"No") -> No | AA21: =IFERROR(__xludf.DUMMYFUNCTION("""COMPUTED_VALUE"""),"FUNDACION ESPACIOS DE VIDA") -> FUNDACION ESPACIOS DE VIDA | AB21: =IFERROR(__xludf.DUMMYFUNCTION("""COMPUTED_VALUE"""),"NO") -> NO | AC21: =IFERROR(__xludf.DUMMYFUNCTION("""COMPUTED_VALUE"""),20.0) -> 20 | AD21: =IFERROR(__xludf.DUMMYFUNCTION("""COMPUTED_VALUE"""),"8. Kennedy") -> 8. Kennedy | AE21: =IFERROR(__xludf.DUMMYFUNCTION("""COMPUTED_VALUE"""),82.0) -> 82 | AF21: =IFERROR(__xludf.DUMMYFUNCTION("""COMPUTED_VALUE"""),"PATIO BONITO 3") -> PATIO BONITO 3 | AG21: =IFERROR(__xludf.DUMMYFUNCTION("""COMPUTED_VALUE"""),"Local") -> Local | AH21: =IFERROR(__xludf.DUMMYFUNCTION("""COMPUTED_VALUE"""),"PRIVADO") -> PRIVADO | AI21: =IFERROR(__xludf.DUMMYFUNCTION("""COMPUTED_VALUE"""),"ARRENDAMIENTO") -> ARRENDAMIENTO | AJ21: =IFERROR(__xludf.DUMMYFUNCTION("""COMPUTED_VALUE"""),"Gratuito") -> Gratuito | AQ21: =SUM(AN21:AP21) -> 0 | CH21: Los talleres de artes plasticas se realizan los dias martes y jueves a partir de las 3:30 pm.
B22: FALSE | C22: FALSE | D22: FALSE | E22: =IFERROR(__xludf.DUMMYFUNCTION("""COMPUTED_VALUE"""),"FUNCION ARTISTICA") -> FUNCION ARTISTICA | F22: =IFERROR(__xludf.DUMMYFUNCTION("""COMPUTED_VALUE"""),"PRESENTACION ARTISTICA EN EL MARCO DEL 7° FESTIVAL TALENTOS") -> PRESENTACION ARTISTICA EN EL MARCO DEL 7° FESTIVAL TALENTOS | G22: =IFERROR(__xludf.DUMMYFUNCTION("""COMPUTED_VALUE"""),"Presencial") -> Presencial | H22: =IFERROR(__xludf.DUMMYFUNCTION("""COMPUTED_VALUE"""),"Circulación") -> Circulación | I22: =IFERROR(__xludf.DUMMYFUNCTION("""COMPUTED_VALUE"""),"Opción 1") -> Opción 1 | J22: =IFERROR(__xludf.DUMMYFUNCTION("""COMPUTED_VALUE"""),"Proyectos locales e interlocales") -> Proyectos locales e interlocales | K22: =IFERROR(__xludf.DUMMYFUNCTION("""COMPUTED_VALUE"""),"Presentación artística") -> Presentación artística | L22: =IFERROR(__xludf.DUMMYFUNCTION("""COMPUTED_VALUE"""),1.0) -> 1 | M22: =IFERROR(__xludf.DUMMYFUNCTION("""COMPUTED_VALUE"""),45870.0) -> 45870 | N22: =IFERROR(__xludf.DUMMYFUNCTION("""COMPUTED_VALUE"""),45870.0) -> 45870 | O22: =IFERROR(__xludf.DUMMYFUNCTION("""COMPUTED_VALUE"""),"A.M.") -> A.M. | P22: =IFERROR(__xludf.DUMMYFUNCTION("""COMPUTED_VALUE"""),0.4166666666678793) -> 0.41666667 | Q22: =IFERROR(__xludf.DUMMYFUNCTION("""COMPUTED_VALUE"""),"Sin enfoque poblacional") -> Sin enfoque poblacional | R22: =IFERROR(__xludf.DUMMYFUNCTION("""COMPUTED_VALUE"""),"No") -> No | AA22: =IFERROR(__xludf.DUMMYFUNCTION("""COMPUTED_VALUE"""),"FUNDACION ESPACIOS DE VIDA") -> FUNDACION ESPACIOS DE VIDA | AB22: =IFERROR(__xludf.DUMMYFUNCTION("""COMPUTED_VALUE"""),"NO") -> NO | AC22: =IFERROR(__xludf.DUMMYFUNCTION("""COMPUTED_VALUE"""),50.0) -> 50 | AD22: =IFERROR(__xludf.DUMMYFUNCTION("""COMPUTED_VALUE"""),"8. Kennedy") -> 8. Kennedy | AE22: =IFERROR(__xludf.DUMMYFUNCTION("""COMPUTED_VALUE"""),82.0) -> 82 | AF22: =IFERROR(__xludf.DUMMYFUNCTION("""COMPUTED_VALUE"""),"PATIO BONITO 3") -> PATIO BONITO 3 | AG22: =IFERROR(__xludf.DUMMYFUNCTION("""COMPUTED_VALUE"""),"Local") -> Local | AH22: =IFERROR(__xludf.DUMMYFUNCTION("""COMPUTED_VALUE"""),"SECTOR ARTÍSTICO") -> SECTOR ARTÍSTICO | AI22: =IFERROR(__xludf.DUMMYFUNCTION("""COMPUTED_VALUE"""),"ARRENDAMIENTO") -> ARRENDAMIENTO | AJ22: =IFERROR(__xludf.DUMMYFUNCTION("""COMPUTED_VALUE"""),"Gratuito") -> Gratuito | AK22: 1 | AM22: 42 | AN22: 22 | AO22: 20 | AQ22: =SUM(AN22:AP22) -> 42 | AR22: 20 | AS22: 22 | AV22: 42 | AY22: 1 | AZ22: 21 | BA22: 20 | CH22: Presentación artística de la Agrupación Titeres Alexamar
B23: FALSE | C23: FALSE | D23: FALSE | E23: =IFERROR(__xludf.DUMMYFUNCTION("""COMPUTED_VALUE"""),"FUNCION ARTISTICA") -> FUNCION ARTISTICA | F23: =IFERROR(__xludf.DUMMYFUNCTION("""COMPUTED_VALUE"""),"PRESENTACION ARTISTICA EN EL MARCO DEL 7° FESTIVAL TALENTOS") -> PRESENTACION ARTISTICA EN EL MARCO DEL 7° FESTIVAL TALENTOS | G23: =IFERROR(__xludf.DUMMYFUNCTION("""COMPUTED_VALUE"""),"Presencial") -> Presencial | H23: =IFERROR(__xludf.DUMMYFUNCTION("""COMPUTED_VALUE"""),"Circulación") -> Circulación | I23: =IFERROR(__xludf.DUMMYFUNCTION("""COMPUTED_VALUE"""),"Opción 1") -> Opción 1 | J23: =IFERROR(__xludf.DUMMYFUNCTION("""COMPUTED_VALUE"""),"Proyectos locales e interlocales") -> Proyectos locales e interlocales | K23: =IFERROR(__xludf.DUMMYFUNCTION("""COMPUTED_VALUE"""),"Presentación artística") -> Presentación artística | L23: =IFERROR(__xludf.DUMMYFUNCTION("""COMPUTED_VALUE"""),1.0) -> 1 | M23: =IFERROR(__xludf.DUMMYFUNCTION("""COMPUTED_VALUE"""),45871.0) -> 45871 | N23: =IFERROR(__xludf.DUMMYFUNCTION("""COMPUTED_VALUE"""),45871.0) -> 45871 | O23: =IFERROR(__xludf.DUMMYFUNCTION("""COMPUTED_VALUE"""),"P.M.") -> P.M. | P23: =IFERROR(__xludf.DUMMYFUNCTION("""COMPUTED_VALUE"""),0.2708333333321207) -> 0.27083333 | Q23: =IFERROR(__xludf.DUMMYFUNCTION("""COMPUTED_VALUE"""),"Sin enfoque poblacional") -> Sin enfoque poblacional | R23: =IFERROR(__xludf.DUMMYFUNCTION("""COMPUTED_VALUE"""),"No") -> No | AA23: =IFERROR(__xludf.DUMMYFUNCTION("""COMPUTED_VALUE"""),"FUNDACION ESPACIOS DE VIDA") -> FUNDACION ESPACIOS DE VIDA | AB23: =IFERROR(__xludf.DUMMYFUNCTION("""COMPUTED_VALUE"""),"NO") -> NO | AC23: =IFERROR(__xludf.DUMMYFUNCTION("""COMPUTED_VALUE"""),50.0) -> 50 | AD23: =IFERROR(__xludf.DUMMYFUNCTION("""COMPUTED_VALUE"""),"8. Kennedy") -> 8. Kennedy | AE23: =IFERROR(__xludf.DUMMYFUNCTION("""COMPUTED_VALUE"""),82.0) -> 82 | AF23: =IFERROR(__xludf.DUMMYFUNCTION("""COMPUTED_VALUE"""),"PATIO BONITO 3") -> PATIO BONITO 3 | AG23: =IFERROR(__xludf.DUMMYFUNCTION("""COMPUTED_VALUE"""),"Local") -> Local | AH23: =IFERROR(__xludf.DUMMYFUNCTION("""COMPUTED_VALUE"""),"PRIVADO") -> PRIVADO | AI23: =IFERROR(__xludf.DUMMYFUNCTION("""COMPUTED_VALUE"""),"ARRENDAMIENTO") -> ARRENDAMIENTO | AJ23: =IFERROR(__xludf.DUMMYFUNCTION("""COMPUTED_VALUE"""),"Gratuito") -> Gratuito | AK23: 1 | AM23: 48 | AN23: 18 | AO23: 12 | AQ23: 48 | AR23: 12 | AS23: 18 | AV23: 7 | AW23: 1 | AY23: 2 | AZ23: 9 | BA23: 7 | BB23: 5 | BC23: 7 | BD23: 1 | CH23: Presentación artística de la Agrupación Senderos Colombianos
B24: FALSE | C24: FALSE | D24: FALSE | E24: =IFERROR(__xludf.DUMMYFUNCTION("""COMPUTED_VALUE"""),"FUNCION ARTISTICA") -> FUNCION ARTISTICA | F24: =IFERROR(__xludf.DUMMYFUNCTION("""COMPUTED_VALUE"""),"PRESENTACION ARTISTICA EN EL MARCO DEL 7° FESTIVAL TALENTOS") -> PRESENTACION ARTISTICA EN EL MARCO DEL 7° FESTIVAL TALENTOS | G24: =IFERROR(__xludf.DUMMYFUNCTION("""COMPUTED_VALUE"""),"Presencial") -> Presencial | H24: =IFERROR(__xludf.DUMMYFUNCTION("""COMPUTED_VALUE"""),"Circulación") -> Circulación | I24: =IFERROR(__xludf.DUMMYFUNCTION("""COMPUTED_VALUE"""),"Opción 1") -> Opción 1 | J24: =IFERROR(__xludf.DUMMYFUNCTION("""COMPUTED_VALUE"""),"Proyectos locales e interlocales") -> Proyectos locales e interlocales | K24: =IFERROR(__xludf.DUMMYFUNCTION("""COMPUTED_VALUE"""),"Presentación artística") -> Presentación artística | L24: =IFERROR(__xludf.DUMMYFUNCTION("""COMPUTED_VALUE"""),1.0) -> 1 | M24: =IFERROR(__xludf.DUMMYFUNCTION("""COMPUTED_VALUE"""),45877.0) -> 45877 | N24: =IFERROR(__xludf.DUMMYFUNCTION("""COMPUTED_VALUE"""),45877.0) -> 45877 | O24: =IFERROR(__xludf.DUMMYFUNCTION("""COMPUTED_VALUE"""),"A.M.") -> A.M. | P24: =IFERROR(__xludf.DUMMYFUNCTION("""COMPUTED_VALUE"""),0.4166666666678793) -> 0.41666667 | Q24: =IFERROR(__xludf.DUMMYFUNCTION("""COMPUTED_VALUE"""),"Sin enfoque poblacional") -> Sin enfoque poblacional | R24: =IFERROR(__xludf.DUMMYFUNCTION("""COMPUTED_VALUE"""),"No") -> No | AA24: =IFERROR(__xludf.DUMMYFUNCTION("""COMPUTED_VALUE"""),"FUNDACION ESPACIOS DE VIDA") -> FUNDACION ESPACIOS DE VIDA | AB24: =IFERROR(__xludf.DUMMYFUNCTION("""COMPUTED_VALUE"""),"NO") -> NO | AC24: =IFERROR(__xludf.DUMMYFUNCTION("""COMPUTED_VALUE"""),50.0) -> 50 | AD24: =IFERROR(__xludf.DUMMYFUNCTION("""COMPUTED_VALUE"""),"8. Kennedy") -> 8. Kennedy | AE24: =IFERROR(__xludf.DUMMYFUNCTION("""COMPUTED_VALUE"""),82.0) -> 82 | AF24: =IFERROR(__xludf.DUMMYFUNCTION("""COMPUTED_VALUE"""),"PATIO BONITO 3") -> PATIO BONITO 3 | AG24: =IFERROR(__xludf.DUMMYFUNCTION("""COMPUTED_VALUE"""),"Local") -> Local | AH24: =IFERROR(__xludf.DUMMYFUNCTION("""COMPUTED_VALUE"""),"PRIVADO") -> PRIVADO | AI24: =IFERROR(__xludf.DUMMYFUNCTION("""COMPUTED_VALUE"""),"ARRENDAMIENTO") -> ARRENDAMIENTO | AJ24: =IFERROR(__xludf.DUMMYFUNCTION("""COMPUTED_VALUE"""),"Gratuito") -> Gratuito | AK24: 1 | AM24: 66 | AN24: 20 | AO24: 10 | AQ24: 66 | AR24: 10 | AS24: 20 | AV24: 27 | AZ24: 62 | BA24: 2 | BC24: 2 | CH24: Presentación artística de la Agrupación Dantexco Teatro
B25: FALSE | C25: FALSE | D25: FALSE | E25: =IFERROR(__xludf.DUMMYFUNCTION("""COMPUTED_VALUE"""),"FUNCION ARTISTICA") -> FUNCION ARTISTICA | F25: =IFERROR(__xludf.DUMMYFUNCTION("""COMPUTED_VALUE"""),"PRESENTACION ARTISTICA EN EL MARCO DEL 7° FESTIVAL TALENTOS") -> PRESENTACION ARTISTICA EN EL MARCO DEL 7° FESTIVAL TALENTOS | G25: =IFERROR(__xludf.DUMMYFUNCTION("""COMPUTED_VALUE"""),"Presencial") -> Presencial | H25: =IFERROR(__xludf.DUMMYFUNCTION("""COMPUTED_VALUE"""),"Circulación") -> Circulación | I25: =IFERROR(__xludf.DUMMYFUNCTION("""COMPUTED_VALUE"""),"Opción 1") -> Opción 1 | J25: =IFERROR(__xludf.DUMMYFUNCTION("""COMPUTED_VALUE"""),"Proyectos locales e interlocales") -> Proyectos locales e interlocales | K25: =IFERROR(__xludf.DUMMYFUNCTION("""COMPUTED_VALUE"""),"Presentación artística") -> Presentación artística | L25: =IFERROR(__xludf.DUMMYFUNCTION("""COMPUTED_VALUE"""),1.0) -> 1 | M25: =IFERROR(__xludf.DUMMYFUNCTION("""COMPUTED_VALUE"""),45878.0) -> 45878 | N25: =IFERROR(__xludf.DUMMYFUNCTION("""COMPUTED_VALUE"""),45878.0) -> 45878 | O25: =IFERROR(__xludf.DUMMYFUNCTION("""COMPUTED_VALUE"""),"P.M.") -> P.M. | P25: =IFERROR(__xludf.DUMMYFUNCTION("""COMPUTED_VALUE"""),0.2708333333321207) -> 0.27083333 | Q25: =IFERROR(__xludf.DUMMYFUNCTION("""COMPUTED_VALUE"""),"Sin enfoque poblacional") -> Sin enfoque poblacional | R25: =IFERROR(__xludf.DUMMYFUNCTION("""COMPUTED_VALUE"""),"No") -> No | AA25: =IFERROR(__xludf.DUMMYFUNCTION("""COMPUTED_VALUE"""),"FUNDACION ESPACIOS DE VIDA") -> FUNDACION ESPACIOS DE VIDA | AB25: =IFERROR(__xludf.DUMMYFUNCTION("""COMPUTED_VALUE"""),"NO") -> NO | AC25: =IFERROR(__xludf.DUMMYFUNCTION("""COMPUTED_VALUE"""),50.0) -> 50 | AD25: =IFERROR(__xludf.DUMMYFUNCTION("""COMPUTED_VALUE"""),"8. Kennedy") -> 8. Kennedy | AE25: =IFERROR(__xludf.DUMMYFUNCTION("""COMPUTED_VALUE"""),82.0) -> 82 | AF25: =IFERROR(__xludf.DUMMYFUNCTION("""COMPUTED_VALUE"""),"PATIO BONITO 3") -> PATIO BONITO 3 | AG25: =IFERROR(__xludf.DUMMYFUNCTION("""COMPUTED_VALUE"""),"Local") -> Local | AH25: =IFERROR(__xludf.DUMMYFUNCTION("""COMPUTED_VALUE"""),"PRIVADO") -> PRIVADO | AI25: =IFERROR(__xludf.DUMMYFUNCTION("""COMPUTED_VALUE"""),"ARRENDAMIENTO") -> ARRENDAMIENTO | AJ25: =IFERROR(__xludf.DUMMYFUNCTION("""COMPUTED_VALUE"""),"Gratuito") -> Gratuito | AK25: 1 | AM25: 38 | AN25: 12 | AO25: 8 | AQ25: 38 | AR25: 8 | AS25: 7 | AV25: 18 | AZ25: 1 | BA25: 11 | BB25: 8 | BC25: 10 | BD25: 2 | BE25: 1 | CB25: 1 | CH25: Presentación artística de la Agrupación Entre Telones
B26: FALSE | C26: FALSE | D26: FALSE | E26: =IFERROR(__xludf.DUMMYFUNCTION("""COMPUTED_VALUE"""),"FUNCION ARTISTICA") -> FUNCION ARTISTICA | F26: =IFERROR(__xludf.DUMMYFUNCTION("""COMPUTED_VALUE"""),"PRESENTACION ARTISTICA EN EL MARCO DEL 7° FESTIVAL TALENTOS") -> PRESENTACION ARTISTICA EN EL MARCO DEL 7° FESTIVAL TALENTOS | G26: =IFERROR(__xludf.DUMMYFUNCTION("""COMPUTED_VALUE"""),"Presencial") -> Presencial | H26: =IFERROR(__xludf.DUMMYFUNCTION("""COMPUTED_VALUE"""),"Circulación") -> Circulación | I26: =IFERROR(__xludf.DUMMYFUNCTION("""COMPUTED_VALUE"""),"Opción 1") -> Opción 1 | J26: =IFERROR(__xludf.DUMMYFUNCTION("""COMPUTED_VALUE"""),"Proyectos locales e interlocales") -> Proyectos locales e interlocales | K26: =IFERROR(__xludf.DUMMYFUNCTION("""COMPUTED_VALUE"""),"Presentación artística") -> Presentación artística | L26: =IFERROR(__xludf.DUMMYFUNCTION("""COMPUTED_VALUE"""),1.0) -> 1 | M26: =IFERROR(__xludf.DUMMYFUNCTION("""COMPUTED_VALUE"""),45884.0) -> 45884 | N26: =IFERROR(__xludf.DUMMYFUNCTION("""COMPUTED_VALUE"""),45884.0) -> 45884 | O26: =IFERROR(__xludf.DUMMYFUNCTION("""COMPUTED_VALUE"""),"A.M.") -> A.M. | P26: =IFERROR(__xludf.DUMMYFUNCTION("""COMPUTED_VALUE"""),0.4166666666678793) -> 0.41666667 | Q26: =IFERROR(__xludf.DUMMYFUNCTION("""COMPUTED_VALUE"""),"Sin enfoque poblacional") -> Sin enfoque poblacional | R26: =IFERROR(__xludf.DUMMYFUNCTION("""COMPUTED_VALUE"""),"No") -> No | AA26: =IFERROR(__xludf.DUMMYFUNCTION("""COMPUTED_VALUE"""),"FUNDACION ESPACIOS DE VIDA") -> FUNDACION ESPACIOS DE VIDA | AB26: =IFERROR(__xludf.DUMMYFUNCTION("""COMPUTED_VALUE"""),"NO") -> NO | AC26: =IFERROR(__xludf.DUMMYFUNCTION("""COMPUTED_VALUE"""),50.0) -> 50 | AD26: =IFERROR(__xludf.DUMMYFUNCTION("""COMPUTED_VALUE"""),"8. Kennedy") -> 8. Kennedy | AE26: =IFERROR(__xludf.DUMMYFUNCTION("""COMPUTED_VALUE"""),82.0) -> 82 | AF26: =IFERROR(__xludf.DUMMYFUNCTION("""COMPUTED_VALUE"""),"PATIO BONITO 3") -> PATIO BONITO 3 | AG26: =IFERROR(__xludf.DUMMYFUNCTION("""COMPUTED_VALUE"""),"Local") -> Local | AH26: =IFERROR(__xludf.DUMMYFUNCTION("""COMPUTED_VALUE"""),"PRIVADO") -> PRIVADO | AI26: =IFERROR(__xludf.DUMMYFUNCTION("""COMPUTED_VALUE"""),"ARRENDAMIENTO") -> ARRENDAMIENTO | AJ26: =IFERROR(__xludf.DUMMYFUNCTION("""COMPUTED_VALUE"""),"Gratuito") -> Gratuito | AK26: 1 | AM26: 76 | AQ26: 76 | AZ26: 60 | BA26: 16 | CH26: Presentación artística de la Agrupación Mulatos de Colombia
B27: FALSE | C27: FALSE | D27: FALSE | E27: =IFERROR(__xludf.DUMMYFUNCTION("""COMPUTED_VALUE"""),"FUNCION ARTISTICA") -> FUNCION ARTISTICA | F27: =IFERROR(__xludf.DUMMYFUNCTION("""COMPUTED_VALUE"""),"PRESENTACION ARTISTICA EN EL MARCO DEL 7° FESTIVAL TALENTOS") -> PRESENTACION ARTISTICA EN EL MARCO DEL 7° FESTIVAL TALENTOS | G27: =IFERROR(__xludf.DUMMYFUNCTION("""COMPUTED_VALUE"""),"Presencial") -> Presencial | H27: =IFERROR(__xludf.DUMMYFUNCTION("""COMPUTED_VALUE"""),"Circulación") -> Circulación | I27: =IFERROR(__xludf.DUMMYFUNCTION("""COMPUTED_VALUE"""),"Opción 1") -> Opción 1 | J27: =IFERROR(__xludf.DUMMYFUNCTION("""COMPUTED_VALUE"""),"Proyectos locales e interlocales") -> Proyectos locales e interlocales | K27: =IFERROR(__xludf.DUMMYFUNCTION("""COMPUTED_VALUE"""),"Presentación artística") -> Presentación artística | L27: =IFERROR(__xludf.DUMMYFUNCTION("""COMPUTED_VALUE"""),1.0) -> 1 | M27: =IFERROR(__xludf.DUMMYFUNCTION("""COMPUTED_VALUE"""),45885.0) -> 45885 | N27: =IFERROR(__xludf.DUMMYFUNCTION("""COMPUTED_VALUE"""),45885.0) -> 45885 | O27: =IFERROR(__xludf.DUMMYFUNCTION("""COMPUTED_VALUE"""),"P.M.") -> P.M. | P27: =IFERROR(__xludf.DUMMYFUNCTION("""COMPUTED_VALUE"""),0.2708333333321207) -> 0.27083333 | Q27: =IFERROR(__xludf.DUMMYFUNCTION("""COMPUTED_VALUE"""),"Sin enfoque poblacional") -> Sin enfoque poblacional | R27: =IFERROR(__xludf.DUMMYFUNCTION("""COMPUTED_VALUE"""),"No") -> No | AA27: =IFERROR(__xludf.DUMMYFUNCTION("""COMPUTED_VALUE"""),"FUNDACION ESPACIOS DE VIDA") -> FUNDACION ESPACIOS DE VIDA | AB27: =IFERROR(__xludf.DUMMYFUNCTION("""COMPUTED_VALUE"""),"NO") -> NO | AC27: =IFERROR(__xludf.DUMMYFUNCTION("""COMPUTED_VALUE"""),50.0) -> 50 | AD27: =IFERROR(__xludf.DUMMYFUNCTION("""COMPUTED_VALUE"""),"8. Kennedy") -> 8. Kennedy | AE27: =IFERROR(__xludf.DUMMYFUNCTION("""COMPUTED_VALUE"""),82.0) -> 82 | AF27: =IFERROR(__xludf.DUMMYFUNCTION("""COMPUTED_VALUE"""),"PATIO BONITO 3") -> PATIO BONITO 3 | AG27: =IFERROR(__xludf.DUMMYFUNCTION("""COMPUTED_VALUE"""),"Local") -> Local | AH27: =IFERROR(__xludf.DUMMYFUNCTION("""COMPUTED_VALUE"""),"PRIVADO") -> PRIVADO | AI27: =IFERROR(__xludf.DUMMYFUNCTION("""COMPUTED_VALUE"""),"ARRENDAMIENTO") -> ARRENDAMIENTO | AJ27: =IFERROR(__xludf.DUMMYFUNCTION("""COMPUTED_VALUE"""),"Gratuito") -> Gratuito | AK27: 1 | AM27: 42 | AN27: 4 | AO27: 3 | AQ27: =SUM(AN27:AP27) -> 7 | AS27: 4 | AV27: 3 | AY27: 1 | AZ27: 7 | BA27: 10 | BB27: 6 | BC27: 12 | BD27: 5 | CH27: Presentación artística Yo me llamo Juan Gabriel
B28: FALSE | C28: FALSE | D28: FALSE | E28: =IFERROR(__xludf.DUMMYFUNCTION("""COMPUTED_VALUE"""),"FUNCION ARTISTICA") -> FUNCION ARTISTICA | F28: =IFERROR(__xludf.DUMMYFUNCTION("""COMPUTED_VALUE"""),"PRESENTACION ARTISTICA EN EL MARCO DEL 7° FESTIVAL TALENTOS") -> PRESENTACION ARTISTICA EN EL MARCO DEL 7° FESTIVAL TALENTOS | G28: =IFERROR(__xludf.DUMMYFUNCTION("""COMPUTED_VALUE"""),"Presencial") -> Presencial | H28: =IFERROR(__xludf.DUMMYFUNCTION("""COMPUTED_VALUE"""),"Circulación") -> Circulación | I28: =IFERROR(__xludf.DUMMYFUNCTION("""COMPUTED_VALUE"""),"Opción 1") -> Opción 1 | J28: =IFERROR(__xludf.DUMMYFUNCTION("""COMPUTED_VALUE"""),"Proyectos locales e interlocales") -> Proyectos locales e interlocales | K28: =IFERROR(__xludf.DUMMYFUNCTION("""COMPUTED_VALUE"""),"Presentación artística") -> Presentación artística | L28: =IFERROR(__xludf.DUMMYFUNCTION("""COMPUTED_VALUE"""),1.0) -> 1 | M28: =IFERROR(__xludf.DUMMYFUNCTION("""COMPUTED_VALUE"""),45891.0) -> 45891 | N28: =IFERROR(__xludf.DUMMYFUNCTION("""COMPUTED_VALUE"""),45891.0) -> 45891 | O28: =IFERROR(__xludf.DUMMYFUNCTION("""COMPUTED_VALUE"""),"A.M.") -> A.M. | P28: =IFERROR(__xludf.DUMMYFUNCTION("""COMPUTED_VALUE"""),0.4166666666678793) -> 0.41666667 | Q28: =IFERROR(__xludf.DUMMYFUNCTION("""COMPUTED_VALUE"""),"Sin enfoque poblacional") -> Sin enfoque poblacional | R28: =IFERROR(__xludf.DUMMYFUNCTION("""COMPUTED_VALUE"""),"No") -> No | AA28: =IFERROR(__xludf.DUMMYFUNCTION("""COMPUTED_VALUE"""),"FUNDACION ESPACIOS DE VIDA") -> FUNDACION ESPACIOS DE VIDA | AB28: =IFERROR(__xludf.DUMMYFUNCTION("""COMPUTED_VALUE"""),"NO") -> NO | AC28: =IFERROR(__xludf.DUMMYFUNCTION("""COMPUTED_VALUE"""),50.0) -> 50 | AD28: =IFERROR(__xludf.DUMMYFUNCTION("""COMPUTED_VALUE"""),"8. Kennedy") -> 8. Kennedy | AE28: =IFERROR(__xludf.DUMMYFUNCTION("""COMPUTED_VALUE"""),82.0) -> 82 | AF28: =IFERROR(__xludf.DUMMYFUNCTION("""COMPUTED_VALUE"""),"PATIO BONITO 3") -> PATIO BONITO 3 | AG28: =IFERROR(__xludf.DUMMYFUNCTION("""COMPUTED_VALUE"""),"Local") -> Local | AH28: =IFERROR(__xludf.DUMMYFUNCTION("""COMPUTED_VALUE"""),"PRIVADO") -> PRIVADO | AI28: =IFERROR(__xludf.DUMMYFUNCTION("""COMPUTED_VALUE"""),"ARRENDAMIENTO") -> ARRENDAMIENTO | AJ28: =IFERROR(__xludf.DUMMYFUNCTION("""COMPUTED_VALUE"""),"Gratuito") -> Gratuito | AQ28: =SUM(AN28:AP28) -> 0
B29: FALSE | C29: FALSE | D29: FALSE | E29: =IFERROR(__xludf.DUMMYFUNCTION("""COMPUTED_VALUE"""),"FUNCION ARTISTICA") -> FUNCION ARTISTICA | F29: =IFERROR(__xludf.DUMMYFUNCTION("""COMPUTED_VALUE"""),"PRESENTACION ARTISTICA EN EL MARCO DEL 7° FESTIVAL TALENTOS") -> PRESENTACION ARTISTICA EN EL MARCO DEL 7° FESTIVAL TALENTOS | G29: =IFERROR(__xludf.DUMMYFUNCTION("""COMPUTED_VALUE"""),"Presencial") -> Presencial | H29: =IFERROR(__xludf.DUMMYFUNCTION("""COMPUTED_VALUE"""),"Circulación") -> Circulación | I29: =IFERROR(__xludf.DUMMYFUNCTION("""COMPUTED_VALUE"""),"Opción 1") -> Opción 1 | J29: =IFERROR(__xludf.DUMMYFUNCTION("""COMPUTED_VALUE"""),"Proyectos locales e interlocales") -> Proyectos locales e interlocales | K29: =IFERROR(__xludf.DUMMYFUNCTION("""COMPUTED_VALUE"""),"Presentación artística") -> Presentación artística | L29: =IFERROR(__xludf.DUMMYFUNCTION("""COMPUTED_VALUE"""),1.0) -> 1 | M29: =IFERROR(__xludf.DUMMYFUNCTION("""COMPUTED_VALUE"""),45892.0) -> 45892 | N29: =IFERROR(__xludf.DUMMYFUNCTION("""COMPUTED_VALUE"""),45892.0) -> 45892 | O29: =IFERROR(__xludf.DUMMYFUNCTION("""COMPUTED_VALUE"""),"P.M.") -> P.M. | P29: =IFERROR(__xludf.DUMMYFUNCTION("""COMPUTED_VALUE"""),0.2708333333321207) -> 0.27083333 | Q29: =IFERROR(__xludf.DUMMYFUNCTION("""COMPUTED_VALUE"""),"Sin enfoque poblacional") -> Sin enfoque poblacional | R29: =IFERROR(__xludf.DUMMYFUNCTION("""COMPUTED_VALUE"""),"No") -> No | AA29: =IFERROR(__xludf.DUMMYFUNCTION("""COMPUTED_VALUE"""),"FUNDACION ESPACIOS DE VIDA") -> FUNDACION ESPACIOS DE VIDA | AB29: =IFERROR(__xludf.DUMMYFUNCTION("""COMPUTED_VALUE"""),"NO") -> NO | AC29: =IFERROR(__xludf.DUMMYFUNCTION("""COMPUTED_VALUE"""),50.0) -> 50 | AD29: =IFERROR(__xludf.DUMMYFUNCTION("""COMPUTED_VALUE"""),"8. Kennedy") -> 8. Kennedy | AE29: =IFERROR(__xludf.DUMMYFUNCTION("""COMPUTED_VALUE"""),82.0) -> 82 | AF29: =IFERROR(__xludf.DUMMYFUNCTION("""COMPUTED_VALUE"""),"PATIO BONITO 3") -> PATIO BONITO 3 | AG29: =IFERROR(__xludf.DUMMYFUNCTION("""COMPUTED_VALUE"""),"Local") -> Local | AH29: =IFERROR(__xludf.DUMMYFUNCTION("""COMPUTED_VALUE"""),"PRIVADO") -> PRIVADO | AI29: =IFERROR(__xludf.DUMMYFUNCTION("""COMPUTED_VALUE"""),"ARRENDAMIENTO") -> ARRENDAMIENTO | AJ29: =IFERROR(__xludf.DUMMYFUNCTION("""COMPUTED_VALUE"""),"Gratuito") -> Gratuito | AQ29: =SUM(AN29:AP29) -> 0
B30: FALSE | C30: FALSE | D30: FALSE | E30: =IFERROR(__xludf.DUMMYFUNCTION("""COMPUTED_VALUE"""),"FUNCION ARTISTICA") -> FUNCION ARTISTICA | F30: =IFERROR(__xludf.DUMMYFUNCTION("""COMPUTED_VALUE"""),"PRESENTACION ARTISTICA EN EL MARCO DEL 7° FESTIVAL TALENTOS") -> PRESENTACION ARTISTICA EN EL MARCO DEL 7° FESTIVAL TALENTOS | G30: =IFERROR(__xludf.DUMMYFUNCTION("""COMPUTED_VALUE"""),"Presencial") -> Presencial | H30: =IFERROR(__xludf.DUMMYFUNCTION("""COMPUTED_VALUE"""),"Circulación") -> Circulación | I30: =IFERROR(__xludf.DUMMYFUNCTION("""COMPUTED_VALUE"""),"Opción 1") -> Opción 1 | J30: =IFERROR(__xludf.DUMMYFUNCTION("""COMPUTED_VALUE"""),"Proyectos locales e interlocales") -> Proyectos locales e interlocales | K30: =IFERROR(__xludf.DUMMYFUNCTION("""COMPUTED_VALUE"""),"Presentación artística") -> Presentación artística | L30: =IFERROR(__xludf.DUMMYFUNCTION("""COMPUTED_VALUE"""),1.0) -> 1 | M30: =IFERROR(__xludf.DUMMYFUNCTION("""COMPUTED_VALUE"""),45898.0) -> 45898 | N30: =IFERROR(__xludf.DUMMYFUNCTION("""COMPUTED_VALUE"""),45898.0) -> 45898 | O30: =IFERROR(__xludf.DUMMYFUNCTION("""COMPUTED_VALUE"""),"A.M.") -> A.M. | P30: =IFERROR(__xludf.DUMMYFUNCTION("""COMPUTED_VALUE"""),0.4166666666678793) -> 0.41666667 | Q30: =IFERROR(__xludf.DUMMYFUNCTION("""COMPUTED_VALUE"""),"Sin enfoque poblacional") -> Sin enfoque poblacional | R30: =IFERROR(__xludf.DUMMYFUNCTION("""COMPUTED_VALUE"""),"No") -> No | AA30: =IFERROR(__xludf.DUMMYFUNCTION("""COMPUTED_VALUE"""),"FUNDACION ESPACIOS DE VIDA") -> FUNDACION ESPACIOS DE VIDA | AB30: =IFERROR(__xludf.DUMMYFUNCTION("""COMPUTED_VALUE"""),"NO") -> NO | AC30: =IFERROR(__xludf.DUMMYFUNCTION("""COMPUTED_VALUE"""),50.0) -> 50 | AD30: =IFERROR(__xludf.DUMMYFUNCTION("""COMPUTED_VALUE"""),"8. Kennedy") -> 8. Kennedy | AE30: =IFERROR(__xludf.DUMMYFUNCTION("""COMPUTED_VALUE"""),82.0) -> 82 | AF30: =IFERROR(__xludf.DUMMYFUNCTION("""COMPUTED_VALUE"""),"PATIO BONITO 3") -> PATIO BONITO 3 | AG30: =IFERROR(__xludf.DUMMYFUNCTION("""COMPUTED_VALUE"""),"Local") -> Local | AH30: =IFERROR(__xludf.DUMMYFUNCTION("""COMPUTED_VALUE"""),"PRIVADO") -> PRIVADO | AI30: =IFERROR(__xludf.DUMMYFUNCTION("""COMPUTED_VALUE"""),"ARRENDAMIENTO") -> ARRENDAMIENTO | AJ30: =IFERROR(__xludf.DUMMYFUNCTION("""COMPUTED_VALUE"""),"Gratuito") -> Gratuito | AQ30: =SUM(AN30:AP30) -> 0
B31: FALSE | C31: FALSE | D31: FALSE | E31: =IFERROR(__xludf.DUMMYFUNCTION("""COMPUTED_VALUE"""),"FUNCION ARTISTICA") -> FUNCION ARTISTICA | F31: =IFERROR(__xludf.DUMMYFUNCTION("""COMPUTED_VALUE"""),"PRESENTACION ARTISTICA EN EL MARCO DEL 7° FESTIVAL TALENTOS") -> PRESENTACION ARTISTICA EN EL MARCO DEL 7° FESTIVAL TALENTOS | G31: =IFERROR(__xludf.DUMMYFUNCTION("""COMPUTED_VALUE"""),"Presencial") -> Presencial | H31: =IFERROR(__xludf.DUMMYFUNCTION("""COMPUTED_VALUE"""),"Circulación") -> Circulación | I31: =IFERROR(__xludf.DUMMYFUNCTION("""COMPUTED_VALUE"""),"Opción 1") -> Opción 1 | J31: =IFERROR(__xludf.DUMMYFUNCTION("""COMPUTED_VALUE"""),"Proyectos locales e interlocales") -> Proyectos locales e interlocales | K31: =IFERROR(__xludf.DUMMYFUNCTION("""COMPUTED_VALUE"""),"Presentación artística") -> Presentación artística | L31: =IFERROR(__xludf.DUMMYFUNCTION("""COMPUTED_VALUE"""),1.0) -> 1 | M31: =IFERROR(__xludf.DUMMYFUNCTION("""COMPUTED_VALUE"""),45899.0) -> 45899 | N31: =IFERROR(__xludf.DUMMYFUNCTION("""COMPUTED_VALUE"""),45899.0) -> 45899 | O31: =IFERROR(__xludf.DUMMYFUNCTION("""COMPUTED_VALUE"""),"P.M.") -> P.M. | P31: =IFERROR(__xludf.DUMMYFUNCTION("""COMPUTED_VALUE"""),0.2708333333321207) -> 0.27083333 | Q31: =IFERROR(__xludf.DUMMYFUNCTION("""COMPUTED_VALUE"""),"Sin enfoque poblacional") -> Sin enfoque poblacional | R31: =IFERROR(__xludf.DUMMYFUNCTION("""COMPUTED_VALUE"""),"No") -> No | AA31: =IFERROR(__xludf.DUMMYFUNCTION("""COMPUTED_VALUE"""),"FUNDACION ESPACIOS DE VIDA") -> FUNDACION ESPACIOS DE VIDA | AB31: =IFERROR(__xludf.DUMMYFUNCTION("""COMPUTED_VALUE"""),"NO") -> NO | AC31: =IFERROR(__xludf.DUMMYFUNCTION("""COMPUTED_VALUE"""),50.0) -> 50 | AD31: =IFERROR(__xludf.DUMMYFUNCTION("""COMPUTED_VALUE"""),"8. Kennedy") -> 8. Kennedy | AE31: =IFERROR(__xludf.DUMMYFUNCTION("""COMPUTED_VALUE"""),82.0) -> 82 | AF31: =IFERROR(__xludf.DUMMYFUNCTION("""COMPUTED_VALUE"""),"PATIO BONITO 3") -> PATIO BONITO 3 | AG31: =IFERROR(__xludf.DUMMYFUNCTION("""COMPUTED_VALUE"""),"Local") -> Local | AH31: =IFERROR(__xludf.DUMMYFUNCTION("""COMPUTED_VALUE"""),"PRIVADO") -> PRIVADO | AI31: =IFERROR(__xludf.DUMMYFUNCTION("""COMPUTED_VALUE"""),"ARRENDAMIENTO") -> ARRENDAMIENTO | AJ31: =IFERROR(__xludf.DUMMYFUNCTION("""COMPUTED_VALUE"""),"Gratuito") -> Gratuito | AQ31: =SUM(AN31:AP31) -> 0
B32: FALSE | C32: FALSE | D32: FALSE | AQ32: =SUM(AN32:AP32) -> 0
B33: FALSE | C33: FALSE | D33: FALSE | AQ33: =SUM(AN33:AP33) -> 0
B34: FALSE | C34: FALSE | D34: FALSE | AQ34: =SUM(AN34:AP34) -> 0
B35: FALSE | C35: FALSE | D35: FALSE | AQ35: =SUM(AN35:AP35) -> 0
B36: FALSE | C36: FALSE | D36: FALSE | AQ36: =SUM(AN36:AP36) -> 0
B37: FALSE | C37: FALSE | D37: FALSE | AQ37: =SUM(AN37:AP37) -> 0
B38: FALSE | C38: FALSE | D38: FALSE | AQ38: =SUM(AN38:AP38) -> 0
B39: FALSE | C39: FALSE | D39: FALSE | AQ39: =SUM(AN39:AP39) -> 0
B40: FALSE | C40: FALSE | D40: FALSE | AQ40: =SUM(AN40:AP40) -> 0
B41: FALSE | C41: FALSE | D41: FALSE | AQ41: =SUM(AN41:AP41) -> 0
B42: FALSE | C42: FALSE | D42: FALSE | AQ42: =SUM(AN42:AP42) -> 0
B43: FALSE | C43: FALSE | D43: FALSE | AQ43: =SUM(AN43:AP43) -> 0
... B296: FALSE | C296: FALSE | D296: FALSE | AQ296: =SUM(AN296:AP296) -> 0

Sheet INSTRUCTIVO
A1: Nombre de la actividad | B1: Descripción de la actividad | C1: Modalidad de la actividad | D1: Dimensión/Proceso | E1: Tipología actividad | F1: Número de actividades | G1: Fecha realización de la actividad | H1: Enfoque poblacional diferencial | I1: ¿La actividad(es) cuenta con enfoque diferencial étnico?, si es así diligencie las columnas I,J,K,L,M,N,O,P. Si no lo tiene, continúe en la columna Q directamente | Q1: Lugar escenario | R1: Espacio público | S1: Capacidad /aforo | T1: Localidad | U1: Upz_Upr | V1: Barrio | W1: Impacto territorial | X1: Origen iniciativa | Y1: Modalidad uso equipamiento | Z1: Evento gratuito o pago | AA1: Número de artistas remunerados | AB1: Número de artistas no remunerados | AC1: Personas inscritas a la actividad | AD1: Mujeres | AE1: Hombres | AF1: Intersexuales | AG1: Total beneficiarios | AH1: IDENTIDAD DE GÉNERO | AL1: ORIENTACIÓN SEXUAL | AO1: SECTORES ETARIOS | AU1: SECTORES SOCIALES | BR1: GRUPOS ÉTNICOS | BY1: OBSERVACIONES
I2: Énfoque Diferencial Étnico
I3: De acuerdo a lo establecido en el artículo 66 del Plan de Desarrollo Distrital, informe si la actividad - proceso reportado obedece a cuál de las siguientes etapas de atención: | L3: Pueblo étnicamente diferencial con el que se relaciona el desarrollo de esta actividad o proceso | M3: Identidad étnico cultural específica (NOTA: se activa esta opción cuando el pueblo étnicamente diferencial escogido es, o pueblo y/o comunidad indígena o es pueblo Rrom-Gitano | O3: Perspectiva de Género, Mujer, Familia y Generación | P3: Vocación poblacional del público asistente | AH3: Masculino | AI3: Femenino | AJ3: Mujer trans | AK3: Hombre Trans | AL3: Heterosexual | AM3: Bisexual | AN3: Homosexual | AO3: Primera Infancia entre 0 y 5 años | AP3: Infancia y 6-12 años | AQ3: Adolescencia 13-17 años | AR3: Juventud 18-28 años | AS3: Personas adultas 29-59 años | AT3: Personas mayores 60 años en adelante | AU3: Comunidades campesinas y rurales | AV3: personas gestantes y lactantes | AW3: Personas que ejercen actividades sexuales pagadas | AX3: Personas habitantes de calle | AY3: Personas con discapacidad | BG3: Personas privadas de la libertad | BH3: Profesionales del sector | BI3: Sectores LGBTIQ | BJ3: Personas víctimas del conflicto armado | BK3: Persona Migrante, refugiada y retornada | BL3: Personas víctimas de trata | BM3: Familias En emergencia social y catastrófica | BN3: Familias ubicadas en zonas de deterioro urbano | BO3: Familias en situación de vulnerabilidad | BP3: Personas en situación de desplazamiento | BQ3: Personas consumidoras de sustancias psicoactivas | BR3: Pueblo Rrom – Gitano | BS3: Pueblo Rrom – Gitano (Prorrom) | BT3: Pueblo y/o comunidad indígena | BU3: Comunidades negras | BV3: Población afrocolombiana | BW3: Comunidades palenqueras | BX3: Pueblo raizal
I4: ACTIVIDAD - PROCESO A CORTO PLAZO | J4: PLAN INTEGRAL DE ACCIONES AFIRMATIVAS (PIAA) - MEDIANO PLAZO | K4: POLíTICA PÚBLICA - LARGO PLAZO | M4: Si selecciona pueblo y/o comunidad indígena que se benefica con el desarrollo de la actividad | N4: Forma organizativa de Pueblo Rrom - Gitano al que pertenece en la ciudad | AY4: Discapacidad física | AZ4: Discapacidad auditiva | BA4: Discapacidad visual | BB4: Discapacidad psicosocial | BC4: Discapacidad múltiple | BD4: Discapacidad cognitiva | BE4: Discapcidad sordo-ceguera | BF4: No especifica discapacidad
A5: Escriba el nombre o título específico de la actividad, tal como se anunció públicamente. | B5: Explique, de forma sintética, en qué consiste la actividad, su objetivo o las características principales y público al que se dirigió. Si es una actividad de formación, indicar temáticas abordadas, metodología y número de sesiones. Se sugiere un texto de máximo 150 palabras. | C5: Escoja entre estas opciones: 1. Mixta: Cuando se lleva a cabo de forma presencial y a la vez se transmite en directo (vía streaming o Live por redes sociales) o se retransmite por redes sociales o páginas web 2. Virtual: Cuando la actividad se lleva a cabo vía streaming o Live por redes sociales. Se recurre a plataformas digitales Zoom, Google Meet, Stream Yard o Teams y páginas web. 3. Presencial: Cuando se lleva a cabo con la presencia de personas en un espacio físico. | D5: Selecione entre apropiación, circulación, creación, divulgación, fomento, formación, investigación y participación. Ver las definiciones en la hoja DEFINICIONES. | E5: Selecione un tipo de actividad del listado propuesto. Ver listado y definiciones en la hoja DEFINICIONES. | F5: Para señalar el número de actividades tener en cuenta: 1. Si las actividades que implican procesos como un taller de formación, impartido a un mismo grupo, poner uno (1) y en la descripción, especificar el número de sesiones impartidas en el taller. 2. Si la actividad se realiza varias veces, con distintos públicos, se pone el número de veces que se realizó. Por ejemplo: proyección de películas con diferentes funciones u obras de teatro con varias funciones durante un período de tiempo. | G5: Indique el día, mes y año con este formato: DD/MM/AAAA | H5: En el caso de que la actividad esté dirigida específicamente a una o varias poblaciones, sectores sociales, grupos o pueblos étnicos, escoger una o varias de las opciones. Si no se contempla, indicar: Sin enfoque diferencial. Ver listado y definiciones en la hoja DEFINICIONES. | Q5: Señale el lugar donde se desarrolla la actividad. Si es virtual, indique la plataforma de transmisión. En el caso de que sea una actividad mixta, indicar tanto el nombre del espacio físico como la plataforma digital (por ejemplo: Google Meet, Zoom, Stream Yard, Teams, etc). | R5: Escoger sí o no. Al seleccionar SI, tenga en cuenta que la actividad debió desarrollarse en espacios públicos como: la calle, parques, plazas, etc. | S5: Señale el número máximo de personas que puede admitir el recinto donde se desarrolla la actividad. Si es una actividad virtual, realizada mediante plataformas como Google Meet, Zoom o Teams, registrar el número de personas permitidas según el criterio determinado por el organizador. Si se realiza por medio de redes sociales, poner el mismo número de personas beneficiarias que registrará en la columna AG de este cuadro. | T5: Escoger la(s) localidad(es) donde se desarrolla la actividad. Si la actividad abarca toda la ciudad, elegir "Distrital", en particular para las actividades virtuales realizadas por redes sociales. | U5: Escoger la Upz_Upr | V5: Señale el barrio. | W5: Escoja local o metropolitano. Local: cuando la actividad se planea con un inversión o acción en un territorio específico (localidad, Upz, polígono o barrio). Metropolitano: cuando la actividad abarca más de tres localidades de Bogotá. | X5: Escoger entre: 1. Idartes 2. Sector artístico (agentes de los distintos sectores de las artes) 3. Privado (si es iniciativa de una entidad privada) 4. Intersectorial (si se realiza entre varios sectores) 5. Concertada (resultado de un acuerdo entre las partes) | Y5: Escoger uno de la lista. | Z5: Escoger si es una actividad gratuita o paga. | AA5: Indique el número de artistas que reciben remuneración. | AB5: Indique el número total de artistas que participaron en la actividad, que no recibieron remuneración por el desarrollo de su labor | AC5: Si la actividad contó con inscripción previa, indique el número total de personas inscritas. | AD5: Del número total de beneficiarios, indique el número de mujeres. | AE5: Del número total de beneficiarios, indique el número de hombres. | AF5: Del número total de beneficiarios, indique el número de personas identificadas como no binarias. | AG5: Indique el número total de personas beneficiadas (Nota: solo debe sumarse mujeres+hombres+otro) NOTA IMPORTANTE: Para las actividades virtuales por redes sociales se deben tener en cuenta las siguientes métricas: 1. Facebook: el número de conectados en vivo, para las actividades en directo (Live) y reproducciones de un (1) minuto, para las retransmisiones del evento, es decir transmisiones posteriores al directo (Live). Se deben sumar ambos números resultado de las métricas. 2. Youtube: El número de conectados en vivo, para las actividades en directo (Live) y visualizaciones, para las reproducciones posteriores a la transmisión en directo (Live). Se deben sumar ambos números resultado de las métricas. | AH5: Del número total de beneficiarios, indique el número total de personas identificadas como masculinas | AI5: Del número total de beneficiarios, indique el número total de personas identificadas como femeninas | AJ5: Del número total de beneficiarios, indique el número total de personas identificadas como mujeres trans | AK5: Del número total de beneficiarios, indique el número total de personas identificadas como hombres trans | AL5: Del número total de beneficiarios, indique el número total de personas identificadas como heterosexuales | AM5: Del número total de beneficiarios, indique el número total de personas identificadas como bisexuales | AN5: Del número total de beneficiarios, indique el número total de personas identificadas como homosexuales | AO5: Del número total de personas beneficiadas, indique el número correspondiente a este sector etario. | AP5: Del número total de personas beneficiadas, indique el número correspondiente a este sector etario. | AQ5: Del número total de personas beneficiadas, indique el número correspondiente a este sector etario. | AR5: Del número total de personas beneficiadas, indique el número correspondiente a este sector etario. | AS5: Del número total de personas beneficiadas, indique el número correspondiente a este sector etario. | AT5: Del número total de personas beneficiadas, indique el número correspondiente a este sector etario. | AU5: Del número total de personas beneficiadas, indique el número correspondiente a este sector social. Ver la hoja DEFINICIONES. | AV5: Del número total de personas beneficiadas, indique el número correspondiente a este sector social. Ver la hoja DEFINICIONES. | AW5: Del número total de personas beneficiadas, indique el número correspondiente a este sector social. Ver la hoja DEFINICIONES. | AX5: Del número total de personas beneficiadas, indique el número correspondiente a este sector social. Ver la hoja DEFINICIONES. | AY5: Del número total de personas beneficiadas, indique el número correspondiente a este sector social. Ver la hoja DEFINICIONES. | AZ5: Del número total de personas beneficiadas, indique el número correspondiente a este sector social. Ver la hoja DEFINICIONES. | BA5: Del número total de personas beneficiadas, indique el número correspondiente a este sector social. Ver la hoja DEFINICIONES. | BB5: Del número total de personas beneficiadas, indique el número correspondiente a este sector social. Ver la hoja DEFINICIONES. | BC5: Del número total de personas beneficiadas, indique el número correspondiente a este sector social. Ver la hoja DEFINICIONES. | BD5: Del número total de personas beneficiadas, indique el número correspondiente a este sector social. Ver la hoja DEFINICIONES. | BE5: Del número total de personas beneficiadas, indique el número correspondiente a este sector social. Ver la hoja DEFINICIONES. | BF5: Indique el número total de beneficiados que pertenecen al sector social de discapacidad y que no describen en tipo de discapacidad | BG5: Del número total de personas beneficiadas, indique el número correspondiente a este sector social. Ver la hoja DEFINICIONES. | BH5: Del número total de personas beneficiadas, indique el número correspondiente a este sector social. Ver la hoja DEFINICIONES. | BI5: Del número total de personas beneficiadas, indique el número correspondiente a este sector social. Ver la hoja DEFINICIONES. | BJ5: Del número total de personas beneficiadas, indique el número correspondiente a este sector social. Ver la hoja DEFINICIONES. | BK5: Del número total de personas beneficiadas, indique el número correspondiente a este sector social. Ver la hoja DEFINICIONES. | BL5: Del número total de personas beneficiadas, indique el número correspondiente a este sector social. Ver la hoja DEFINICIONES. | BM5: Del número total de personas beneficiadas, indique el número correspondiente a este sector social. Ver la hoja DEFINICIONES. | BN5: Del número total de personas beneficiadas, indique el número correspondiente a este sector social. Ver la hoja DEFINICIONES. | BO5: Del número total de personas beneficiadas, indique el número correspondiente a este sector social. Ver la hoja DEFINICIONES. | BP5: Del número total de personas beneficiadas, indique el número correspondiente a este sector social. Ver la hoja DEFINICIONES. | BQ5: Del número total de personas beneficiadas, indique el número correspondiente a este sector social. Ver la hoja DEFINICIONES. | BR5: Del número total de personas beneficiadas, indique el número correspondiente a este grupo étnico. Ver la hoja DEFINICIONES. | BT5: Del número total de personas beneficiadas, indique el número correspondiente a este grupo étnico. Ver la hoja DEFINICIONES. | BU5: Del número total de personas beneficiadas, indique el número correspondiente a este grupo étnico. Ver la hoja DEFINICIONES. | BV5: Del número total de personas beneficiadas, indique el número correspondiente a este grupo étnico. Ver la hoja DEFINICIONES. | BW5: Del número total de personas beneficiadas, indique el número correspondiente a este grupo étnico. Ver la hoja DEFINICIONES. | BX5: Del número total de personas beneficiadas, indique el número correspondiente a este grupo étnico. Ver la hoja DEFINICIONES. | BY5: Indicar la fuente de verificación de la actividad reportada. Ejemplo: listados de asistencia o informes. Si es el caso, citar el número del expediente en Orfeo en el cual se puede consultar el soporte. Agregar información sobre la actividad que no fue posible describir en las columnas anteriores.
H6: Pueblo Rrom-gitano | W6: Usaquén (1)
H7: Pueblo y/o comunidad indígena | W7: Chapinero (2)
H8: Comunidades negras | W8: Santa Fe (3)
H9: Población afrodescendiente | W9: San Cristóbal (4)
H10: Comunidades palenqueras | W10: Usme (5)
H11: Pueblo raizal | W11: Tunjuelito (6)
H12: Primera infancia (0-5 años) | W12: Bosa (7)
H13: Infancia (6-12 años) | W13: Kennedy (8)
H14: Adolescencia (13-17 años) | W14: Fontibón (9)
H15: Juventud (18-28 años) | W15: Engativá (10)
H16: Personas adultas (29-59 años) | W16: Suba (11)
H17: Personas mayores | W17: Barrios Unidos (12)
... H25: Personas víctimas del conflicto armado | W25: Sumapaz (20)
H26: Población migrante
H27: Familias en emergencia social y catastrófica
H28: Familias ubicadas en zonas de deterioro
H29: Familias en situación de vulnerabilidad
H30: Personas en situación de desplazamiento
H31: Personas consumidoras de sustancias psicoactivas
H32: Mujeres gestantes y lactantes
H33: Personas víctimas de trata
H34: Sin enfoque poblacional

Sheet DEFINICIONES
A1: Dimensión /Proceso El Plan decenal de cultura Bogotá D.C. 2012-2021 (Bogotá: Secretaría de Cultura Recreación y Deporte, 2011) define las dimensiones del subcampo de las artes y los ejes transversales. | B1: Tipología actividades Tipos y definiciones de actividades | D1: Enfoque poblacional diferencial | E1: Sectores Sociales | F1: Grupos Étnicos | G1: Enfoque Diferencial Étnico
A2: Creación: Comprende las prácticas que apuntan a procesos, productos, obras, hechos o expresiones que a través del pensamiento estético y poético reflejan, generan e intensifican nuevas formas de percibir, entender, experimentar, criticar y alterar las realidades. Surgen tanto en las exploraciones dentro de las áreas artísticas con herramientas propias de su quehacer disciplinar, como de los intercambios con otras áreas del conocimiento. | B2: Acompañamiento de enfoques diferenciales /territoriales | C2: Orientación especializada en los enfoques diferenciales y territorial a las dependencias del Idartes, otras entidades del Distrito y organizaciones del sector artístico y cultural. | D2: En los ejes estratégicos transversales del Plan de desarrollo económico, social, ambiental y de obras públicas del Distrito Capital 2020-2024: “Un nuevo contrato social y ambiental para la Bogotá del siglo XX” (Acuerdo 761 del 11 de junio de 2020) se definen los enfoques: Artículo 6. Enfoques. Enfoque de género. Permite comprender las relaciones de poder y desigualdad desde una perspectiva de interseccionalidad que por razones de género existen entre mujeres y hombres y que se reproducen a través de imaginarios, creencias, roles y estereotipos que afianzan las brechas de desigualdad e impiden el goce efectivo de los derechos de las mujeres a lo largo del curso de su vida, en las diferentes dimensiones del desarrollo y la vida social y comunitaria. Su fin es promover la igualdad de género y el goce efectivo de sus derechos. | E2: Comunidades campesinas y rurales : Dos o más familias diversas que se encuentran ubicadas en asentamientos humanos, ya sean Centros Poblados Rurales o Centros de Equipamiento y de Servicio, o habitan viviendas dispersas en cualquier área rural del Distrito Capital, dedicadas a una o más de las siguientes actividades: agricultura artesanal o en pequeña escala, siembra de cultivos, ganadería, pastoreo, pesca, silvicultura, caza o recolección, artesanías relacionadas con la agricultura u otras ocupaciones conexas en una zona rural. | F2: 1. Población Afrocolombiana: son los grupos humanos que hacen presencia en todo el territorio nacional (urbano - rural), de raíces y descendencia histórica, étnica y cultural africana nacidas en Colombia, con su diversidad cultural y lingüística. También se les conoce como Población Afrocolombiana o negra. | G2: El enfoque diferencial étnico reconoce a los pueblos étnicamente diferenciales como sujetos colectivos integrales de una comunidad étnica (no simplemente como miembros individuales y fragmentados) obedeciendo a la lógica poblacional. Este enfoque busca, mediante el arte, revertir o mitigar las condiciones actuales o históricas que impiden o dificultan el goce efectivo de derechos culturales individuales y colectivos de los pueblos étnicos que de manera específica o por sus particularidades culturales, han experimentado algún tipo de marginación, discriminación o violencia cotidiana y/o estructural en calidad de pueblo o integrante de una comunidad étnica. Según información enviada por las instancias representativas a la entidad rectora de la política pública étnica (la Subdirección de Asuntos Étnicos de la Secretaría Distrital de Gobierno), teniendo en cuenta las últimas encuestas multipropósito (2014 y 2017), los pueblos, comunidades y miembros de los cinco (5) grupos étnicos, han sido actual e históricamente discriminadas por sus particularidades culturales (formas de vestir, su lengua o idioma, modos de vida, creencias, usos y costumbres), étnicas o características raciales que han configurado su identidad colectiva. A la vez, han sido objeto de trato desigual por motivos asociados a su identidad individual de género, orientación sexual, rasgos físicos, situación socioeconómica, lugar geográfico de procedencia, sitio de residencia en la ciudad o a la intersección de diversos sistemas de discriminación como discafobia, clasismo, homofonía, racismo, transfobia, aporofobia, xenofobia o la intolerancia a la diversidad cultural, situaciones que les ha impedido acceder a las oportunidades en igualdad de condiciones al resto de la ciudadanía, a la vez que se vulneran sus derechos culturales individuales y colectivos.
A3: Circulación: Muestra las prácticas que facilitan la relación, el encuentro y la proyección de los resultados de la creación, la formación y la investigación en la artes con los diversos públicos haciendo uso de espacios físicos y virtuales. | B3: Actividad conmemorativa o en homenaje | C3: Actividad que evoca, rememora o celebra en honor de alguien o de algo. | D3: Enfoque diferencial. Reconoce que existen grupos y personas que han sido históricamente discriminados debido a su pertenencia étnica o racial, orientación sexual, identidad de género, creencia religiosa, ubicación geográfica, discapacidad, situación socioeconómica, o de la intersección de diversos sistemas de discriminación que, como el racismo, la discafobia, el clasismo, la homofobia, la transfobia y la xenofobia y la intolerancia religiosa; impiden el acceso a las oportunidades en igualdad de condiciones. Este tipo de discriminación se sustenta en imaginarios, estereotipos, prejuicios y comportamientos construidos social y culturalmente que impiden la garantía plena de derechos. Su fin es hacer ajustes a la oferta institucional para garantizar adecuadamente el acceso a los bienes y servicios reconociendo las particularidades y especificidades de los distintos grupos sociales o personas. | E3: Personas que ejercen actividades sexuales pagadas: el intercambio de sexo/afecto por algún bien, sea monetario o de otro tipo, en los contextos de comercialización de las experiencias sexuales en la ciudad. | F3: 2. Comunidad Negra: es el conjunto de familias de ascendencia afrocolombiana que poseen una cultura propia, comparten una historia y tienen sus propias tradiciones y costumbres dentro de la relación campo - poblado, además revelan y conservan conciencia de identidad que las distingue de otros grupos étnicos (2). Tradicionalmente las comunidades negras se ubican en la Cuenca del Pacífico, entre los departamentos de Chocó, Valle del Cauca, Cauca y Nariño. | G3: • Actividad - proceso a corto plazo: La actividad o conjunto de actividades (proceso) obedece a una decisión de la unidad de gestión interesada en fomentar las prácticas artísticas de cualquiera de los pueblos étnicamente diferenciales en cualquiera de las dimensiones, generalmente con la participación de artistas o agentes culturales que se autoidentifican pertenecientes a los grupos étnicos en trabajo colaborativo con otros agentes del sector.
A4: Formación: Comprende las prácticas educativas que oscilan desde lo informal para la sensibilización y acercamiento de aficionados a las prácticas de las artes, hasta los aprendizajes en ámbitos académicos formales de la educación preescolar, básica, media, vocacional, para el trabajo y el desarrollo humano, pregrado y posgrado. Sus contenidos son específicos con relación al subcampo de las artes y responden al diálogo de saberes, la calidad, la cobertura, la pertinencia y la proximidad. Esta dimensión no solo está enfocada a la creación, sino que se extiende a las distintas dimensiones: formación para la investigación, formación para la circulación ygestión y formación en la apropiación. | B4: Actividad de promoción de lectura | C4: Acciones dirigidas a acercar a los ciudadanos a la lectura, la escritura y la oralidad aportando a la construcción de una cultura lectora y la democratización en el acceso al libro impreso y/o digital. | D4: Artículo 66. Enfoque diferencial étnico. En un plazo no mayor a cuatro (4) meses a partir de la expedición del presente Plan de Desarrollo Económico, Social, Ambiental y de Obras Públicas del Distrito Capital 2020-2024 “Un Nuevo Contrato Social y Ambiental para la Bogotá del siglo XXI”, se realizará el proceso de concertación y construcción conjunta con los pueblos y comunidades étnicas asentados en el Distrito, que conduzca a la inclusión de programas, planes y proyectos específicos; metas, indicadores, tiempos, responsables y asignación presupuestal dirigidos a la población étnicamente diferenciada, en cada uno de los sectores de la Administración y en las Localidades, propendiendo por la salvaguarda de sus derechos y garantizando su supervivencia física y cultural. Este proceso de construcción incorporará el enfoque de género, mujer, familia y generación desde las visiones propias de las mujeres de los pueblos y comunidades étnicas. | E4: Personas con discapacidad: Se define como persona con habilidades y capacidades diversas o personas con discapacidad a aquellos individuos que presentan diversidad funcional de tipo Física, Visual, Auditiva, Psicosocial, Cognitiva, Sordoceguera y Múltiple. Dificultad auditiva: Dificultad permanente de las personas en la percepción de los sonidos y la capacidad de establecer su localización, tono, volumen y calidad (Resolución 0583 del 26 de febrero de 2018 del Ministerio de Salud y Protección Social). Dificultad física: Dificultad funcional de la persona para el desarrollo de sus actividades cotidianas; incluye diferentes grados de desempeño funcional para el movimiento corporal y su relación en los diversos entornos al caminar, desplazarse, cambiar o mantener posiciones del cuerpo, llevar, manipular o transportar objetos (Resolución 0583 del 26 de febrero de 2018 del Ministerio de Salud y Protección Social). Dificultad motora: Deficiencia ortopédica severa. El término incluye deficiencias causadas por una anomalía congénita (por ejemplo: el pie equino varo, la ausencia de un miembro, etc.), deficiencias causadas por enfermedad (poliomielitis, tuberculosis de los huesos, etc.), y deficiencias por otras causas (parálisis cerebral, amputaciones, y fracturas o quemaduras que causen contracturas). Dificultad múltiple: Limitaciones simultáneas físicas o discapacidades cognitivas (tales como la ceguera y deficiencia ortopédica, etc.). Dificultad intelectual: Dificultad en las capacidades mentales generales, como el razonamiento, la resolución de problemas, la planificación, el pensamiento abstracto, el juicio y el aprendizaje (Resolución 0583 del 26 de febrero de 2018 del Ministerio de Salud y Protección Social). Dificultad para comunicarse: Dificultad de la persona para iniciar, mantener o finalizar una conversación con los demás, por ejemplo: saludar, presentarse, introducir y mantener un diálogo sobre un tema en particular o la expresión de pensamiento (Resolución 0583 del 26 de febrero de 2018 del Ministerio de Salud y Protección Social). Dificultad para el autocuidado: Dificultad de la persona para realizar las actividades relacionadas con su cuidado personal, el cuidado de su cuerpo y la conservación de su salud; comprende acciones como las de comer, bañarse o vestirse por sí mismo (DANE). Dificultad para relacionarse con los demás: Dificultad en la capacidad o habilidad de la persona para establecer relaciones con otros (desconocidos, amigos, familiares) de manera adecuada; es igualmente la limitación para demostrar aprecio y consideración, o para responder a los sentimientos de otros según el contexto y el entorno social en el cual se vive (DANE). Dificultad para las actividades diarias por problemas cardíacos o respiratorios: Dificultad de la persona generada por problemas cardíacos o respiratorios para desarrollar actividades cotidianas en espacios como el hogar, la escuela o el trabajo: ir de compras, preparar alimentos, realizar quehaceres de la casa (barrer, limpiar, lavar, etc.), cuidar los objetos del hogar, ayudar a los demás miembros del hogar, y todas aquellas acciones necesarias para desarrollar adecuadamente actividades educativas, del trabajo, recreativas o de ocio (DANE). Dificultad visual: Deficiencia de las personas para percibir la luz, forma, tamaño o color de los objetos (Res. 583 de 2018 Ministerio de Salud y Protección Social). | F4: 3. Comunidades Palenquera: hace referencia a la población afrocolombiana descendientes de esclavizados que mediante actos de resistencia y libertad se refugiaron en los territorios de la Costa Norte desde el siglo XV en lo que después se convirtieron en sus asentamientos. Las comunidades palenqueras actuales se ubican y procedente únicamente del Palenque de San Basilio (Municipio de Mahates, departamento de Bolívar), Palenque de San José de Uré (municipio del mismo nombre en el departamento de Córdoba), Jacobo Pérez Escobar (Magdalena) y La Libertad (Sucre) que persisten en la actualidad conservando varios rasgos, entre ellos, una lengua criolla derivada de la mezcla de dialectos provenientes de África Occidental. | G4: Esta actividad o proceso no requiere concertación ni construcción conjunta con las instancias representativas y fomentan la interculturalidad, específicamente a través de eventos y actividades de encuentro intercultural, intercambio de saberes y construcción de conocimiento.
A5: Investigación: Reúne las prácticas con las que se teorizan, documentan, evalúan y analizan las distintas dimensiones del subcampo artístico. Incluye la producción de conocimiento de carácter académico, la producción de textos de crítica y la documentación que pretende estudiar de manera rigurosa los distintos procesos y dimensiones. | B5: Asesoría | C5: Actividades que buscan dan orientación e información sobre alguna cuestión o materia específica. | E5: Personas habitantes de calle: persona que reside permanentemente en la calle, también a la persona que hace de la calle su lugar de habitación de manera transitoria, y e la necesidad de atender a aquellos que se encuentran en alto riesgo habitabilidad en la calle | F5: 4. Pueblos y comunidades indígenas: bajo el término "pueblo" se designa a las colectividades que, si bien en la mayoría de los casos, se reconoce como parte de una nación, no lo hacen a partir de una identidad nacional homogénea - como si lo hacen la población mestiza, la población afrocolombiana y los sectores sociales-, sino de identidades diferenciadas que construyen y reclaman de forma distinta frente su pertenencia nacional. | G5: • Plan Integral de Acciones Afirmativas (PIAA) - mediano plazo: corresponde a las actividades o procesos concertados con las instancias representativas (obligatoriamente), que son ejecutadas como medidas dirigidas a favorecer los pueblo étnicamente diferenciales, ya sea con el fin de eliminar o reducir las desigualdades de tipo cultural que los afectan, o bien lograr que los miembros que subrepresentan a un grupo étnico actual o históricamente discriminado, tengan una mayor representación y visibilización cultural y concretamente en el campo artístico.
A6: Apropiación: Reúne las prácticas de apreciación, valoración, resignificación, uso, intervención y transformación de los productos, procesos y prácticas de las artes, por parte de la población. Esta dimensión es estratégica para generar procesos de acceso, sensibilización, disfrute, práctica aficionada y consumo de las artes | B6: Charla | C6: Disertación pública de carácter informal o poco solemne. | E6: Personas privadas de la libertad: Las personas internadas en un establecimiento penitenciario o en el lugar de residencia o morada del condenado o en el lugar que el juez determine privados de la libertad. La prisión es la pena privativa de la libertad impuesta, mediante sentencia, como sanción por la comisión de un delito y se cumple. | F6: 5. Pueblo Rrom o Gitano: se es Rrom o Gitano por descendencia patrilineal, la cual permite la ubicación de una persona en un determinado grupo de parentesco, configurando fundamentalmente en torno a la autoridad emanada de un hombre de reconocido prestigio y conocimiento, el cual a su vez, a través de diferentes alianzas, se articula a otros grupos de parentesco, en donde todos comparten, entre otros aspectos, la idea de un origen común una tradición nómada, un idioma, un sistema jurídico - la Kriss Rromaní -, unas autoridades, una organización social, el respeto a un complejo sistema de valores y creencias, un especial sentido de la estética que conlleva a un fuerte apego a la libertad individual y colectiva, los cuales definen fronteras étnicas que los distinguen de otros grupos étnicos. | G6: Todo proceso de concertación se hace con las instancias que representan a los pueblos étnicos diferenciales, mediante la mediación de unidad de gestión de Grupos Étnicos del Idartes.
A7: Participación: La participación, dentro del marco del Sistema Distrital de Arte, Cultura y Patrimonio, se describe como el conjunto de prácticas de interlocución, concertación y control social para la formulación y realización de los planes, programas y proyectos artísticos, culturales y del patrimonio. En un contexto más amplio, la participación es un derecho activo de la ciudadanía, es una acción con la cual se interviene de manera individual o colectiva en asuntos públicos, y se reconoce como escenario de encuentro y el lugar donde se evidencian y tramitan los conflictos y tensiones propios del campo, para transformarlos en propuestas colectivas que nos lleven al reconocimiento, la interculturalidad, la alteridad y la materialización de los derechos culturales. | B7: Circuito | C7: El circuito es la articulación de procesos artísticos y culturales comunitarios de distintos territorios, urbanos y rurales, de la ciudad con el fin de visibilizar las iniciativas y experiencias de artistas, colectivos, organizaciones y de la ciudadanía. | E7: Sectores LGBTIQ: personas con orientaciones sexuales e identidades de género relativas a esas palabras, así como las comunidades formadas por ellas. Lesbianas, Gays, Bisexuales,Transgeneristas e Intersexuales y Queer . | F7: 6. Población Raizal: es la población nativa de las islas de San Andrés, Providencia y Santa Catalina descendientes de la unión entre europeos (principalmente ingleses, españoles y holandeses) y esclavos africanos. Se distinguen por su cultura, lengua (creole), creencias religiosas (iglesia bautista) y pasado histórico similar a los pueblos antillanos como Jamaica y Haití. La Constitución Política de 1991, hace referencia a dicha población en el artículo 310, de igual manera la Corte Constitucional en las Sentencias C - 530 de 1993 y C 454 de 1999. Dada su especificidad cultural ha sido sujeto de políticas, planes y programas socioculturales diferenciados de otras comunidades negras del continente colombiano. | G7: • Política pública – Largo plazo: corresponde a un conjunto de actividades o proceso que define una visión de largo plazo y que su incidencia e impacto sobrepasa los periodos de administración de los gobiernos, de tal manera que el proceso se orienta a generar un cambio frente a realidades culturales y sociales relevantes. Este tipo de acciones se planean y desarrollan para generar el logro de objetivos prioritarios, fruto de procesos de concertación con las comunidades e intersectorial en el que participa la administración distrital, la entidad, el sector cultura y el grupo étnico objetivo de esta política.
A8: Fomento: El fomento “consiste en el reconocimiento, valoración, destinación y producción de recursos técnicos, tecnológicos y financieros para el ejercicio de prácticas propias de los campos de Arte, Cultura y Patrimonio”24 y se amplía, para efectos del plan al conjunto de políticas, planes, programas, proyectos, actividades y recursos, orientados de manera corresponsable (actores públicos y privados) a visibilizar, desarrollar y fortalecer las prácticas y el acceso a las artes, las prácticas culturales y el patrimonio cultural. | B8: Círculos ceremoniales o rituales | C8: Acciones de reparación y retribución de los sujetos colectivos étnicos. | E8: Personas víctimas del conflicto armado: Las personas que individual o colectivamente hayan sufrido un daño como consecuencia de violaciones a los derechos humanos, ocurridas a partir del 1° de enero de 1985 en el marco del conflicto armado, (homicidio, desaparición forzada, desplazamiento, violaciones sexuales y otros delitos contra la integridad sexual, secuestro, despojo de tierras, minas antipersona y otros métodos de guerra ilícitos, ataques contra la población civil) | G8: • Pueblo étnicamente diferencial con el que se relaciona la actividad o proceso: identifique uno de los tres pueblos o seis grupos poblacionales comunitarios étnicos que ejecutan y son beneficiarios directos del desarrollo de la actividad o proceso reportado. Generalmente se determina porque es producto de la concertación con su instancia representativa o porque los agentes artísticos o culturales étnicos que lo encabezan pertenecen mayoritariamente a uno de los pueblos étnicos o grupo poblacional comunitario étnico específico..
A9: Divulgación científica | B9: Concierto | C9: Interpretación en público de composiciones musicales. | E9: Personas Migrantes, refugiados y retornados: Es una persona que decidió salir de un Estado o país con el propósito de asentarse en otro. Los motivos pueden ser muchos: la búsqueda de mejores condiciones de vida, por una oferta de trabajo, para estudiar, para reencontrarse con la familia, o simplemente, por el afán de la aventura de descubrir un lugar nuevo. También una persona puede verse o sentirse obligada a salir de su país por poseer temor, porque su seguridad o su libertad se vieron en peligro, por ser víctima de la violencia generalizada o de un conflicto armado o frente a un desastre o catástrofe climática (terremotos, huracanes, contaminación ambiental); en este caso, se suele hablar de migración forzada. | G9: • Identidad étnico cultural específica: esta categoría se activa cuando se selecciona que la actividad o proceso se relaciona con la elección de pueblos étnicamente diferenciales como “Pueblos y / o Comunidad Indígena” o “Pueblo Rrom – Gitano”, teniéndose que identificar el grupo étnico indígena al que pertenece la actividad, o la forma organizativa gitana que representa.
B10: Conferencia | C10: Exposición oral en público sobre un tema determinado. Incluye clase magistral. | E10: Personas víctimas de trata: Personas víctimas de trata de personas por distintos fines de trata, entre las que se encuentran la explotación sexual, los trabajos o servicios forzados, el matrimonio servil, la servidumbre doméstica, la mendicidad ajena, el tráfico de órganos. Un delito que afecta a niñas, niños, adolescentes, mujeres y hombres. | G10: • Perspectiva de Género, Mujer, Familia y Generación de la actividad o proceso: precisa si en la definición de esta concertación se transversaliza esta mirada o enfoque prevaleciendo las visiones propias de las mujeres de los pueblos y comunidades étnicas (no el enfoque de género tradicional), los saberes ancestrales de los pueblos desde el derecho de origen, derecho propio, derecho mayor, gobiernos propios, la mirada particular que tienen las comunidades étnicas en relación con la mujer, la familia, el género y las generaciones y la promoción de principios culturales asociados con la armonía, equilibrio, equidad, dualidad, complementariedad y territorio.
B11: Consultas en centro de documentación | C11: Buscar documentación o datos sobre algún asunto o materia en los centros de documentación del Idartes. | E11: Familias En Emergencia Social Y Catastrófica: grupo de personas unidas por el parentesco. Esta unión se puede conformar por vínculos consanguíneos o por un vínculo constituido y reconocido socialmente, como es el matrimonio, unión libre, etre otros | G11: • Vocación poblacional del publico asistente a la actividad o proceso: corresponde a los segmentos poblacionales, etáreos, sociales o ciudadanía en general a la que se dirige el desarrollo de la actividad o proceso. Su definición es meramente informativa para el proceso de seguimiento de la política pública étnica y simplemente se determina mediante ejercicio de planificación, cuantificándose mediante conteo logístico, observaciones de campo de producción o número de visualizaciones.
B12: Conversatorio o coloquio | C12: Reunión de un número reducido de personas versadas en determinada materia o convocadas para debatir un tema determinado. | E12: Familias Ubicadas En Zonas De Deterioro Urbano: grupo de personas unidas por el parentesco. Esta unión se puede conformar por vínculos consanguíneos o por un vínculo constituido y reconocido socialmente, como es el matrimonio, unión libre, etre otros.
B13: Descarga de publicación digital | C13: Se refiere a la transferencia de archivos (texto, imagen, sonoro o audiovisual) a una computadora u otro dispositivo para su posterior visualización. | E13: Familias En Situación De Vulnerabilidad: grupo de personas unidas por el parentesco. Esta unión se puede conformar por vínculos consanguíneos o por un vínculo constituido y reconocido socialmente, como es el matrimonio, unión libre, etre otros.
B14: Edición de partituras | C14: Proceso de creación de partituras mediante un software de notación musical. | E14: Personas En Situación De Desplazamiento Población víctima del desplazamiento forzado colectivo, o por violaciones graves a los derechos humanos por amenazas o hechos de violencia que causaron el despojo o abandono de sus tierras, o en aquellos inmuebles propios. Las víctimas de despojo, incluyen a su cónyuge, compañero o compañera permanente, los familiares o mayores de edad con quienes convivía
B15: Ensayos | C15: Actividad para preparar la ejecución de una obra teatral, musical o dancística antes de ofrecerla al público. | E15: Personas Consumidoras De Sustancias Psicoactivas: Personas con trastornos por uso de sustancias psicoactivas. Toda sustancia que introducida en el organismo por cualquier vía de administración (ingerida, fumada, inhalada, inyectada, entre otras) produce una alteración del funcionamiento del sistema nervioso central del individuo, la cual modifica la conciencia, el estado de ánimo o los procesos de pensamiento. Su consumo puede crear consumo problemático o dependencia. Se deben ofrecer programas de prevención del consumo de sustancias psicoactivas basados en evidencia
B16: Espacio de participación | C16: Sesiones ordinarias o extraordinarias y asambleas de los consejos del Sistema de Arte, Cultura y Patrimonio, así como mesas y reuniones con agentes del sector artístico y cultural. Se realizan por iniciativa ciudadana o institucional.
B17: Exposición | C17: Presentación pública de obras u objetos artísticos en un espacio durante un determinado tiempo.
B18: Feria o corredor artístico | C18: Espacio, de carácter temporal, que reúne artistas, agrupaciones u organizaciones (con o sin ánimo de luccro) para exponer y comercializar sus manifestaciones artísticas, y compartir experiencias en torno a las artes. Incluye las ferias de artes plásticas, corredores artísticos o ferias locales de artes.
B19: Filmaciones | C19: Actividad para registrar o grabar imágenes (de alguien o algo) en una película cinematográfica o material audiovisual.
B20: Inauguración | C20: Evento que celebra públicamente el estreno de una actividad artística.
B21: Intervención artística | C21: Expresión de carácter temporal en espacios públicos que buscan una transformación estética e impacto social. Incluye murales, grafitis, instalaciones, objetos artísticos temporales, performance o happening, mapping, proyección en fachadas, intervenciones en fachadas, elementos arquitectónicos, mobiliario urbano, señalizaciones o elementos urbanos, intervención sonora con amplificación de audio o con drones.
B22: Jornada de promoción y divulgación | C22: Actividad informativa destinada a dar a conocer o socializar una actividad, convocatoria, evento o producto artístico.
B23: Laboratorio | C23: Espacio de intercambio de conocimiento que fomenta en los participantes procesos exploratorios de creación e investigación. Se propicia el diálogo crítico entre pares, el trabajo colectivo y colaborativo y el trabajo interdisciplinar y transdisciplinar. Su metodología flexible, abierta y horizontal de trabajo, basado en la coparticipación, distingue el laboratorio del taller.
B24: Lanzamiento | C24: Actividad para impulsar la difusión de un producto artístico.
B25: Lectura dramática | C25: Modalidad de la lectura oral en la que el lector debe representar a los personajes por medio de la voz.
B26: Lectura y escritura en lengua nativa | C26: Interpretación, transcripción y lectura del texto transcrito por hablantes de lengua nativa.
B27: Muestras | C27: Presentación pública de los resultados obtenidos en laboratorios, talleres, clases o cursos.
... B54: Producción de contenido de audio y video | C54: Material artístico y/o pedagógico que se elabora y registra en audio, en video o en ambos (audiovisual).

Sheet LISTAS
A1: METAS PROYECTO XXXXX
A2: Meta 1
A3: Meta 2
A4: Meta 3
A5: Meta 4
A6: Meta 5
A7: Meta 6
A8: Meta 7
A9: Meta 8
A10: Meta 9

Sheet Hoja2
A1: Modalidad | B1: Actividad compartida | C1: Dimensión/proceso | D1: Tipologia Actividad | E1: Enfoque poblacional diferencial | F1: Espacio público | G1: Impacto Territorial | H1: Origen iniciativa | I1: Modalidad uso equipamiento | J1: Evento gratuito o Pago | L1: Pueblo étnicamente diferencial con el que se relaciona la acción | M1: Si selecciona Pueblo y/o Comunidad indìgena | N1: SI selecciona Pueblo Rrom - Gitano | P1: POLITICA PUBLICA - LARGO PLAZO | Q1: Vocación poblacional del público asistente
A2: MIXTA | B2: Si | C2: APROPIACIÓN | D2: Acompañamiento de enfoques diferenciales /territoriales | E2: Primera Infancia entre 0 y 5 años | F2: SI | G2: Local | H2: IDARTES | I2: PRÉSTAMO GRATUITO | J2: GRATUITO | L2: Pueblo Rrom – Gitano | M2: Achagua | N2: Bolochoc | O2: Unión Rromaní | P2: Plan integral a pueblo Embera
A3: VIRTUAL | B3: No | C3: CIRCULACIÓN | D3: Actividad conmemorativa o en homenaje | E3: Infancia y 6-12 años | F3: NO | G3: Metropolitano | H3: SECTOR ARTÍSTICO | I3: PROPIO | J3: PAGO | L3: Pueblo y/o comunidad indígena | M3: Ambaló o Ambalueño | N3: Bimbay o Binbay | O3: Prorrom | P3: Plan de vida Cabildo Muisca de Bosa | Q3: Mujer y equidad de género
A4: PRESENCIAL | C4: CREACIÓN | D4: Actividad de promoción de lectura | E4: Adolescencia 13-17 años | H4: PRIVADO | I4: CONVENIO | L4: Comunidades negras | M4: Amorúa | N4: Mijháis | O4: No aplica | P4: No aplica | Q4: Grupo de edad - Primera Infancia I (0-2 años)
C5: DIVULGACIÓN CIENTÍFICA | D5: Actividades de creación | E5: Juventud 18-28 años | H5: INTERSECTORIAL | I5: ARRENDAMIENTO | L5: Población afrodescendiente | M5: Ambika Pijao | N5: Ghojo | Q5: Grupo de edad - Primera Infancia II (3-5 años)
C6: FOMENTO | D6: Asesoría | E6: Personas Adultas 29-59 años | H6: CONCERTADO | I6: COPRODUCCIÓN | L6: Comunidades palenqueras | M6: Andoque o Andoke | N6: Boyhás | Q6: Grupo de edad - Infancia (6-12 años)
C7: FORMACIÓN | D7: Atención al ciudadano | E7: Personas Mayores 60 años en adelante | I7: CONTRATO APOYO A LA GESTIÓN | L7: Pueblo raizal | M7: Arhuaco o Ikju | N7: Jhánes | Q7: Grupo de edad - Adolescencia (13 - 17 años)
C8: INVESTIGACIÓN | D8: Charla | E8: Comunidades Campesinas y Rurales | I8: PÚBLICO | L8: Sin enfoque étnicamente diferencial | M8: Arzario o Arsario | N8: Charón | Q8: Grupo de edad - Jóvenes (18 - 26 años)
C9: PARTICIPACIÓN | D9: Circuito | E9: Personas que ejercen actividades sexuales pagadas | I9: GESTIONADO | M9: Awa, Kuaiker o Kwaiquer | N9: Lovary | Q9: Grupo de edad - Adulto (27-59 años)
D10: Círculos ceremoniales o rituales | E10: Personas habitantes de calle | I10: COMODATO | M10: Bará o Waibaha | N10: Boboicón | Q10: Grupo de edad - Persona adulta Mayor (60 años en adelante)
D11: Club | E11: Personas con discapacidad | I11: GRATUITO | M11: Barasano, Barasana o Hadera / Riatuda | N11: Charaparo | Q11: Personas con habilidades y capacidades diversas - Personas en condición de discapacidad física
D12: Concierto | E12: Personas privadas de la libertad | I12: PAGO | M12: Barí o Motilón | N12: Cháiko | Q12: Personas con habilidades y capacidades diversas - Personas en condición de discapacidad sensorial
D13: Conferencia | E13: Profesionales del Sector | I13: ALQUILER | M13: Betoye | N13: Rhuso | Q13: Personas con habilidades y capacidades diversas - Personas en condición de discapacidad intelectual
D14: Consultas en centro de documentación | E14: Sectores LGBTIQ | I14: PRIVADO | M14: Bora | N14: Otra | Q14: Personas con habilidades y capacidades diversas - Personas en condición de discapacidad mental o psicosocial
D15: Conversatorio | E15: Personas víctimas del conflicto armado | I15: N.A | M15: Cañamomo | Q15: Personas con habilidades y capacidades diversas - Personas en condición de discapacidad múltiple
D16: Descarga de publicación digital | E16: Población migrante | M16: Carabayo o Karabayo | Q16: Sector LGBTI - Lesbiana
D17: Edición de partituras | M17: Carapana | Q17: Sector LGBTI - Gay
D18: Elaboración de material pedagógico | E18: Personas víctimas de trata | M18: Carijona o Karijona | Q18: Sector LGBTI - Bisexual
D19: Encuentro | E19: Familias En Emergencia Social Y Catastrófica | M19: Chimila | Q19: Sector LGBTI - Queer
D20: Encuentros pedagógicos | E20: Familias Ubicadas En Zonas De Deterioro Urbano | M20: Chiricoa | Q20: Sector LGBTI - Transgenerista (transexual)
D21: Ensayos | E21: Familias En Situación De Vulnerabilidad | M21: Chitarero | Q21: Sector LGBTI - Transgenerista (intersexual)
D22: Espacio de participación | E22: Personas En Situación De Desplazamiento | M22: Cocama o Kokama | Q22: Comunidades rurales - Comunidad / población rural o campesina
D23: Evento | E23: Personas Consumidoras De Sustancias Psicoactivas | M23: Coconuco o Kokonuko | Q23: Persona en situación de desplazamiento o víctimas del conflicto armado
D24: Experiencia inmersiva o no convencional | E24: Sin enfoque poblacional | M24: Coreguaje, Koreguaje o Korebajú | Q24: Poblaciòn migrante
D25: Experiencias artísticas | M25: Coyaima | Q25: Personas en situación de calle, habitantes de calle
D26: Exposición | M26: Cubeo o Kubeo | Q26: Persona privada de la libertad
D27: Feria | M27: Cuiba, Kuiba o Cuiva | Q27: Personas en actividades sexuales pagas
D28: Filmaciones | M28: Curripaco o Kurripaco | Q28: Artesanas y artesanos
D29: Foro | M29: Desano | Q29: Personas desmovilizadas
D30: Inauguración | M30: Dujos | Q30: Profesionales del sector
D31: Intercambios artísticos o pedagógicos | M31: Embera Chamí | Q31: Ciudadanías emergentes
D32: Intervención artística | M32: Embera Dóbida | Q32: Personas víctimas de trata
D33: Jornada de promoción y divulgación | M33: Embera Eyabida | Q33: No aplica
D34: Laboratorio | M34: Embera Katío
D35: Lanzamiento | M35: Eperara o Eperara Siapidara
D36: Lectura dramática | M36: Ett E`neka
D37: Lectura y escritura en lengua nativa | M37: Guamno
D38: Muestras | M38: Guanaca
D39: Observación astronómica | M39: Guane
D40: Participación en eventos artísticos o pedagógicos externos | M40: Guna Dule, Cuna, Kuna o Tule
D41: Presentación artística | M41: Hitnu
D42: Proceso de formación | M42: Hupdë, Hupdah, Hupdu o Judpa
D43: Producción de contenido de audio y video | M43: Inga
D44: Producción de contenidos digitales | M44: Itana
D45: Producción editorial | M45: Jiw o Guayabero
... D57: Visita comentada | M57: Makaguan, Makaguane o Macahuan
M58: Makú Jupda
M59: Makú Kakua
M60: Makú Yohop
M61: Makuna o Ide Masa
M62: Mapayerri
M63: Masiguare, Maibén Masiware o Podipodi
M64: Matapí
M65: Miraña
M66: Misak o Guambiano
M67: Mokaná
M68: Muinane
M69: Muisca o Mhuysqa
... M124: No aplica

Sheet upz
A1: LOCALIDAD Nº 01 DE USAQUEN | B1: LOCALIDAD Nº 02 DE CHAPINERO | C1: LOCALIDAD Nº 03 DE SANTA FE | D1: LOCALIDAD Nº 04 DE SAN CRISTOBAL | E1: LOCALIDAD Nº 05 DE USME | F1: LOCALIDAD Nº 06 DE TUNJUELITO | G1: LOCALIDAD Nº 07 DE BOSA | H1: LOCALIDAD Nº 08 DE KENNEDY | I1: LOCALIDAD Nº 09 DE FONTIBON | J1: LOCALIDAD Nº 10 DE ENGATIVA | K1: LOCALIDAD Nº 11 DE SUBA | L1: LOCALIDAD Nº 12 DE BARRIOS UNIDOS | M1: LOCALIDAD Nº 13 DE TEUSAQUILLO | N1: LOCALIDAD Nº 14 DE MARTIRES | O1: LOCALIDAD Nº 15 DE ANTONIO NARIÑO | P1: LOCALIDAD Nº 16 DE PUENTE ARANDA | Q1: LOCALIDAD Nº 17 DE LA CANDELARIA | R1: LOCALIDAD Nº 18 DE RAFAEL URIBE | S1: LOCALIDAD Nº 19 DE CIUDAD BOLIVAR | T1: LOCALIDAD Nº 20 SUMAPAZ | U1: 66. Entidad | V1: 77. Distrital | W1: Región (indicar municipio en casilla 20. Barrio) | X1: Nación (indicar departamento o ciudad en casilla 20. Barrio) | Y1: Internacional (indicar país en casilla 20. Barrio) | Z1: N/A
A2: 1 PASEO DE LOS LIBERTADORES | B2: 88 EL REFUGIO | C2: 91 SAGRADO CORAZON | D2: 32 SAN BLAS | E2: 52 LA FLORA | F2: 42 VENECIA | G2: 49 APOGEO | H2: 113 BAVARIA | I2: 110 CIUDAD SALITRE OCCIDENTE | J2: 105 JARDIN BOTANICO | K2: 17 SAN JOSE DE BAVARIA | L2: 103 PARQUE SALITRE | M2: 100 GALERIAS | N2: 102 LA SABANA | O2: 35 CIUDAD JARDIN | P2: 108 ZONA INDUSTRIAL | Q2: 94 CANDELARIA | R2: 36 SAN JOSE | S2: 63 EL MOCHUELO | T2: SUMAPAZ | U2: Entidad | V2: Distrital | W2: N/A | X2: N/A | Y2: N/A | Z2: N/A
A3: 10 LA URIBE | B3: 89 SAN ISIDRO PATIOS | C3: 92 LA MACARENA | D3: 33 SOCIEGO | E3: 56 DANUBIO | F3: 62 TUNJUELITO | G3: 84 BOSA OCCIDENTAL | H3: 44 AMERICAS | I3: 112 GRANJAS DE TECHO | J3: 116 ALAMOS | K3: 18 BRITALIA | L3: 21 LOS ANDES | M3: 101 TEUSAQUILLO | N3: 37 SANTA ISABEL | O3: 38 RESTREPO | P3: 111 PUENTE ARANDA | R3: 39 QUIROGA | S3: 64 MONTEBLANCO
A4: 11 SAN CRISTOBAL NORTE | B4: 90 PARDO RUBIO | C4: 93 LAS NIEVES | D4: 34 20 DE JULIO | E4: 57 GRAN YOMASA | G4: 85 BOSA CENTRAL | H4: 45 CARVAJAL | I4: 114 MODELIA | J4: 26 LAS FERIAS | K4: 19 EL PRADO | L4: 22 DOCE DE OCTUBRE | M4: 104 PARQUE SIMON BOLIVAR-CAN | P4: 40 CIUDAD MONTES | R4: 53 MARCO FIDEL SUAREZ | S4: 65 ARBORIZADORA
A5: 12 TOBERIN | B5: 97 CHICO LAGO | C5: 94 LAS CRUCES | D5: 50 LA GLORIA | E5: 58 COMUNEROS | G5: 86 EL PORVENIR | H5: 46 CASTILLA | I5: 115 CAPELLANIA | J5: 29 MINUTO DE DIOS | K5: 2 LA ACADEMIA | L5: 98 LOS ALCAZARES | M5: 106 LA ESMERALDA | P5: 41 MUZU | R5: 54 MARRUECOS | S5: 66 SAN FRANCISCO
A6: 13 LOS CEDROS | B6: 99 CHAPINERO | C6: 96 LOURDES | D6: 51 LOS LIBERTADORES | E6: 59 ALFONSO LOPEZ | G6: 87 TINTAL SUR | H6: 47 KENNEDY CENTRAL | I6: 117 AEROPUERTO EL DORADO | J6: 30 BOYACA REAL | K6: 20 LA ALHAMBRA | M6: 107 QUINTA PAREDES | P6: 43 SAN RAFAEL | R6: 55 DIANA TURBAY | S6: 67 LUCERO
A7: 14 USAQUEN | E7: 60 PARQUE ENTRENUBES | H7: 48 TIMIZA | I7: 75 FONTIBON | J7: 31 SANTA CECILIA | K7: 23 CASA BLANCA SUBA | M7: 109 CIUDAD SALITRE ORIENTAL | S7: 68 EL TESORO
A8: 15 COUNTRY CLUB | E8: 61 CIUDAD DE USME | H8: 78 TINTAL NORTE | I8: 76 FONTIBON SAN PABLO | J8: 72 BOLIVIA | K8: 24 NIZA | S8: 69 ISMAEL PERDOMO
A9: 16 SANTA BARBARA | H9: 79 CALANDAIMA | I9: 77 ZONA FRANCA | J9: 73 GARCES NAVAS | K9: 25 LA FLORESTA | S9: 70 JERUSALEN
A10: 9 VERBENAL | H10: 80 CORABASTOS | J10: 74 ENGATIVA | K10: 27 SUBA
H11: 81 GRAN BRITALIA | K11: 28 EL RINCON
H12: 82 PATIO BONITO | K12: 3 GUAYMARAL
H13: 83 LAS MARGARITAS | K13: 71 TIBABUYES
A15: 1. Usaquén | B15: Usaquén
A16: 2. Chapinero | B16: Chapinero
A17: 3. Santa Fe | B17: SantaFe
A18: 4. San Cristobal | B18: SanCristobal
A19: 5. Usme | B19: Usme
A20: 6. Tunjuelito | B20: Tunjuelito
A21: 7. Bosa | B21: Bosa
A22: 8. Kennedy | B22: Kennedy
A23: 9. Fontibón | B23: Fontibón
A24: 10. Engativá | B24: Engativá
A25: 11. Suba | B25: Suba
A26: 12. Barrios Unidos | B26: BarriosUnidos
... A40: N_A | B40: N_A
A42: =VLOOKUP('POBLACIONAL BASE 2025'!AD8,$A$15:$B$40,2,FALSE) -> #N/A
A43: =VLOOKUP(#REF!,$A$15:$B$40,2,FALSE) -> #REF!
A44: =VLOOKUP(#REF!,$A$15:$B$40,2,FALSE) -> #REF!
A45: =VLOOKUP('POBLACIONAL BASE 2025'!AD10,$A$15:$B$40,2,FALSE) -> Kennedy
A46: =VLOOKUP('POBLACIONAL BASE 2025'!AD11,$A$15:$B$40,2,FALSE) -> Kennedy
A47: =VLOOKUP('POBLACIONAL BASE 2025'!AD12,$A$15:$B$40,2,FALSE) -> Kennedy
A48: =VLOOKUP('POBLACIONAL BASE 2025'!AD13,$A$15:$B$40,2,FALSE) -> Kennedy
A49: =VLOOKUP('POBLACIONAL BASE 2025'!AD14,$A$15:$B$40,2,FALSE) -> Kennedy
A50: =VLOOKUP('POBLACIONAL BASE 2025'!AD15,$A$15:$B$40,2,FALSE) -> Kennedy
A51: =VLOOKUP('POBLACIONAL BASE 2025'!AD16,$A$15:$B$40,2,FALSE) -> Kennedy
A52: =VLOOKUP('POBLACIONAL BASE 2025'!AD17,$A$15:$B$40,2,FALSE) -> Kennedy
A53: =VLOOKUP('POBLACIONAL BASE 2025'!AD18,$A$15:$B$40,2,FALSE) -> Kennedy
A54: =VLOOKUP('POBLACIONAL BASE 2025'!AD19,$A$15:$B$40,2,FALSE) -> Kennedy
A55: =VLOOKUP('POBLACIONAL BASE 2025'!AD20,$A$15:$B$40,2,FALSE) -> Kennedy
A56: =VLOOKUP('POBLACIONAL BASE 2025'!AD21,$A$15:$B$40,2,FALSE) -> Kennedy
... A58: =VLOOKUP('POBLACIONAL BASE 2025'!AD23,$A$15:$B$40,2,FALSE) -> Kennedy
A59: =VLOOKUP(#REF!,$A$15:$B$40,2,FALSE) -> #REF!
A60: =VLOOKUP(#REF!,$A$15:$B$40,2,FALSE) -> #REF!
A61: =VLOOKUP('POBLACIONAL BASE 2025'!AD24,$A$15:$B$40,2,FALSE) -> Kennedy
A62: =VLOOKUP('POBLACIONAL BASE 2025'!AD25,$A$15:$B$40,2,FALSE) -> Kennedy
A63: =VLOOKUP('POBLACIONAL BASE 2025'!AD26,$A$15:$B$40,2,FALSE) -> Kennedy
A64: =VLOOKUP('POBLACIONAL BASE 2025'!AD27,$A$15:$B$40,2,FALSE) -> Kennedy
A65: =VLOOKUP('POBLACIONAL BASE 2025'!AD28,$A$15:$B$40,2,FALSE) -> Kennedy
A66: =VLOOKUP('POBLACIONAL BASE 2025'!AD29,$A$15:$B$40,2,FALSE) -> Kennedy
A67: =VLOOKUP('POBLACIONAL BASE 2025'!AD30,$A$15:$B$40,2,FALSE) -> Kennedy
A68: =VLOOKUP('POBLACIONAL BASE 2025'!AD31,$A$15:$B$40,2,FALSE) -> Kennedy
A69: =VLOOKUP('POBLACIONAL BASE 2025'!AD32,$A$15:$B$40,2,FALSE) -> #N/A
A70: =VLOOKUP('POBLACIONAL BASE 2025'!AD33,$A$15:$B$40,2,FALSE) -> #N/A
A71: =VLOOKUP('POBLACIONAL BASE 2025'!AD34,$A$15:$B$40,2,FALSE) -> #N/A
A72: =VLOOKUP('POBLACIONAL BASE 2025'!AD35,$A$15:$B$40,2,FALSE) -> #N/A
... A333: =VLOOKUP('POBLACIONAL BASE 2025'!AD296,$A$15:$B$40,2,FALSE) -> #N/A
A334: =VLOOKUP(#REF!,$A$15:$B$40,2,FALSE) -> #REF!
A335: =VLOOKUP(#REF!,$A$15:$B$40,2,FALSE) -> #REF!
A336: =VLOOKUP(#REF!,$A$15:$B$40,2,FALSE) -> #REF!
A337: =VLOOKUP(#REF!,$A$15:$B$40,2,FALSE) -> #REF!
A338: =VLOOKUP(#REF!,$A$15:$B$40,2,FALSE) -> #REF!
A339: =VLOOKUP(#REF!,$A$15:$B$40,2,FALSE) -> #REF!
A340: =VLOOKUP(#REF!,$A$15:$B$40,2,FALSE) -> #REF!
A341: =VLOOKUP(#REF!,$A$15:$B$40,2,FALSE) -> #REF!
A342: =VLOOKUP(#REF!,$A$15:$B$40,2,FALSE) -> #REF!
A343: =VLOOKUP(#REF!,$A$15:$B$40,2,FALSE) -> #REF!
A344: =VLOOKUP(#REF!,$A$15:$B$40,2,FALSE) -> #REF!
A345: =VLOOKUP(#REF!,$A$15:$B$40,2,FALSE) -> #REF!
... A1034: =VLOOKUP(#REF!,$A$15:$B$40,2,FALSE) -> #REF!
A1035: =VLOOKUP('POBLACIONAL BASE 2025'!AD297,$A$15:$B$40,2,FALSE) -> #N/A
A1036: =VLOOKUP('POBLACIONAL BASE 2025'!AD298,$A$15:$B$40,2,FALSE) -> #N/A
A1037: =VLOOKUP('POBLACIONAL BASE 2025'!AD299,$A$15:$B$40,2,FALSE) -> #N/A
A1038: =VLOOKUP('POBLACIONAL BASE 2025'!AD300,$A$15:$B$40,2,FALSE) -> #N/A
A1039: =VLOOKUP('POBLACIONAL BASE 2025'!AD301,$A$15:$B$40,2,FALSE) -> #N/A
A1040: =VLOOKUP('POBLACIONAL BASE 2025'!AD302,$A$15:$B$40,2,FALSE) -> #N/A
A1041: =VLOOKUP('POBLACIONAL BASE 2025'!AD303,$A$15:$B$40,2,FALSE) -> #N/A
A1042: =VLOOKUP('POBLACIONAL BASE 2025'!AD304,$A$15:$B$40,2,FALSE) -> #N/A
A1043: =VLOOKUP('POBLACIONAL BASE 2025'!AD305,$A$15:$B$40,2,FALSE) -> #N/A
A1044: =VLOOKUP('POBLACIONAL BASE 2025'!AD306,$A$15:$B$40,2,FALSE) -> #N/A
A1045: =VLOOKUP('POBLACIONAL BASE 2025'!AD307,$A$15:$B$40,2,FALSE) -> #N/A
A1046: =VLOOKUP('POBLACIONAL BASE 2025'!AD308,$A$15:$B$40,2,FALSE) -> #N/A
... A3268: =VLOOKUP('POBLACIONAL BASE 2025'!AD2530,$A$15:$B$40,2,FALSE) -> #N/A
